Workbook

Sheet 01. Inicio
H9: MODELO FINANCEIRO - ANEXO NP4
H10: NOTAS INTRODUTÓRIAS
H12: I.
H13: Este modelo foi desenvolvido com o objectivo de apoiar a resolução do Caso "Apia Infra I: Competir no Mercado de Fundraising" - Miguel Raposo Alves - ISCTE Business Scholl 2011.
H15: II.
H16: O modelo financeiro deve ser manipulado pelos utilizadores através da alteração das células sombreadas a azul, não sendo necessário qualquer procedimento de modelização adicional.
H18: III.
H19: As opções seleccionadas pelos utilizadores devem estar harmonizadas com os termos e condições propostos na Ficha Técnica 2011.
H20: Não obstante, algumas derivações nos termos e condições a propor na Ficha Técnica 2011 poderão não ser enquadráveis no presente modelo financeiro, que tem por objectivo uma aproximação
H21: sumária e indicativa a um estudo de viabilidade para o Apia Infra I. Nesses casos deverá o utilizador efectuar referência na resolução escrita de tal limitação do modelo financeiro, indicando a opção
H22: que nos termos e condições da Ficha Técnica 2011 não foi contemplada no modelo financeiro. Alguns exemplo são:
H24: (1) o modelo financeiro não admite o endividamento do fundo;
... H53: o modelo um montante de investimento superior à referência "montante ref ano 0".

Sheet 02. Controlo
A1: MODELO FINANCEIRO
A2: CONTROLO
Q5: (Montantes em EUR mil, excepto quando indicado o contrário)
B7: PRESSUPOSTOS GERAIS | F7: PRINCIPAIS INDICADORES
B8: Dimensão fundo | C8: 1000000 | F8: =+'04-Aux. Calculos'!B777 -> TIR | N8: BUILD UP DA TIR LÍQUIDA
F9: =+'04-Aux. Calculos'!B778 -> Bruta (apenas actividades de investimento) | L9: =+'04-Aux. Calculos'!C778 -> 0.1650878
B10: Vida do fundo (em anos) | C10: 10 | F10: =+'04-Aux. Calculos'!B779 -> Líquida (investimento + despesas antes carried) | L10: =+'04-Aux. Calculos'!C779 -> 0.11744458
B11: Período de investimento (em anos) | C11: 5 | F11: =+'04-Aux. Calculos'!B780 -> Final (investimento + despesas incluindo carried) | L11: =+'04-Aux. Calculos'!C780 -> 0.096381605
B12: Período de desinvestimento (em anos) | C12: 4
F13: RESUMO CUSTOS (TOTAL PERÍODO VIDA DO FUNDO)
B14: Período de desembolso de fundos por investidores | C14: 5 | F14: =+'03. Projecções CF'!B42 -> Despesas constituição | L14: =-SUM('03. Projecções CF'!D42:R42) -> 1025
F15: =+'03. Projecções CF'!B43 -> Despesas de investimento | L15: =-SUM('03. Projecções CF'!D43:R43) -> 11935.718
B16: Inflação | C16: 0.025 | F16: =+'03. Projecções CF'!B44 -> Despesas de gestão | L16: =-SUM('03. Projecções CF'!D44:R44) -> 40310.558
F17: =+'03. Projecções CF'!B45 -> Despesas de desinvestimento | L17: =-SUM('03. Projecções CF'!D45:R45) -> 18811.872
B18: Despesas de constituição | F18: =+'03. Projecções CF'!B46 -> Comissão de gestão | L18: =-SUM('03. Projecções CF'!D46:R46) -> 250000
B19: Montante | C19: 1000 | F19: Carried interest | L19: =-SUM('03. Projecções CF'!D56:R56,'03. Projecções CF'!D58:R58) -> 239643.06
B20: % imputado ao fundo | C20: 1
F21: CASH FLOW PROJECTOS | M21: VALOR CARTEIRA POR TIPO PROJECTO (CLASSIF. MOMENTO INVEST.)
B22: Despesas de investimento
B23: Oportunidade concretizada - taxa sobre valor investimento | C23: 0.01
B24: Aborting costs - taxa sobre oportunidades concretizadas | C24: 0.3
B25: % aborting costs imputados ao fundo | C25: 1
B27: Despesas de gestão
B28: Fixas | C28: 1000
B29: Variáveis (participada/ano) | C29: 300
B31: Despesas de desinvestimento / oportunidade | C31: 0.01
B33: Comissão de Gestão
B34: Incidência em período investimento | C34: 1 | F34: CASH FLOW DE INVESTIDORES & CARRIED INTEREST | M34: CASH YIELD DE INVESTIDORES (SOBRE VALOR TOTAL INVESTIMENTO)
B35: Taxa em período investimento | C35: 0.025
B36: Incidência em período pós-investimento | C36: 1
B37: Taxa em período pós-investimento | C37: 0.025
B39: Carried Interest
B40: Hurdle rate | C40: 0.08
B41: Proporção investidores | C41: 0.8
B42: Catch up | C42: 1
B48: PRESSUPOSTOS DE INVESTIMENTO
G49: Momento Investimento (só pode ocorrer até final período investimento)
C50: Tipo | D50: Maturidade | F50: Montante | G50: 1 | H50: =+G50+1 -> 2 | I50: =+H50+1 -> 3 | J50: =+I50+1 -> 4 | K50: =+J50+1 -> 5 | L50: =+K50+1 -> 6 | M50: =+L50+1 -> 7 | N50: =+M50+1 -> 8 | O50: =+N50+1 -> 9 | P50: =+O50+1 -> 10
D51: Ano | E51: Tipo | F51: Ref Ano 0 | R51: Check - investimento
B52: 1 | C52: 1 | D52: 4 | E52: =+IF(D52<=3,"G",IF(D52>=9,"B","EB")) -> EB | F52: 50000 | H52: 1 | R52: =+IF(SUM(G52:P52)>1,"ERRO","OK") -> OK
B53: =+B52+1 -> 2 | C53: 1 | D53: 2 | E53: =+IF(D53<=3,"G",IF(D53>=9,"B","EB")) -> G | F53: 60000 | H53: 1 | R53: =+IF(SUM(G53:P53)>1,"ERRO","OK") -> OK
B54: =+B53+1 -> 3 | C54: 2 | D54: 1 | E54: =+IF(D54<=3,"G",IF(D54>=9,"B","EB")) -> G | F54: 35000 | I54: 1 | R54: =+IF(SUM(G54:P54)>1,"ERRO","OK") -> OK
B55: =+B54+1 -> 4 | C55: 3 | D55: 5 | E55: =+IF(D55<=3,"G",IF(D55>=9,"B","EB")) -> EB | F55: 30000 | G55: 1 | R55: =+IF(SUM(G55:P55)>1,"ERRO","OK") -> OK
B56: =+B55+1 -> 5 | C56: 4 | D56: 2 | E56: =+IF(D56<=3,"G",IF(D56>=9,"B","EB")) -> G | F56: 50000 | I56: 1 | R56: =+IF(SUM(G56:P56)>1,"ERRO","OK") -> OK
B57: =+B56+1 -> 6 | C57: 2 | D57: 1 | E57: =+IF(D57<=3,"G",IF(D57>=9,"B","EB")) -> G | F57: 45000 | H57: 1 | R57: =+IF(SUM(G57:P57)>1,"ERRO","OK") -> OK
B58: =+B57+1 -> 7 | C58: 2 | D58: 1 | E58: =+IF(D58<=3,"G",IF(D58>=9,"B","EB")) -> G | F58: 30000 | I58: 1 | R58: =+IF(SUM(G58:P58)>1,"ERRO","OK") -> OK
B59: =+B58+1 -> 8 | C59: 4 | D59: 8 | E59: =+IF(D59<=3,"G",IF(D59>=9,"B","EB")) -> EB | F59: 50000 | J59: 1 | R59: =+IF(SUM(G59:P59)>1,"ERRO","OK") -> OK
B60: =+B59+1 -> 9 | C60: 4 | D60: 8 | E60: =+IF(D60<=3,"G",IF(D60>=9,"B","EB")) -> EB | F60: 60000 | I60: 1 | R60: =+IF(SUM(G60:P60)>1,"ERRO","OK") -> OK
B61: =+B60+1 -> 10 | C61: 1 | D61: 15 | E61: =+IF(D61<=3,"G",IF(D61>=9,"B","EB")) -> B | F61: 50000 | G61: 1 | R61: =+IF(SUM(G61:P61)>1,"ERRO","OK") -> OK
B62: =+B61+1 -> 11 | C62: 2 | D62: 1 | E62: =+IF(D62<=3,"G",IF(D62>=9,"B","EB")) -> G | F62: 50000 | H62: 1 | R62: =+IF(SUM(G62:P62)>1,"ERRO","OK") -> OK
B63: =+B62+1 -> 12 | C63: 1 | D63: 1 | E63: =+IF(D63<=3,"G",IF(D63>=9,"B","EB")) -> G | F63: 50000 | G63: 1 | R63: =+IF(SUM(G63:P63)>1,"ERRO","OK") -> OK
B64: =+B63+1 -> 13 | C64: 1 | D64: 1 | E64: =+IF(D64<=3,"G",IF(D64>=9,"B","EB")) -> G | F64: 40000 | I64: 1 | R64: =+IF(SUM(G64:P64)>1,"ERRO","OK") -> OK
B65: =+B64+1 -> 14 | C65: 4 | D65: 1 | E65: =+IF(D65<=3,"G",IF(D65>=9,"B","EB")) -> G | F65: 62000 | I65: 1 | R65: =+IF(SUM(G65:P65)>1,"ERRO","OK") -> OK
B66: =+B65+1 -> 15 | C66: 0 | D66: 0 | E66: =+IF(D66<=3,"G",IF(D66>=9,"B","EB")) -> G | F66: 0 | R66: =+IF(SUM(G66:P66)>1,"ERRO","OK") -> OK
B67: =+B66+1 -> 16 | C67: 0 | D67: 0 | E67: =+IF(D67<=3,"G",IF(D67>=9,"B","EB")) -> G | F67: 0 | R67: =+IF(SUM(G67:P67)>1,"ERRO","OK") -> OK
B68: =+B67+1 -> 17 | C68: 0 | D68: 0 | E68: =+IF(D68<=3,"G",IF(D68>=9,"B","EB")) -> G | F68: 0 | R68: =+IF(SUM(G68:P68)>1,"ERRO","OK") -> OK
B69: =+B68+1 -> 18 | C69: 0 | D69: 0 | E69: =+IF(D69<=3,"G",IF(D69>=9,"B","EB")) -> G | F69: 0 | R69: =+IF(SUM(G69:P69)>1,"ERRO","OK") -> OK
B70: =+B69+1 -> 19 | C70: 0 | D70: 0 | E70: =+IF(D70<=3,"G",IF(D70>=9,"B","EB")) -> G | F70: 0 | R70: =+IF(SUM(G70:P70)>1,"ERRO","OK") -> OK
B71: =+B70+1 -> 20 | C71: 0 | D71: 0 | E71: =+IF(D71<=3,"G",IF(D71>=9,"B","EB")) -> G | F71: 0 | R71: =+IF(SUM(G71:P71)>1,"ERRO","OK") -> OK
R72: (se ERRO porque mais do que
B73: Aumentos capital por período (investimento de investidores no fundo) | G73: =+'04-Aux. Calculos'!D763 -> 304394.94 | H73: =+'04-Aux. Calculos'!E763 -> 152717.71 | I73: =+'04-Aux. Calculos'!F763 -> 309436.52 | J73: =+'04-Aux. Calculos'!G763 -> 208016.54 | K73: =+'04-Aux. Calculos'!H763 -> 12394.765 | L73: =+'04-Aux. Calculos'!I763 -> 0 | M73: =+'04-Aux. Calculos'!J763 -> 0 | N73: =+'04-Aux. Calculos'!K763 -> 0 | ... P73: =+'04-Aux. Calculos'!M763 -> 0 | R73: uma flag por investimento)
B74: Total aumento de capital do fundo | G74: =+SUM(G73:P73) -> 986960.47
B75: Check - compromissos 1 | G75: =+IF(G74>C8,"ERRO","OK") -> OK
B76: (se ERRO porque valor de aumentos de capital acima de valor do fundo - rever valor de investimentos por projecto)
B77: Check - compromissos 2 | G77: =+IF(COUNTIF(G73:P73,">0")>C14,"ERRO","OK") -> OK
B78: (se ERRO porque necessidades de aumento de capital fora do prazo - rever valor de investimentos por projecto, maturidade ou momento de investimento)
B80: Check - período investimento | G80: =+IF(AND(G50>$C$11,SUM(G52:G71)>0),"ERRO","OK") -> OK | H80: =+IF(AND(H50>$C$11,SUM(H52:H71)>0),"ERRO","OK") -> OK | I80: =+IF(AND(I50>$C$11,SUM(I52:I71)>0),"ERRO","OK") -> OK | J80: =+IF(AND(J50>$C$11,SUM(J52:J71)>0),"ERRO","OK") -> OK | K80: =+IF(AND(K50>$C$11,SUM(K52:K71)>0),"ERRO","OK") -> OK | L80: =+IF(AND(L50>$C$11,SUM(L52:L71)>0),"ERRO","OK") -> OK | M80: =+IF(AND(M50>$C$11,SUM(M52:M71)>0),"ERRO","OK") -> OK | N80: =+IF(AND(N50>$C$11,SUM(N52:N71)>0),"ERRO","OK") -> OK | ... P80: =+IF(AND(P50>$C$11,SUM(P52:P71)>0),"ERRO","OK") -> OK
B81: (se ERRO porque investimento fora do prazo de investimento)
B83: PRESSUPOSTOS DE DESINVESTIMENTO
G84: Momento Desinvestimento (só pode ocorrer até final período fundo)
G85: =+H85-1 -> 1 | H85: =+I85-1 -> 2 | I85: =+J85-1 -> 3 | J85: =+K85-1 -> 4 | K85: =+L85-1 -> 5 | L85: =+M85-1 -> 6 | M85: =+N85-1 -> 7 | N85: =+O85-1 -> 8 | O85: =+P85-1 -> 9 | P85: =+C10 -> 10
R86: Check - desinvestimento
B87: 1 | F87: =+SUMPRODUCT($G$85:$P$85,G87:P87)-SUMPRODUCT(G52:P52,$G$50:$P$50) -> 5 | M87: 1 | R87: =+IF(SUM(G87:P87)>1,"ERRO","OK") -> OK
B88: =+B87+1 -> 2 | F88: =+SUMPRODUCT($G$85:$P$85,G88:P88)-SUMPRODUCT(G53:P53,$G$50:$P$50) -> 6 | N88: 1 | R88: =+IF(SUM(G88:P88)>1,"ERRO","OK") -> OK
B89: =+B88+1 -> 3 | F89: =+SUMPRODUCT($G$85:$P$85,G89:P89)-SUMPRODUCT(G54:P54,$G$50:$P$50) -> 5 | N89: 1 | R89: =+IF(SUM(G89:P89)>1,"ERRO","OK") -> OK
B90: =+B89+1 -> 4 | F90: =+SUMPRODUCT($G$85:$P$85,G90:P90)-SUMPRODUCT(G55:P55,$G$50:$P$50) -> 6 | M90: 1 | R90: =+IF(SUM(G90:P90)>1,"ERRO","OK") -> OK
B91: =+B90+1 -> 5 | F91: =+SUMPRODUCT($G$85:$P$85,G91:P91)-SUMPRODUCT(G56:P56,$G$50:$P$50) -> 7 | P91: 1 | R91: =+IF(SUM(G91:P91)>1,"ERRO","OK") -> OK
B92: =+B91+1 -> 6 | F92: =+SUMPRODUCT($G$85:$P$85,G92:P92)-SUMPRODUCT(G57:P57,$G$50:$P$50) -> 7 | O92: 1 | R92: =+IF(SUM(G92:P92)>1,"ERRO","OK") -> OK
B93: =+B92+1 -> 7 | F93: =+SUMPRODUCT($G$85:$P$85,G93:P93)-SUMPRODUCT(G58:P58,$G$50:$P$50) -> 5 | N93: 1 | R93: =+IF(SUM(G93:P93)>1,"ERRO","OK") -> OK
B94: =+B93+1 -> 8 | F94: =+SUMPRODUCT($G$85:$P$85,G94:P94)-SUMPRODUCT(G59:P59,$G$50:$P$50) -> 3 | M94: 1 | R94: =+IF(SUM(G94:P94)>1,"ERRO","OK") -> OK
B95: =+B94+1 -> 9 | F95: =+SUMPRODUCT($G$85:$P$85,G95:P95)-SUMPRODUCT(G60:P60,$G$50:$P$50) -> 5 | N95: 1 | R95: =+IF(SUM(G95:P95)>1,"ERRO","OK") -> OK
B96: =+B95+1 -> 10 | F96: =+SUMPRODUCT($G$85:$P$85,G96:P96)-SUMPRODUCT(G61:P61,$G$50:$P$50) -> 9 | P96: 1 | R96: =+IF(SUM(G96:P96)>1,"ERRO","OK") -> OK
B97: =+B96+1 -> 11 | F97: =+SUMPRODUCT($G$85:$P$85,G97:P97)-SUMPRODUCT(G62:P62,$G$50:$P$50) -> 7 | O97: 1 | R97: =+IF(SUM(G97:P97)>1,"ERRO","OK") -> OK
B98: =+B97+1 -> 12 | F98: =+SUMPRODUCT($G$85:$P$85,G98:P98)-SUMPRODUCT(G63:P63,$G$50:$P$50) -> 7 | N98: 1 | R98: =+IF(SUM(G98:P98)>1,"ERRO","OK") -> OK
B99: =+B98+1 -> 13 | F99: =+SUMPRODUCT($G$85:$P$85,G99:P99)-SUMPRODUCT(G64:P64,$G$50:$P$50) -> 6 | O99: 1 | R99: =+IF(SUM(G99:P99)>1,"ERRO","OK") -> OK
B100: =+B99+1 -> 14 | F100: =+SUMPRODUCT($G$85:$P$85,G100:P100)-SUMPRODUCT(G65:P65,$G$50:$P$50) -> 7 | P100: 1 | R100: =+IF(SUM(G100:P100)>1,"ERRO","OK") -> OK
B101: =+B100+1 -> 15 | F101: =+SUMPRODUCT($G$85:$P$85,G101:P101)-SUMPRODUCT(G66:P66,$G$50:$P$50) -> 0 | R101: =+IF(SUM(G101:P101)>1,"ERRO","OK") -> OK
B102: =+B101+1 -> 16 | F102: =+SUMPRODUCT($G$85:$P$85,G102:P102)-SUMPRODUCT(G67:P67,$G$50:$P$50) -> 0 | R102: =+IF(SUM(G102:P102)>1,"ERRO","OK") -> OK
B103: =+B102+1 -> 17 | F103: =+SUMPRODUCT($G$85:$P$85,G103:P103)-SUMPRODUCT(G68:P68,$G$50:$P$50) -> 0 | R103: =+IF(SUM(G103:P103)>1,"ERRO","OK") -> OK
B104: =+B103+1 -> 18 | F104: =+SUMPRODUCT($G$85:$P$85,G104:P104)-SUMPRODUCT(G69:P69,$G$50:$P$50) -> 0 | R104: =+IF(SUM(G104:P104)>1,"ERRO","OK") -> OK
B105: =+B104+1 -> 19 | F105: =+SUMPRODUCT($G$85:$P$85,G105:P105)-SUMPRODUCT(G70:P70,$G$50:$P$50) -> 0 | R105: =+IF(SUM(G105:P105)>1,"ERRO","OK") -> OK
B106: =+B105+1 -> 20 | F106: =+SUMPRODUCT($G$85:$P$85,G106:P106)-SUMPRODUCT(G71:P71,$G$50:$P$50) -> 0 | R106: =+IF(SUM(G106:P106)>1,"ERRO","OK") -> OK
R107: (se ERRO porque mais do que
B108: Check - saídas | F108: =+IF(SUM(G52:P71)<>SUM(G87:P106),"ERRO","OK") -> OK | R108: uma flag por desinvestimento)
B109: (se ERRO porque número de desinvestimentos é diferente de número de investimentos)
B111: Check - período investimento | G111: =+IF(AND(G85<=($C$10-$C$12),SUM(G87:G106)>0),"ERRO","OK") -> OK | H111: =+IF(AND(H85<=($C$10-$C$12),SUM(H87:H106)>0),"ERRO","OK") -> OK | I111: =+IF(AND(I85<=($C$10-$C$12),SUM(I87:I106)>0),"ERRO","OK") -> OK | J111: =+IF(AND(J85<=($C$10-$C$12),SUM(J87:J106)>0),"ERRO","OK") -> OK | K111: =+IF(AND(K85<=($C$10-$C$12),SUM(K87:K106)>0),"ERRO","OK") -> OK | L111: =+IF(AND(L85<=($C$10-$C$12),SUM(L87:L106)>0),"ERRO","OK") -> OK | M111: =+IF(AND(M85<=($C$10-$C$12),SUM(M87:M106)>0),"ERRO","OK") -> OK | N111: =+IF(AND(N85<=($C$10-$C$12),SUM(N87:N106)>0),"ERRO","OK") -> OK | ... P111: =+IF(AND(P85<=($C$10-$C$12),SUM(P87:P106)>0),"ERRO","OK") -> OK
B112: (se ERRO porque investimento fora do prazo de desinvestimento)

Sheet 03. Projecções CF
A1: MODELO FINANCEIRO
A2: PROJECÇÕES DE CASH FLOW
P5: (Montantes em EUR mil, excepto quando indicado o contrário)
D7: 1 | E7: =+D7+1 -> 2 | F7: =+E7+1 -> 3 | G7: =+F7+1 -> 4 | H7: =+G7+1 -> 5 | I7: =+H7+1 -> 6 | J7: =+I7+1 -> 7 | K7: =+J7+1 -> 8 | L7: =+K7+1 -> 9 | ... R7: =+Q7+1 -> 15
B9: Cash flow actividades de investimento
B11: Por investimento | C11: (TIR)
B12: 1 | C12: =+'04-Aux. Calculos'!C409 -> 0.17307879 | D12: =+'04-Aux. Calculos'!D409 -> 0 | E12: =+'04-Aux. Calculos'!E409 -> -63570.916 | F12: =+'04-Aux. Calculos'!F409 -> 0 | G12: =+'04-Aux. Calculos'!G409 -> 0 | H12: =+'04-Aux. Calculos'!H409 -> 909.09091 | I12: =+'04-Aux. Calculos'!I409 -> 909.09091 | J12: =+'04-Aux. Calculos'!J409 -> 138901.96 | ... R12: =+'04-Aux. Calculos'!R409 -> 0
B13: =+B12+1 -> 2 | C13: =+'04-Aux. Calculos'!C410 -> 0.14715081 | D13: =+'04-Aux. Calculos'!D410 -> 0 | E13: =+'04-Aux. Calculos'!E410 -> -44254 | F13: =+'04-Aux. Calculos'!F410 -> -18000 | G13: =+'04-Aux. Calculos'!G410 -> 0 | H13: =+'04-Aux. Calculos'!H410 -> 0 | I13: =+'04-Aux. Calculos'!I410 -> 0 | J13: =+'04-Aux. Calculos'!J410 -> 1090.9091 | ... R13: =+'04-Aux. Calculos'!R410 -> 0
B14: =+B13+1 -> 3 | C14: =+'04-Aux. Calculos'!C411 -> 0.17233741 | D14: =+'04-Aux. Calculos'!D411 -> 0 | E14: =+'04-Aux. Calculos'!E411 -> 0 | F14: =+'04-Aux. Calculos'!F411 -> -10500 | G14: =+'04-Aux. Calculos'!G411 -> -14000 | H14: =+'04-Aux. Calculos'!H411 -> -10500 | I14: =+'04-Aux. Calculos'!I411 -> 0 | J14: =+'04-Aux. Calculos'!J411 -> 0 | ... R14: =+'04-Aux. Calculos'!R411 -> 0
B15: =+B14+1 -> 4 | C15: =+'04-Aux. Calculos'!C412 -> 0.14641937 | D15: =+'04-Aux. Calculos'!D412 -> -50992.839 | E15: =+'04-Aux. Calculos'!E412 -> 0 | F15: =+'04-Aux. Calculos'!F412 -> 694.575 | G15: =+'04-Aux. Calculos'!G412 -> 694.575 | H15: =+'04-Aux. Calculos'!H412 -> 694.575 | I15: =+'04-Aux. Calculos'!I412 -> 3472.875 | J15: =+'04-Aux. Calculos'!J412 -> 108622.62 | ... R15: =+'04-Aux. Calculos'!R412 -> 0
B16: =+B15+1 -> 5 | C16: =+'04-Aux. Calculos'!C413 -> 0.18267441 | D16: =+'04-Aux. Calculos'!D413 -> 0 | E16: =+'04-Aux. Calculos'!E413 -> 0 | F16: =+'04-Aux. Calculos'!F413 -> -37246.467 | G16: =+'04-Aux. Calculos'!G413 -> -15000 | H16: =+'04-Aux. Calculos'!H413 -> 0 | I16: =+'04-Aux. Calculos'!I413 -> 0 | J16: =+'04-Aux. Calculos'!J413 -> 0 | ... R16: =+'04-Aux. Calculos'!R413 -> 0
B17: =+B16+1 -> 6 | C17: =+'04-Aux. Calculos'!C414 -> 0.15744783 | D17: =+'04-Aux. Calculos'!D414 -> 0 | E17: =+'04-Aux. Calculos'!E414 -> -13500 | F17: =+'04-Aux. Calculos'!F414 -> -18000 | G17: =+'04-Aux. Calculos'!G414 -> -13500 | H17: =+'04-Aux. Calculos'!H414 -> 0 | I17: =+'04-Aux. Calculos'!I414 -> 0 | J17: =+'04-Aux. Calculos'!J414 -> 0 | ... R17: =+'04-Aux. Calculos'!R414 -> 0
B18: =+B17+1 -> 7 | C18: =+'04-Aux. Calculos'!C415 -> 0.17233741 | D18: =+'04-Aux. Calculos'!D415 -> 0 | E18: =+'04-Aux. Calculos'!E415 -> 0 | F18: =+'04-Aux. Calculos'!F415 -> -9000 | G18: =+'04-Aux. Calculos'!G415 -> -12000 | H18: =+'04-Aux. Calculos'!H415 -> -9000 | I18: =+'04-Aux. Calculos'!I415 -> 0 | J18: =+'04-Aux. Calculos'!J415 -> 0 | ... R18: =+'04-Aux. Calculos'!R415 -> 0
B19: =+B18+1 -> 8 | C19: =+'04-Aux. Calculos'!C416 -> 0.1717287 | D19: =+'04-Aux. Calculos'!D416 -> 0 | E19: =+'04-Aux. Calculos'!E416 -> 0 | F19: =+'04-Aux. Calculos'!F416 -> 0 | G19: =+'04-Aux. Calculos'!G416 -> -125720.78 | H19: =+'04-Aux. Calculos'!H416 -> 1337.9521 | I19: =+'04-Aux. Calculos'!I416 -> 6689.7603 | J19: =+'04-Aux. Calculos'!J416 -> 192574.35 | ... R19: =+'04-Aux. Calculos'!R416 -> 0
B20: =+B19+1 -> 9 | C20: =+'04-Aux. Calculos'!C417 -> 0.1555875 | D20: =+'04-Aux. Calculos'!D417 -> 0 | E20: =+'04-Aux. Calculos'!E417 -> 0 | F20: =+'04-Aux. Calculos'!F417 -> -150864.93 | G20: =+'04-Aux. Calculos'!G417 -> 1605.5425 | H20: =+'04-Aux. Calculos'!H417 -> 8027.7124 | I20: =+'04-Aux. Calculos'!I417 -> 8027.7124 | J20: =+'04-Aux. Calculos'!J417 -> 8027.7124 | ... R20: =+'04-Aux. Calculos'!R417 -> 0
B21: =+B20+1 -> 10 | C21: =+'04-Aux. Calculos'!C418 -> 0.10522223 | D21: =+'04-Aux. Calculos'!D418 -> -206882.22 | E21: =+'04-Aux. Calculos'!E418 -> 13636.364 | F21: =+'04-Aux. Calculos'!F418 -> 18181.818 | G21: =+'04-Aux. Calculos'!G418 -> 18181.818 | H21: =+'04-Aux. Calculos'!H418 -> 27272.727 | I21: =+'04-Aux. Calculos'!I418 -> 27272.727 | J21: =+'04-Aux. Calculos'!J418 -> 27272.727 | ... R21: =+'04-Aux. Calculos'!R418 -> 0
B22: =+B21+1 -> 11 | C22: =+'04-Aux. Calculos'!C419 -> 0.15744783 | D22: =+'04-Aux. Calculos'!D419 -> 0 | E22: =+'04-Aux. Calculos'!E419 -> -15000 | F22: =+'04-Aux. Calculos'!F419 -> -20000 | G22: =+'04-Aux. Calculos'!G419 -> -15000 | H22: =+'04-Aux. Calculos'!H419 -> 0 | I22: =+'04-Aux. Calculos'!I419 -> 0 | J22: =+'04-Aux. Calculos'!J419 -> 0 | ... R22: =+'04-Aux. Calculos'!R419 -> 0
B23: =+B22+1 -> 12 | C23: =+'04-Aux. Calculos'!C420 -> 0.33609383 | D23: =+'04-Aux. Calculos'!D420 -> -15000 | E23: =+'04-Aux. Calculos'!E420 -> 0 | F23: =+'04-Aux. Calculos'!F420 -> 0 | G23: =+'04-Aux. Calculos'!G420 -> 0 | H23: =+'04-Aux. Calculos'!H420 -> 0 | I23: =+'04-Aux. Calculos'!I420 -> 0 | J23: =+'04-Aux. Calculos'!J420 -> 909.09091 | ... R23: =+'04-Aux. Calculos'!R420 -> 0
B24: =+B23+1 -> 13 | C24: =+'04-Aux. Calculos'!C421 -> 0.37653933 | D24: =+'04-Aux. Calculos'!D421 -> 0 | E24: =+'04-Aux. Calculos'!E421 -> 0 | F24: =+'04-Aux. Calculos'!F421 -> -12000 | G24: =+'04-Aux. Calculos'!G421 -> 0 | H24: =+'04-Aux. Calculos'!H421 -> 0 | I24: =+'04-Aux. Calculos'!I421 -> 0 | J24: =+'04-Aux. Calculos'!J421 -> 0 | ... R24: =+'04-Aux. Calculos'!R421 -> 0
... B31: =+B30+1 -> 20 | C31: =+'04-Aux. Calculos'!C428 -> 0 | D31: =+'04-Aux. Calculos'!D428 -> 0 | E31: =+'04-Aux. Calculos'!E428 -> 0 | F31: =+'04-Aux. Calculos'!F428 -> 0 | G31: =+'04-Aux. Calculos'!G428 -> 0 | H31: =+'04-Aux. Calculos'!H428 -> 0 | I31: =+'04-Aux. Calculos'!I428 -> 0 | J31: =+'04-Aux. Calculos'!J428 -> 0 | ... R31: =+'04-Aux. Calculos'!R428 -> 0
B33: Por natureza
B34: =+'04-Aux. Calculos'!B749 -> Investimento | D34: =+'04-Aux. Calculos'!D749 -> -272875.06 | E34: =+'04-Aux. Calculos'!E749 -> -136324.92 | F34: =+'04-Aux. Calculos'!F749 -> -294211.4 | G34: =+'04-Aux. Calculos'!G749 -> -195220.78 | H34: =+'04-Aux. Calculos'!H749 -> -19500 | I34: =+'04-Aux. Calculos'!I749 -> 0 | J34: =+'04-Aux. Calculos'!J749 -> 0 | K34: =+'04-Aux. Calculos'!K749 -> 0 | ... R34: =+'04-Aux. Calculos'!R749 -> 0
B35: =+'04-Aux. Calculos'!B750 -> Desinvestimento | D35: =+'04-Aux. Calculos'!D750 -> 0 | E35: =+'04-Aux. Calculos'!E750 -> 0 | F35: =+'04-Aux. Calculos'!F750 -> 0 | G35: =+'04-Aux. Calculos'!G750 -> 0 | H35: =+'04-Aux. Calculos'!H750 -> 0 | I35: =+'04-Aux. Calculos'!I750 -> 0 | J35: =+'04-Aux. Calculos'!J750 -> 429027.2 | K35: =+'04-Aux. Calculos'!K750 -> 637477.32 | ... R35: =+'04-Aux. Calculos'!R750 -> 0
B36: =+'04-Aux. Calculos'!B751 -> Dividendos | D36: =+'04-Aux. Calculos'!D751 -> 0 | E36: =+'04-Aux. Calculos'!E751 -> 13636.364 | F36: =+'04-Aux. Calculos'!F751 -> 18876.393 | G36: =+'04-Aux. Calculos'!G751 -> 20481.936 | H36: =+'04-Aux. Calculos'!H751 -> 38242.058 | I36: =+'04-Aux. Calculos'!I751 -> 46372.166 | J36: =+'04-Aux. Calculos'!J751 -> 48372.166 | K36: =+'04-Aux. Calculos'!K751 -> 40737.903 | ... R36: =+'04-Aux. Calculos'!R751 -> 0
B38: Total cash flow actividades de investimento (1) | C38: =+'04-Aux. Calculos'!C752 -> 0.1650878 | D38: =+IF(ROUND(SUM(D34:D36),0)=ROUND(SUM(D12:D31),0),SUM(D34:D36),"ERRO") -> -272875.06 | E38: =+IF(ROUND(SUM(E34:E36),0)=ROUND(SUM(E12:E31),0),SUM(E34:E36),"ERRO") -> -122688.55 | F38: =+IF(ROUND(SUM(F34:F36),0)=ROUND(SUM(F12:F31),0),SUM(F34:F36),"ERRO") -> -275335.01 | G38: =+IF(ROUND(SUM(G34:G36),0)=ROUND(SUM(G12:G31),0),SUM(G34:G36),"ERRO") -> -174738.84 | H38: =+IF(ROUND(SUM(H34:H36),0)=ROUND(SUM(H12:H31),0),SUM(H34:H36),"ERRO") -> 18742.058 | I38: =+IF(ROUND(SUM(I34:I36),0)=ROUND(SUM(I12:I31),0),SUM(I34:I36),"ERRO") -> 46372.166 | J38: =+IF(ROUND(SUM(J34:J36),0)=ROUND(SUM(J12:J31),0),SUM(J34:J36),"ERRO") -> 477399.37 | K38: =+IF(ROUND(SUM(K34:K36),0)=ROUND(SUM(K12:K31),0),SUM(K34:K36),"ERRO") -> 678215.23 | ... R38: =+IF(ROUND(SUM(R34:R36),0)=ROUND(SUM(R12:R31),0),SUM(R34:R36),"ERRO") -> 0
B40: Cash flow operacional
B42: =+'04-Aux. Calculos'!B754 -> Despesas constituição | D42: =+'04-Aux. Calculos'!D754 -> -1025 | E42: =+'04-Aux. Calculos'!E754 -> 0 | F42: =+'04-Aux. Calculos'!F754 -> 0 | G42: =+'04-Aux. Calculos'!G754 -> 0 | H42: =+'04-Aux. Calculos'!H754 -> 0 | I42: =+'04-Aux. Calculos'!I754 -> 0 | J42: =+'04-Aux. Calculos'!J754 -> 0 | K42: =+'04-Aux. Calculos'!K754 -> 0 | ... R42: =+'04-Aux. Calculos'!R754 -> 0
B43: =+'04-Aux. Calculos'!B755 -> Despesas de investimento | D43: =+'04-Aux. Calculos'!D755 -> -3547.3758 | E43: =+'04-Aux. Calculos'!E755 -> -1772.2239 | F43: =+'04-Aux. Calculos'!F755 -> -3824.7482 | G43: =+'04-Aux. Calculos'!G755 -> -2537.8701 | H43: =+'04-Aux. Calculos'!H755 -> -253.5 | I43: =+'04-Aux. Calculos'!I755 -> 0 | J43: =+'04-Aux. Calculos'!J755 -> 0 | K43: =+'04-Aux. Calculos'!K755 -> 0 | ... R43: =+'04-Aux. Calculos'!R755 -> 0
B44: =+'04-Aux. Calculos'!B756 -> Despesas de gestão | D44: =+'04-Aux. Calculos'!D756 -> -1947.5 | E44: =+'04-Aux. Calculos'!E756 -> -3256.9375 | F44: =+'04-Aux. Calculos'!F756 -> -5276.7641 | G44: =+'04-Aux. Calculos'!G756 -> -5739.827 | H44: =+'04-Aux. Calculos'!H756 -> -5883.3227 | I44: =+'04-Aux. Calculos'!I756 -> -6030.4058 | J44: =+'04-Aux. Calculos'!J756 -> -5111.3487 | K44: =+'04-Aux. Calculos'!K756 -> -3411.5281 | ... R44: =+'04-Aux. Calculos'!R756 -> 0
B45: =+'04-Aux. Calculos'!B757 -> Despesas de desinvestimento | D45: =+'04-Aux. Calculos'!D757 -> 0 | E45: =+'04-Aux. Calculos'!E757 -> 0 | F45: =+'04-Aux. Calculos'!F757 -> 0 | G45: =+'04-Aux. Calculos'!G757 -> 0 | H45: =+'04-Aux. Calculos'!H757 -> 0 | I45: =+'04-Aux. Calculos'!I757 -> 0 | J45: =+'04-Aux. Calculos'!J757 -> -4290.272 | K45: =+'04-Aux. Calculos'!K757 -> -6374.7732 | ... R45: =+'04-Aux. Calculos'!R757 -> 0
B46: =+'04-Aux. Calculos'!B758 -> Comissão de gestão | D46: =+'04-Aux. Calculos'!D758 -> -25000 | E46: =+'04-Aux. Calculos'!E758 -> -25000 | F46: =+'04-Aux. Calculos'!F758 -> -25000 | G46: =+'04-Aux. Calculos'!G758 -> -25000 | H46: =+'04-Aux. Calculos'!H758 -> -25000 | I46: =+'04-Aux. Calculos'!I758 -> -25000 | J46: =+'04-Aux. Calculos'!J758 -> -25000 | K46: =+'04-Aux. Calculos'!K758 -> -25000 | ... R46: =+'04-Aux. Calculos'!R758 -> 0
B48: Total cash flow operacional (2) | D48: =+SUM(D42:D46) -> -31519.876 | E48: =+SUM(E42:E46) -> -30029.161 | F48: =+SUM(F42:F46) -> -34101.512 | G48: =+SUM(G42:G46) -> -33277.697 | H48: =+SUM(H42:H46) -> -31136.823 | I48: =+SUM(I42:I46) -> -31030.406 | J48: =+SUM(J42:J46) -> -34401.621 | K48: =+SUM(K42:K46) -> -34786.301 | ... R48: =+SUM(R42:R46) -> 0
B50: CASH FLOW ANTES DE FINANCIAMENTO (3=1+2) | C50: =+'04-Aux. Calculos'!C761 -> 0.11744458 | D50: =+D38+D48 -> -304394.94 | E50: =+E38+E48 -> -152717.71 | F50: =+F38+F48 -> -309436.52 | G50: =+G38+G48 -> -208016.54 | H50: =+H38+H48 -> -12394.765 | I50: =+I38+I48 -> 15341.76 | J50: =+J38+J48 -> 442997.75 | K50: =+K38+K48 -> 643428.92 | ... R50: =+R38+R48 -> 0
B52: Cash flow financiamento
B54: =+'04-Aux. Calculos'!B763 -> Aumentos de capital de investidores (equity) | D54: =+'04-Aux. Calculos'!D763 -> 304394.94 | E54: =+'04-Aux. Calculos'!E763 -> 152717.71 | F54: =+'04-Aux. Calculos'!F763 -> 309436.52 | G54: =+'04-Aux. Calculos'!G763 -> 208016.54 | H54: =+'04-Aux. Calculos'!H763 -> 12394.765 | I54: =+'04-Aux. Calculos'!I763 -> 0 | J54: =+'04-Aux. Calculos'!J763 -> 0 | K54: =+'04-Aux. Calculos'!K763 -> 0 | ... R54: =+'04-Aux. Calculos'!R763 -> 0
B55: =+'04-Aux. Calculos'!B764 -> Redução capital & Dividendos - preferred return | D55: =+'04-Aux. Calculos'!D764 -> 0 | E55: =+'04-Aux. Calculos'!E764 -> 0 | F55: =+'04-Aux. Calculos'!F764 -> 0 | G55: =+'04-Aux. Calculos'!G764 -> 0 | H55: =+'04-Aux. Calculos'!H764 -> 0 | I55: =+'04-Aux. Calculos'!I764 -> -15341.76 | J55: =+'04-Aux. Calculos'!J764 -> -442997.75 | K55: =+'04-Aux. Calculos'!K764 -> -643428.92 | ... R55: =+'04-Aux. Calculos'!R764 -> 0
B56: =+'04-Aux. Calculos'!B765 -> Carried interest - catch up | D56: =+'04-Aux. Calculos'!D765 -> 0 | E56: =+'04-Aux. Calculos'!E765 -> 0 | F56: =+'04-Aux. Calculos'!F765 -> 0 | G56: =+'04-Aux. Calculos'!G765 -> 0 | H56: =+'04-Aux. Calculos'!H765 -> 0 | I56: =+'04-Aux. Calculos'!I765 -> 0 | J56: =+'04-Aux. Calculos'!J765 -> 0 | K56: =+'04-Aux. Calculos'!K765 -> 0 | ... R56: =+'04-Aux. Calculos'!R765 -> 0
B57: =+'04-Aux. Calculos'!B766 -> Dividendos - pos catch up | D57: =+'04-Aux. Calculos'!D766 -> 0 | E57: =+'04-Aux. Calculos'!E766 -> 0 | F57: =+'04-Aux. Calculos'!F766 -> 0 | G57: =+'04-Aux. Calculos'!G766 -> 0 | H57: =+'04-Aux. Calculos'!H766 -> 0 | I57: =+'04-Aux. Calculos'!I766 -> 0 | J57: =+'04-Aux. Calculos'!J766 -> 0 | K57: =+'04-Aux. Calculos'!K766 -> 0 | ... R57: =+'04-Aux. Calculos'!R766 -> 0
B58: =+'04-Aux. Calculos'!B767 -> Carried interest - pos catch up | D58: =+'04-Aux. Calculos'!D767 -> 0 | E58: =+'04-Aux. Calculos'!E767 -> 0 | F58: =+'04-Aux. Calculos'!F767 -> 0 | G58: =+'04-Aux. Calculos'!G767 -> 0 | H58: =+'04-Aux. Calculos'!H767 -> 0 | I58: =+'04-Aux. Calculos'!I767 -> 0 | J58: =+'04-Aux. Calculos'!J767 -> 0 | K58: =+'04-Aux. Calculos'!K767 -> 0 | ... R58: =+'04-Aux. Calculos'!R767 -> 0
B60: Total cash flow financiamento (4) | D60: =+SUM(D54:D58) -> 304394.94 | E60: =+SUM(E54:E58) -> 152717.71 | F60: =+SUM(F54:F58) -> 309436.52 | G60: =+SUM(G54:G58) -> 208016.54 | H60: =+SUM(H54:H58) -> 12394.765 | I60: =+SUM(I54:I58) -> -15341.76 | J60: =+SUM(J54:J58) -> -442997.75 | K60: =+SUM(K54:K58) -> -643428.92 | ... R60: =+SUM(R54:R58) -> 0
B62: TOTAL CASH FLOW (5=3+4) | D62: =+D60+D50 -> 0 | E62: =+E60+E50 -> 0 | F62: =+F60+F50 -> 0 | G62: =+G60+G50 -> 0 | H62: =+H60+H50 -> 0 | I62: =+I60+I50 -> 0 | J62: =+J60+J50 -> 0 | K62: =+K60+K50 -> 0 | ... R62: =+R60+R50 -> 0

Sheet 04-Aux. Projectos
A1: MODELO FINANCEIRO
A2: PROJECTOS
B6: Perfil de projecto | C6: 1
B7: Região | C7: X
B8: Industria | C8: 1
C10: 0 | D10: 1 | E10: =+D10+1 -> 2 | F10: =+E10+1 -> 3 | G10: =+F10+1 -> 4 | H10: =+G10+1 -> 5 | I10: =+H10+1 -> 6 | J10: =+I10+1 -> 7 | K10: =+J10+1 -> 8 | L10: =+K10+1 -> 9 | ... AG10: =+AF10+1 -> 30
B11: Investimento | D11: -0.3 | E11: -0.4 | F11: -0.3
B12: Reembolso (dividendos e capital investido) | G12: 0 | H12: 0 | I12: 0 | J12: 0.018181818 | K12: 0.018181818 | L12: 0.018181818 | M12: 0.090909091 | N12: 0.090909091 | O12: 0.090909091 | P12: 0.090909091 | Q12: 0.090909091 | R12: 0.27272727 | S12: 0.27272727 | T12: 0.36363636 | U12: 0.36363636 | V12: 0.54545455 | W12: 0.54545455 | X12: 0.54545455 | Y12: 0.54545455 | Z12: 0.54545455 | AA12: 0.54545455 | AB12: 0.54545455 | AC12: 0.54545455 | AD12: 0.90909091 | AE12: 1.0909091 | AF12: 1.2727273 | AG12: 1.4545455
B13: TOTAL | D13: =+SUM(D11:D12) -> -0.3 | E13: =+SUM(E11:E12) -> -0.4 | F13: =+SUM(F11:F12) -> -0.3 | G13: =+SUM(G11:G12) -> 0 | H13: =+SUM(H11:H12) -> 0 | I13: =+SUM(I11:I12) -> 0 | J13: =+SUM(J11:J12) -> 0.018181818 | K13: =+SUM(K11:K12) -> 0.018181818 | ... AG13: =+SUM(AG11:AG12) -> 1.4545455
B14: TIR | C14: =+IRR(D13:AG13) -> 0.12522223
B16: AVALIAÇÃO
B17: Taxa até final construção "+1" | C17: =+C14 -> 0.12522223 | D17: Greenfield
B18: Taxa entre final construção "+2" e "+5" | C18: =+C17-0.01 -> 0.11522223 | D18: Early brownfield
B19: Taxa entre final construção "+6" e Termo | C19: =+C18-0.01 -> 0.10522223 | D19: Brownfield
B20: Período | C20: 1 | D20: 1 | E20: 1 | F20: 1 | G20: 1 | H20: 2 | I20: 2 | J20: 2 | K20: 2 | L20: 3 | M20: 3 | N20: 3 | O20: 3 | P20: 3 | Q20: 3 | R20: 3 | S20: 3 | T20: 3 | U20: 3 | V20: 3 | W20: 3 | X20: 3 | Y20: 3 | Z20: 3 | AA20: 3 | AB20: 3 | AC20: 3 | AD20: 3 | AE20: 3 | AF20: 3
B21: NPV | C21: =+NPV(IF(C20=1,$C17,IF(C20=2,$C18,$C19)),D13:$AG13) -> 3.9744301e-14 | D21: =+NPV(IF(D20=1,$C17,IF(D20=2,$C18,$C19)),E13:$AG13) -> 0.3 | E21: =+NPV(IF(E20=1,$C17,IF(E20=2,$C18,$C19)),F13:$AG13) -> 0.73756667 | F21: =+NPV(IF(F20=1,$C17,IF(F20=2,$C18,$C19)),G13:$AG13) -> 1.1299264 | G21: =+NPV(IF(G20=1,$C17,IF(G20=2,$C18,$C19)),H13:$AG13) -> 1.2714183 | H21: =+NPV(IF(H20=1,$C17,IF(H20=2,$C18,$C19)),I13:$AG13) -> 1.6410816 | I21: =+NPV(IF(I20=1,$C17,IF(I20=2,$C18,$C19)),J13:$AG13) -> 1.8301706 | J21: =+NPV(IF(J20=1,$C17,IF(J20=2,$C18,$C19)),K13:$AG13) -> 2.0228652 | ... AF21: =+NPV(IF(AF20=1,$C17,IF(AF20=2,$C18,$C19)),AG13:$AG13) -> 1.3160661
B23: Perfil de projecto | C23: 2
B24: Região | C24: X
B25: Industria | C25: 2
C27: 0 | D27: 1 | E27: =+D27+1 -> 2 | F27: =+E27+1 -> 3 | G27: =+F27+1 -> 4 | H27: =+G27+1 -> 5 | I27: =+H27+1 -> 6 | J27: =+I27+1 -> 7 | K27: =+J27+1 -> 8 | L27: =+K27+1 -> 9 | ... AG27: =+AF27+1 -> 30
B28: Investimento | D28: -0.3 | E28: -0.4 | F28: -0.3
B29: Reembolso (dividendos e capital investido) | G29: 0 | H29: 0 | I29: 0 | J29: 0.022100114 | K29: 0.022100114 | L29: 0.022100114 | M29: 0.11050057 | N29: 0.11050057 | O29: 0.11050057 | P29: 0.11050057 | Q29: 0.11050057 | R29: 0.3315017 | S29: 0.3315017 | T29: 0.44200227 | U29: 0.44200227 | V29: 0.66300341 | W29: 0.66300341 | X29: 0.66300341 | Y29: 0.66300341 | Z29: 0.66300341 | AA29: 0.66300341 | AB29: 0.66300341 | AC29: 0.66300341 | AD29: 1.1050057 | AE29: 1.3260068 | AF29: 1.547008 | AG29: 1.7680091
B30: TOTAL | D30: =+SUM(D28:D29) -> -0.3 | E30: =+SUM(E28:E29) -> -0.4 | F30: =+SUM(F28:F29) -> -0.3 | G30: =+SUM(G28:G29) -> 0 | H30: =+SUM(H28:H29) -> 0 | I30: =+SUM(I28:I29) -> 0 | J30: =+SUM(J28:J29) -> 0.022100114 | K30: =+SUM(K28:K29) -> 0.022100114 | ... AG30: =+SUM(AG28:AG29) -> 1.7680091
B31: TIR | C31: =+IRR(D30:AG30) -> 0.13742098
B33: AVALIAÇÃO
B34: Taxa até final construção "+1" | C34: =+C31 -> 0.13742098 | D34: Greenfield
B35: Taxa entre final construção "+2" e "+5" | C35: =+C34-0.01 -> 0.12742098 | D35: Early brownfield
B36: Taxa entre final construção "+6" e Termo | C36: =+C35-0.01 -> 0.11742098 | D36: Brownfield
B37: Período | C37: 1 | D37: 1 | E37: 1 | F37: 1 | G37: 1 | H37: 2 | I37: 2 | J37: 2 | K37: 2 | L37: 3 | M37: 3 | N37: 3 | O37: 3 | P37: 3 | Q37: 3 | R37: 3 | S37: 3 | T37: 3 | U37: 3 | V37: 3 | W37: 3 | X37: 3 | Y37: 3 | Z37: 3 | AA37: 3 | AB37: 3 | AC37: 3 | AD37: 3 | AE37: 3 | AF37: 3
B38: NPV | C38: =+NPV(IF(C37=1,$C34,IF(C37=2,$C35,$C36)),D30:$AG30) -> 3.8626311e-11 | D38: =+NPV(IF(D37=1,$C34,IF(D37=2,$C35,$C36)),E30:$AG30) -> 0.3 | E38: =+NPV(IF(E37=1,$C34,IF(E37=2,$C35,$C36)),F30:$AG30) -> 0.74122629 | F38: =+NPV(IF(F37=1,$C34,IF(F37=2,$C35,$C36)),G30:$AG30) -> 1.1430863 | G38: =+NPV(IF(G37=1,$C34,IF(G37=2,$C35,$C36)),H30:$AG30) -> 1.3001704 | H38: =+NPV(IF(H37=1,$C34,IF(H37=2,$C35,$C36)),I30:$AG30) -> 1.6881563 | I38: =+NPV(IF(I37=1,$C34,IF(I37=2,$C35,$C36)),J30:$AG30) -> 1.9032628 | J38: =+NPV(IF(J37=1,$C34,IF(J37=2,$C35,$C36)),K30:$AG30) -> 2.1236783 | ... AF38: =+NPV(IF(AF37=1,$C34,IF(AF37=2,$C35,$C36)),AG30:$AG30) -> 1.5822229
B40: Perfil de projecto | C40: 3
B41: Região | C41: Z
B42: Industria | C42: 1
C44: 0 | D44: 1 | E44: =+D44+1 -> 2 | F44: =+E44+1 -> 3 | G44: =+F44+1 -> 4 | H44: =+G44+1 -> 5 | I44: =+H44+1 -> 6 | J44: =+I44+1 -> 7 | K44: =+J44+1 -> 8 | L44: =+K44+1 -> 9 | ... AG44: =+AF44+1 -> 30
B45: Investimento | D45: -0.3 | E45: -0.4 | F45: -0.3
B46: Reembolso (dividendos e capital investido) | G46: 0 | H46: 0 | I46: 0 | J46: 0.0231525 | K46: 0.0231525 | L46: 0.0231525 | M46: 0.1157625 | N46: 0.1157625 | O46: 0.1157625 | P46: 0.1157625 | Q46: 0.1157625 | R46: 0.3472875 | S46: 0.3472875 | T46: 0.46305 | U46: 0.46305 | V46: 0.694575 | W46: 0.694575 | X46: 0.694575 | Y46: 0.694575 | Z46: 0.694575 | AA46: 0.694575 | AB46: 0.694575 | AC46: 0.694575 | AD46: 1.157625 | AE46: 1.38915 | AF46: 1.620675 | AG46: 1.8522
B47: TOTAL | D47: =+SUM(D45:D46) -> -0.3 | E47: =+SUM(E45:E46) -> -0.4 | F47: =+SUM(F45:F46) -> -0.3 | G47: =+SUM(G45:G46) -> 0 | H47: =+SUM(H45:H46) -> 0 | I47: =+SUM(I45:I46) -> 0 | J47: =+SUM(J45:J46) -> 0.0231525 | K47: =+SUM(K45:K46) -> 0.0231525 | ... AG47: =+SUM(AG45:AG46) -> 1.8522
B48: TIR | C48: =+IRR(D47:AG47) -> 0.14038657
B50: AVALIAÇÃO
B51: Taxa até final construção "+1" | C51: =+C48 -> 0.14038657 | D51: Greenfield
B52: Taxa entre final construção "+2" e "+5" | C52: =+C51-0.01 -> 0.13038657 | D52: Early brownfield
B53: Taxa entre final construção "+6" e Termo | C53: =+C52-0.01 -> 0.12038657 | D53: Brownfield
B54: Período | C54: 1 | D54: 1 | E54: 1 | F54: 1 | G54: 1 | H54: 2 | I54: 2 | J54: 2 | K54: 2 | L54: 3 | M54: 3 | N54: 3 | O54: 3 | P54: 3 | Q54: 3 | R54: 3 | S54: 3 | T54: 3 | U54: 3 | V54: 3 | W54: 3 | X54: 3 | Y54: 3 | Z54: 3 | AA54: 3 | AB54: 3 | AC54: 3 | AD54: 3 | AE54: 3 | AF54: 3
B55: NPV | C55: =+NPV(IF(C54=1,$C51,IF(C54=2,$C52,$C53)),D47:$AG47) -> 1.3730665e-10 | D55: =+NPV(IF(D54=1,$C51,IF(D54=2,$C52,$C53)),E47:$AG47) -> 0.3 | E55: =+NPV(IF(E54=1,$C51,IF(E54=2,$C52,$C53)),F47:$AG47) -> 0.74211597 | F55: =+NPV(IF(F54=1,$C51,IF(F54=2,$C52,$C53)),G47:$AG47) -> 1.1462991 | G55: =+NPV(IF(G54=1,$C51,IF(G54=2,$C52,$C53)),H47:$AG47) -> 1.3072241 | H55: =+NPV(IF(H54=1,$C51,IF(H54=2,$C52,$C53)),I47:$AG47) -> 1.6997613 | I55: =+NPV(IF(I54=1,$C51,IF(I54=2,$C52,$C53)),J47:$AG47) -> 1.9213874 | J55: =+NPV(IF(J54=1,$C51,IF(J54=2,$C52,$C53)),K47:$AG47) -> 2.148758 | ... AF55: =+NPV(IF(AF54=1,$C51,IF(AF54=2,$C52,$C53)),AG47:$AG47) -> 1.6531794
B57: Perfil de projecto | C57: 4
B58: Região | C58: Z
B59: Industria | C59: 2
C61: 0 | D61: 1 | E61: =+D61+1 -> 2 | F61: =+E61+1 -> 3 | G61: =+F61+1 -> 4 | H61: =+G61+1 -> 5 | I61: =+H61+1 -> 6 | J61: =+I61+1 -> 7 | K61: =+J61+1 -> 8 | L61: =+K61+1 -> 9 | ... AG61: =+AF61+1 -> 30
B62: Investimento | D62: -0.3 | E62: -0.4 | F62: -0.3
B63: Reembolso (dividendos e capital investido) | G63: 0 | H63: 0 | I63: 0 | J63: 0.026759041 | K63: 0.026759041 | L63: 0.026759041 | M63: 0.13379521 | N63: 0.13379521 | O63: 0.13379521 | P63: 0.13379521 | Q63: 0.13379521 | R63: 0.40138562 | S63: 0.40138562 | T63: 0.53518083 | U63: 0.53518083 | V63: 0.80277124 | W63: 0.80277124 | X63: 0.80277124 | Y63: 0.80277124 | Z63: 0.80277124 | AA63: 0.80277124 | AB63: 0.80277124 | AC63: 0.80277124 | AD63: 1.3379521 | AE63: 1.6055425 | AF63: 1.8731329 | AG63: 2.1407233
B64: TOTAL | D64: =+SUM(D62:D63) -> -0.3 | E64: =+SUM(E62:E63) -> -0.4 | F64: =+SUM(F62:F63) -> -0.3 | G64: =+SUM(G62:G63) -> 0 | H64: =+SUM(H62:H63) -> 0 | I64: =+SUM(I62:I63) -> 0 | J64: =+SUM(J62:J63) -> 0.026759041 | K64: =+SUM(K62:K63) -> 0.026759041 | ... AG64: =+SUM(AG62:AG63) -> 2.1407233
B65: TIR | C65: =+IRR(D64:AG64) -> 0.14976447
B67: AVALIAÇÃO
B68: Taxa até final construção "+1" | C68: =+C65 -> 0.14976447 | D68: Greenfield
B69: Taxa entre final construção "+2" e "+5" | C69: =+C68-0.01 -> 0.13976447 | D69: Early brownfield
B70: Taxa entre final construção "+6" e Termo | C70: =+C69-0.01 -> 0.12976447 | D70: Brownfield
B71: Período | C71: 1 | D71: 1 | E71: 1 | F71: 1 | G71: 1 | H71: 2 | I71: 2 | J71: 2 | K71: 2 | L71: 3 | M71: 3 | N71: 3 | O71: 3 | P71: 3 | Q71: 3 | R71: 3 | S71: 3 | T71: 3 | U71: 3 | V71: 3 | W71: 3 | X71: 3 | Y71: 3 | Z71: 3 | AA71: 3 | AB71: 3 | AC71: 3 | AD71: 3 | AE71: 3 | AF71: 3
B72: NPV | C72: =+NPV(IF(C71=1,$C68,IF(C71=2,$C69,$C70)),D64:$AG64) -> 2.2546972e-14 | D72: =+NPV(IF(D71=1,$C68,IF(D71=2,$C69,$C70)),E64:$AG64) -> 0.3 | E72: =+NPV(IF(E71=1,$C68,IF(E71=2,$C69,$C70)),F64:$AG64) -> 0.74492934 | F72: =+NPV(IF(F71=1,$C68,IF(F71=2,$C69,$C70)),G64:$AG64) -> 1.1564933 | G72: =+NPV(IF(G71=1,$C68,IF(G71=2,$C69,$C70)),H64:$AG64) -> 1.3296949 | H72: =+NPV(IF(H71=1,$C68,IF(H71=2,$C69,$C70)),I64:$AG64) -> 1.7368827 | I72: =+NPV(IF(I71=1,$C68,IF(I71=2,$C69,$C70)),J64:$AG64) -> 1.9796372 | J72: =+NPV(IF(J71=1,$C68,IF(J71=2,$C69,$C70)),K64:$AG64) -> 2.2295611 | ... AF72: =+NPV(IF(AF71=1,$C68,IF(AF71=2,$C69,$C70)),AG64:$AG64) -> 1.8948404

Sheet 04-Aux. Calculos
A1: MODELO FINANCEIRO
A2: CÁLCULOS
P5: (Montantes em EUR mil, excepto quando indicado o contrário)
D7: 1 | E7: =+D7+1 -> 2 | F7: =+E7+1 -> 3 | G7: =+F7+1 -> 4 | H7: =+G7+1 -> 5 | I7: =+H7+1 -> 6 | J7: =+I7+1 -> 7 | K7: =+J7+1 -> 8 | L7: =+K7+1 -> 9 | ... AG7: =+AF7+1 -> 30
A9: FLAGS E REFERÊNCIAS
A11: >> | B11: Geral
B13: Vida do fundo | D13: =+IF(D7<='02. Controlo'!$C$10,1,0) -> 1 | E13: =+IF(E7<='02. Controlo'!$C$10,1,0) -> 1 | F13: =+IF(F7<='02. Controlo'!$C$10,1,0) -> 1 | G13: =+IF(G7<='02. Controlo'!$C$10,1,0) -> 1 | H13: =+IF(H7<='02. Controlo'!$C$10,1,0) -> 1 | I13: =+IF(I7<='02. Controlo'!$C$10,1,0) -> 1 | J13: =+IF(J7<='02. Controlo'!$C$10,1,0) -> 1 | K13: =+IF(K7<='02. Controlo'!$C$10,1,0) -> 1 | ... AG13: =+IF(AG7<='02. Controlo'!$C$10,1,0) -> 0
B14: Ultimo período vida do fundo | D14: =+IF(D7='02. Controlo'!$C$10,1,0) -> 0 | E14: =+IF(E7='02. Controlo'!$C$10,1,0) -> 0 | F14: =+IF(F7='02. Controlo'!$C$10,1,0) -> 0 | G14: =+IF(G7='02. Controlo'!$C$10,1,0) -> 0 | H14: =+IF(H7='02. Controlo'!$C$10,1,0) -> 0 | I14: =+IF(I7='02. Controlo'!$C$10,1,0) -> 0 | J14: =+IF(J7='02. Controlo'!$C$10,1,0) -> 0 | K14: =+IF(K7='02. Controlo'!$C$10,1,0) -> 0 | ... AG14: =+IF(AG7='02. Controlo'!$C$10,1,0) -> 0
B15: Período de investimento | D15: =+IF(D7<='02. Controlo'!$C$11,1,0) -> 1 | E15: =+IF(E7<='02. Controlo'!$C$11,1,0) -> 1 | F15: =+IF(F7<='02. Controlo'!$C$11,1,0) -> 1 | G15: =+IF(G7<='02. Controlo'!$C$11,1,0) -> 1 | H15: =+IF(H7<='02. Controlo'!$C$11,1,0) -> 1 | I15: =+IF(I7<='02. Controlo'!$C$11,1,0) -> 0 | J15: =+IF(J7<='02. Controlo'!$C$11,1,0) -> 0 | K15: =+IF(K7<='02. Controlo'!$C$11,1,0) -> 0 | ... AG15: =+IF(AG7<='02. Controlo'!$C$11,1,0) -> 0
B16: Período de desinvestimento | D16: =+IF(D7>('02. Controlo'!$C$10-'02. Controlo'!$C$12),1,0)*D13 -> 0 | E16: =+IF(E7>('02. Controlo'!$C$10-'02. Controlo'!$C$12),1,0)*E13 -> 0 | F16: =+IF(F7>('02. Controlo'!$C$10-'02. Controlo'!$C$12),1,0)*F13 -> 0 | G16: =+IF(G7>('02. Controlo'!$C$10-'02. Controlo'!$C$12),1,0)*G13 -> 0 | H16: =+IF(H7>('02. Controlo'!$C$10-'02. Controlo'!$C$12),1,0)*H13 -> 0 | I16: =+IF(I7>('02. Controlo'!$C$10-'02. Controlo'!$C$12),1,0)*I13 -> 0 | J16: =+IF(J7>('02. Controlo'!$C$10-'02. Controlo'!$C$12),1,0)*J13 -> 1 | K16: =+IF(K7>('02. Controlo'!$C$10-'02. Controlo'!$C$12),1,0)*K13 -> 1 | ... AG16: =+IF(AG7>('02. Controlo'!$C$10-'02. Controlo'!$C$12),1,0)*AG13 -> 0
B17: Número participadas em carteira | D17: =+SUM('02. Controlo'!G52:G71)-SUM('02. Controlo'!G87:G106)+C17 -> 3 | E17: =+SUM('02. Controlo'!H52:H71)-SUM('02. Controlo'!H87:H106)+D17 -> 7 | F17: =+SUM('02. Controlo'!I52:I71)-SUM('02. Controlo'!I87:I106)+E17 -> 13 | G17: =+SUM('02. Controlo'!J52:J71)-SUM('02. Controlo'!J87:J106)+F17 -> 14 | H17: =+SUM('02. Controlo'!K52:K71)-SUM('02. Controlo'!K87:K106)+G17 -> 14 | I17: =+SUM('02. Controlo'!L52:L71)-SUM('02. Controlo'!L87:L106)+H17 -> 14 | J17: =+SUM('02. Controlo'!M52:M71)-SUM('02. Controlo'!M87:M106)+I17 -> 11 | K17: =+SUM('02. Controlo'!N52:N71)-SUM('02. Controlo'!N87:N106)+J17 -> 6 | ... AG17: =+SUM('02. Controlo'!AJ52:AJ71)-SUM('02. Controlo'!AJ87:AJ106)+AF17 -> 0
B18: Índice inflação | C18: 1 | D18: =+C18*(1+'02. Controlo'!$C$16) -> 1.025 | E18: =+D18*(1+'02. Controlo'!$C$16) -> 1.050625 | F18: =+E18*(1+'02. Controlo'!$C$16) -> 1.0768906 | G18: =+F18*(1+'02. Controlo'!$C$16) -> 1.1038129 | H18: =+G18*(1+'02. Controlo'!$C$16) -> 1.1314082 | I18: =+H18*(1+'02. Controlo'!$C$16) -> 1.1596934 | J18: =+I18*(1+'02. Controlo'!$C$16) -> 1.1886858 | K18: =+J18*(1+'02. Controlo'!$C$16) -> 1.2184029 | ... AG18: =+AF18*(1+'02. Controlo'!$C$16) -> 2.0975676
A20: >> | B20: Carteira activa
B22: Entradas
B23: 1 | D23: =+IF(AND(D$7>='02. Controlo'!$G$50,'04-Aux. Calculos'!D$7<='02. Controlo'!$P$50),'02. Controlo'!G52,0) -> 0 | E23: =+IF(AND(E$7>='02. Controlo'!$G$50,'04-Aux. Calculos'!E$7<='02. Controlo'!$P$50),'02. Controlo'!H52,0) -> 1 | F23: =+IF(AND(F$7>='02. Controlo'!$G$50,'04-Aux. Calculos'!F$7<='02. Controlo'!$P$50),'02. Controlo'!I52,0) -> 0 | G23: =+IF(AND(G$7>='02. Controlo'!$G$50,'04-Aux. Calculos'!G$7<='02. Controlo'!$P$50),'02. Controlo'!J52,0) -> 0 | H23: =+IF(AND(H$7>='02. Controlo'!$G$50,'04-Aux. Calculos'!H$7<='02. Controlo'!$P$50),'02. Controlo'!K52,0) -> 0 | I23: =+IF(AND(I$7>='02. Controlo'!$G$50,'04-Aux. Calculos'!I$7<='02. Controlo'!$P$50),'02. Controlo'!L52,0) -> 0 | J23: =+IF(AND(J$7>='02. Controlo'!$G$50,'04-Aux. Calculos'!J$7<='02. Controlo'!$P$50),'02. Controlo'!M52,0) -> 0 | K23: =+IF(AND(K$7>='02. Controlo'!$G$50,'04-Aux. Calculos'!K$7<='02. Controlo'!$P$50),'02. Controlo'!N52,0) -> 0 | ... AG23: =+IF(AND(AG$7>='02. Controlo'!$G$50,'04-Aux. Calculos'!AG$7<='02. Controlo'!$P$50),'02. Controlo'!AJ52,0) -> 0
B24: 2 | D24: =+IF(AND(D$7>='02. Controlo'!$G$50,'04-Aux. Calculos'!D$7<='02. Controlo'!$P$50),'02. Controlo'!G53,0) -> 0 | E24: =+IF(AND(E$7>='02. Controlo'!$G$50,'04-Aux. Calculos'!E$7<='02. Controlo'!$P$50),'02. Controlo'!H53,0) -> 1 | F24: =+IF(AND(F$7>='02. Controlo'!$G$50,'04-Aux. Calculos'!F$7<='02. Controlo'!$P$50),'02. Controlo'!I53,0) -> 0 | G24: =+IF(AND(G$7>='02. Controlo'!$G$50,'04-Aux. Calculos'!G$7<='02. Controlo'!$P$50),'02. Controlo'!J53,0) -> 0 | H24: =+IF(AND(H$7>='02. Controlo'!$G$50,'04-Aux. Calculos'!H$7<='02. Controlo'!$P$50),'02. Controlo'!K53,0) -> 0 | I24: =+IF(AND(I$7>='02. Controlo'!$G$50,'04-Aux. Calculos'!I$7<='02. Controlo'!$P$50),'02. Controlo'!L53,0) -> 0 | J24: =+IF(AND(J$7>='02. Controlo'!$G$50,'04-Aux. Calculos'!J$7<='02. Controlo'!$P$50),'02. Controlo'!M53,0) -> 0 | K24: =+IF(AND(K$7>='02. Controlo'!$G$50,'04-Aux. Calculos'!K$7<='02. Controlo'!$P$50),'02. Controlo'!N53,0) -> 0 | ... AG24: =+IF(AND(AG$7>='02. Controlo'!$G$50,'04-Aux. Calculos'!AG$7<='02. Controlo'!$P$50),'02. Controlo'!AJ53,0) -> 0
B25: 3 | D25: =+IF(AND(D$7>='02. Controlo'!$G$50,'04-Aux. Calculos'!D$7<='02. Controlo'!$P$50),'02. Controlo'!G54,0) -> 0 | E25: =+IF(AND(E$7>='02. Controlo'!$G$50,'04-Aux. Calculos'!E$7<='02. Controlo'!$P$50),'02. Controlo'!H54,0) -> 0 | F25: =+IF(AND(F$7>='02. Controlo'!$G$50,'04-Aux. Calculos'!F$7<='02. Controlo'!$P$50),'02. Controlo'!I54,0) -> 1 | G25: =+IF(AND(G$7>='02. Controlo'!$G$50,'04-Aux. Calculos'!G$7<='02. Controlo'!$P$50),'02. Controlo'!J54,0) -> 0 | H25: =+IF(AND(H$7>='02. Controlo'!$G$50,'04-Aux. Calculos'!H$7<='02. Controlo'!$P$50),'02. Controlo'!K54,0) -> 0 | I25: =+IF(AND(I$7>='02. Controlo'!$G$50,'04-Aux. Calculos'!I$7<='02. Controlo'!$P$50),'02. Controlo'!L54,0) -> 0 | J25: =+IF(AND(J$7>='02. Controlo'!$G$50,'04-Aux. Calculos'!J$7<='02. Controlo'!$P$50),'02. Controlo'!M54,0) -> 0 | K25: =+IF(AND(K$7>='02. Controlo'!$G$50,'04-Aux. Calculos'!K$7<='02. Controlo'!$P$50),'02. Controlo'!N54,0) -> 0 | ... AG25: =+IF(AND(AG$7>='02. Controlo'!$G$50,'04-Aux. Calculos'!AG$7<='02. Controlo'!$P$50),'02. Controlo'!AJ54,0) -> 0
B26: 4 | D26: =+IF(AND(D$7>='02. Controlo'!$G$50,'04-Aux. Calculos'!D$7<='02. Controlo'!$P$50),'02. Controlo'!G55,0) -> 1 | E26: =+IF(AND(E$7>='02. Controlo'!$G$50,'04-Aux. Calculos'!E$7<='02. Controlo'!$P$50),'02. Controlo'!H55,0) -> 0 | F26: =+IF(AND(F$7>='02. Controlo'!$G$50,'04-Aux. Calculos'!F$7<='02. Controlo'!$P$50),'02. Controlo'!I55,0) -> 0 | G26: =+IF(AND(G$7>='02. Controlo'!$G$50,'04-Aux. Calculos'!G$7<='02. Controlo'!$P$50),'02. Controlo'!J55,0) -> 0 | H26: =+IF(AND(H$7>='02. Controlo'!$G$50,'04-Aux. Calculos'!H$7<='02. Controlo'!$P$50),'02. Controlo'!K55,0) -> 0 | I26: =+IF(AND(I$7>='02. Controlo'!$G$50,'04-Aux. Calculos'!I$7<='02. Controlo'!$P$50),'02. Controlo'!L55,0) -> 0 | J26: =+IF(AND(J$7>='02. Controlo'!$G$50,'04-Aux. Calculos'!J$7<='02. Controlo'!$P$50),'02. Controlo'!M55,0) -> 0 | K26: =+IF(AND(K$7>='02. Controlo'!$G$50,'04-Aux. Calculos'!K$7<='02. Controlo'!$P$50),'02. Controlo'!N55,0) -> 0 | ... AG26: =+IF(AND(AG$7>='02. Controlo'!$G$50,'04-Aux. Calculos'!AG$7<='02. Controlo'!$P$50),'02. Controlo'!AJ55,0) -> 0
B27: 5 | D27: =+IF(AND(D$7>='02. Controlo'!$G$50,'04-Aux. Calculos'!D$7<='02. Controlo'!$P$50),'02. Controlo'!G56,0) -> 0 | E27: =+IF(AND(E$7>='02. Controlo'!$G$50,'04-Aux. Calculos'!E$7<='02. Controlo'!$P$50),'02. Controlo'!H56,0) -> 0 | F27: =+IF(AND(F$7>='02. Controlo'!$G$50,'04-Aux. Calculos'!F$7<='02. Controlo'!$P$50),'02. Controlo'!I56,0) -> 1 | G27: =+IF(AND(G$7>='02. Controlo'!$G$50,'04-Aux. Calculos'!G$7<='02. Controlo'!$P$50),'02. Controlo'!J56,0) -> 0 | H27: =+IF(AND(H$7>='02. Controlo'!$G$50,'04-Aux. Calculos'!H$7<='02. Controlo'!$P$50),'02. Controlo'!K56,0) -> 0 | I27: =+IF(AND(I$7>='02. Controlo'!$G$50,'04-Aux. Calculos'!I$7<='02. Controlo'!$P$50),'02. Controlo'!L56,0) -> 0 | J27: =+IF(AND(J$7>='02. Controlo'!$G$50,'04-Aux. Calculos'!J$7<='02. Controlo'!$P$50),'02. Controlo'!M56,0) -> 0 | K27: =+IF(AND(K$7>='02. Controlo'!$G$50,'04-Aux. Calculos'!K$7<='02. Controlo'!$P$50),'02. Controlo'!N56,0) -> 0 | ... AG27: =+IF(AND(AG$7>='02. Controlo'!$G$50,'04-Aux. Calculos'!AG$7<='02. Controlo'!$P$50),'02. Controlo'!AJ56,0) -> 0
B28: 6 | D28: =+IF(AND(D$7>='02. Controlo'!$G$50,'04-Aux. Calculos'!D$7<='02. Controlo'!$P$50),'02. Controlo'!G57,0) -> 0 | E28: =+IF(AND(E$7>='02. Controlo'!$G$50,'04-Aux. Calculos'!E$7<='02. Controlo'!$P$50),'02. Controlo'!H57,0) -> 1 | F28: =+IF(AND(F$7>='02. Controlo'!$G$50,'04-Aux. Calculos'!F$7<='02. Controlo'!$P$50),'02. Controlo'!I57,0) -> 0 | G28: =+IF(AND(G$7>='02. Controlo'!$G$50,'04-Aux. Calculos'!G$7<='02. Controlo'!$P$50),'02. Controlo'!J57,0) -> 0 | H28: =+IF(AND(H$7>='02. Controlo'!$G$50,'04-Aux. Calculos'!H$7<='02. Controlo'!$P$50),'02. Controlo'!K57,0) -> 0 | I28: =+IF(AND(I$7>='02. Controlo'!$G$50,'04-Aux. Calculos'!I$7<='02. Controlo'!$P$50),'02. Controlo'!L57,0) -> 0 | J28: =+IF(AND(J$7>='02. Controlo'!$G$50,'04-Aux. Calculos'!J$7<='02. Controlo'!$P$50),'02. Controlo'!M57,0) -> 0 | K28: =+IF(AND(K$7>='02. Controlo'!$G$50,'04-Aux. Calculos'!K$7<='02. Controlo'!$P$50),'02. Controlo'!N57,0) -> 0 | ... AG28: =+IF(AND(AG$7>='02. Controlo'!$G$50,'04-Aux. Calculos'!AG$7<='02. Controlo'!$P$50),'02. Controlo'!AJ57,0) -> 0
B29: 7 | D29: =+IF(AND(D$7>='02. Controlo'!$G$50,'04-Aux. Calculos'!D$7<='02. Controlo'!$P$50),'02. Controlo'!G58,0) -> 0 | E29: =+IF(AND(E$7>='02. Controlo'!$G$50,'04-Aux. Calculos'!E$7<='02. Controlo'!$P$50),'02. Controlo'!H58,0) -> 0 | F29: =+IF(AND(F$7>='02. Controlo'!$G$50,'04-Aux. Calculos'!F$7<='02. Controlo'!$P$50),'02. Controlo'!I58,0) -> 1 | G29: =+IF(AND(G$7>='02. Controlo'!$G$50,'04-Aux. Calculos'!G$7<='02. Controlo'!$P$50),'02. Controlo'!J58,0) -> 0 | H29: =+IF(AND(H$7>='02. Controlo'!$G$50,'04-Aux. Calculos'!H$7<='02. Controlo'!$P$50),'02. Controlo'!K58,0) -> 0 | I29: =+IF(AND(I$7>='02. Controlo'!$G$50,'04-Aux. Calculos'!I$7<='02. Controlo'!$P$50),'02. Controlo'!L58,0) -> 0 | J29: =+IF(AND(J$7>='02. Controlo'!$G$50,'04-Aux. Calculos'!J$7<='02. Controlo'!$P$50),'02. Controlo'!M58,0) -> 0 | K29: =+IF(AND(K$7>='02. Controlo'!$G$50,'04-Aux. Calculos'!K$7<='02. Controlo'!$P$50),'02. Controlo'!N58,0) -> 0 | ... AG29: =+IF(AND(AG$7>='02. Controlo'!$G$50,'04-Aux. Calculos'!AG$7<='02. Controlo'!$P$50),'02. Controlo'!AJ58,0) -> 0
B30: 8 | D30: =+IF(AND(D$7>='02. Controlo'!$G$50,'04-Aux. Calculos'!D$7<='02. Controlo'!$P$50),'02. Controlo'!G59,0) -> 0 | E30: =+IF(AND(E$7>='02. Controlo'!$G$50,'04-Aux. Calculos'!E$7<='02. Controlo'!$P$50),'02. Controlo'!H59,0) -> 0 | F30: =+IF(AND(F$7>='02. Controlo'!$G$50,'04-Aux. Calculos'!F$7<='02. Controlo'!$P$50),'02. Controlo'!I59,0) -> 0 | G30: =+IF(AND(G$7>='02. Controlo'!$G$50,'04-Aux. Calculos'!G$7<='02. Controlo'!$P$50),'02. Controlo'!J59,0) -> 1 | H30: =+IF(AND(H$7>='02. Controlo'!$G$50,'04-Aux. Calculos'!H$7<='02. Controlo'!$P$50),'02. Controlo'!K59,0) -> 0 | I30: =+IF(AND(I$7>='02. Controlo'!$G$50,'04-Aux. Calculos'!I$7<='02. Controlo'!$P$50),'02. Controlo'!L59,0) -> 0 | J30: =+IF(AND(J$7>='02. Controlo'!$G$50,'04-Aux. Calculos'!J$7<='02. Controlo'!$P$50),'02. Controlo'!M59,0) -> 0 | K30: =+IF(AND(K$7>='02. Controlo'!$G$50,'04-Aux. Calculos'!K$7<='02. Controlo'!$P$50),'02. Controlo'!N59,0) -> 0 | ... AG30: =+IF(AND(AG$7>='02. Controlo'!$G$50,'04-Aux. Calculos'!AG$7<='02. Controlo'!$P$50),'02. Controlo'!AJ59,0) -> 0
B31: 9 | D31: =+IF(AND(D$7>='02. Controlo'!$G$50,'04-Aux. Calculos'!D$7<='02. Controlo'!$P$50),'02. Controlo'!G60,0) -> 0 | E31: =+IF(AND(E$7>='02. Controlo'!$G$50,'04-Aux. Calculos'!E$7<='02. Controlo'!$P$50),'02. Controlo'!H60,0) -> 0 | F31: =+IF(AND(F$7>='02. Controlo'!$G$50,'04-Aux. Calculos'!F$7<='02. Controlo'!$P$50),'02. Controlo'!I60,0) -> 1 | G31: =+IF(AND(G$7>='02. Controlo'!$G$50,'04-Aux. Calculos'!G$7<='02. Controlo'!$P$50),'02. Controlo'!J60,0) -> 0 | H31: =+IF(AND(H$7>='02. Controlo'!$G$50,'04-Aux. Calculos'!H$7<='02. Controlo'!$P$50),'02. Controlo'!K60,0) -> 0 | I31: =+IF(AND(I$7>='02. Controlo'!$G$50,'04-Aux. Calculos'!I$7<='02. Controlo'!$P$50),'02. Controlo'!L60,0) -> 0 | J31: =+IF(AND(J$7>='02. Controlo'!$G$50,'04-Aux. Calculos'!J$7<='02. Controlo'!$P$50),'02. Controlo'!M60,0) -> 0 | K31: =+IF(AND(K$7>='02. Controlo'!$G$50,'04-Aux. Calculos'!K$7<='02. Controlo'!$P$50),'02. Controlo'!N60,0) -> 0 | ... AG31: =+IF(AND(AG$7>='02. Controlo'!$G$50,'04-Aux. Calculos'!AG$7<='02. Controlo'!$P$50),'02. Controlo'!AJ60,0) -> 0
B32: 10 | D32: =+IF(AND(D$7>='02. Controlo'!$G$50,'04-Aux. Calculos'!D$7<='02. Controlo'!$P$50),'02. Controlo'!G61,0) -> 1 | E32: =+IF(AND(E$7>='02. Controlo'!$G$50,'04-Aux. Calculos'!E$7<='02. Controlo'!$P$50),'02. Controlo'!H61,0) -> 0 | F32: =+IF(AND(F$7>='02. Controlo'!$G$50,'04-Aux. Calculos'!F$7<='02. Controlo'!$P$50),'02. Controlo'!I61,0) -> 0 | G32: =+IF(AND(G$7>='02. Controlo'!$G$50,'04-Aux. Calculos'!G$7<='02. Controlo'!$P$50),'02. Controlo'!J61,0) -> 0 | H32: =+IF(AND(H$7>='02. Controlo'!$G$50,'04-Aux. Calculos'!H$7<='02. Controlo'!$P$50),'02. Controlo'!K61,0) -> 0 | I32: =+IF(AND(I$7>='02. Controlo'!$G$50,'04-Aux. Calculos'!I$7<='02. Controlo'!$P$50),'02. Controlo'!L61,0) -> 0 | J32: =+IF(AND(J$7>='02. Controlo'!$G$50,'04-Aux. Calculos'!J$7<='02. Controlo'!$P$50),'02. Controlo'!M61,0) -> 0 | K32: =+IF(AND(K$7>='02. Controlo'!$G$50,'04-Aux. Calculos'!K$7<='02. Controlo'!$P$50),'02. Controlo'!N61,0) -> 0 | ... AG32: =+IF(AND(AG$7>='02. Controlo'!$G$50,'04-Aux. Calculos'!AG$7<='02. Controlo'!$P$50),'02. Controlo'!AJ61,0) -> 0
B33: 11 | D33: =+IF(AND(D$7>='02. Controlo'!$G$50,'04-Aux. Calculos'!D$7<='02. Controlo'!$P$50),'02. Controlo'!G62,0) -> 0 | E33: =+IF(AND(E$7>='02. Controlo'!$G$50,'04-Aux. Calculos'!E$7<='02. Controlo'!$P$50),'02. Controlo'!H62,0) -> 1 | F33: =+IF(AND(F$7>='02. Controlo'!$G$50,'04-Aux. Calculos'!F$7<='02. Controlo'!$P$50),'02. Controlo'!I62,0) -> 0 | G33: =+IF(AND(G$7>='02. Controlo'!$G$50,'04-Aux. Calculos'!G$7<='02. Controlo'!$P$50),'02. Controlo'!J62,0) -> 0 | H33: =+IF(AND(H$7>='02. Controlo'!$G$50,'04-Aux. Calculos'!H$7<='02. Controlo'!$P$50),'02. Controlo'!K62,0) -> 0 | I33: =+IF(AND(I$7>='02. Controlo'!$G$50,'04-Aux. Calculos'!I$7<='02. Controlo'!$P$50),'02. Controlo'!L62,0) -> 0 | J33: =+IF(AND(J$7>='02. Controlo'!$G$50,'04-Aux. Calculos'!J$7<='02. Controlo'!$P$50),'02. Controlo'!M62,0) -> 0 | K33: =+IF(AND(K$7>='02. Controlo'!$G$50,'04-Aux. Calculos'!K$7<='02. Controlo'!$P$50),'02. Controlo'!N62,0) -> 0 | ... AG33: =+IF(AND(AG$7>='02. Controlo'!$G$50,'04-Aux. Calculos'!AG$7<='02. Controlo'!$P$50),'02. Controlo'!AJ62,0) -> 0
B34: 12 | D34: =+IF(AND(D$7>='02. Controlo'!$G$50,'04-Aux. Calculos'!D$7<='02. Controlo'!$P$50),'02. Controlo'!G63,0) -> 1 | E34: =+IF(AND(E$7>='02. Controlo'!$G$50,'04-Aux. Calculos'!E$7<='02. Controlo'!$P$50),'02. Controlo'!H63,0) -> 0 | F34: =+IF(AND(F$7>='02. Controlo'!$G$50,'04-Aux. Calculos'!F$7<='02. Controlo'!$P$50),'02. Controlo'!I63,0) -> 0 | G34: =+IF(AND(G$7>='02. Controlo'!$G$50,'04-Aux. Calculos'!G$7<='02. Controlo'!$P$50),'02. Controlo'!J63,0) -> 0 | H34: =+IF(AND(H$7>='02. Controlo'!$G$50,'04-Aux. Calculos'!H$7<='02. Controlo'!$P$50),'02. Controlo'!K63,0) -> 0 | I34: =+IF(AND(I$7>='02. Controlo'!$G$50,'04-Aux. Calculos'!I$7<='02. Controlo'!$P$50),'02. Controlo'!L63,0) -> 0 | J34: =+IF(AND(J$7>='02. Controlo'!$G$50,'04-Aux. Calculos'!J$7<='02. Controlo'!$P$50),'02. Controlo'!M63,0) -> 0 | K34: =+IF(AND(K$7>='02. Controlo'!$G$50,'04-Aux. Calculos'!K$7<='02. Controlo'!$P$50),'02. Controlo'!N63,0) -> 0 | ... AG34: =+IF(AND(AG$7>='02. Controlo'!$G$50,'04-Aux. Calculos'!AG$7<='02. Controlo'!$P$50),'02. Controlo'!AJ63,0) -> 0
... B42: 20 | D42: =+IF(AND(D$7>='02. Controlo'!$G$50,'04-Aux. Calculos'!D$7<='02. Controlo'!$P$50),'02. Controlo'!G71,0) -> 0 | E42: =+IF(AND(E$7>='02. Controlo'!$G$50,'04-Aux. Calculos'!E$7<='02. Controlo'!$P$50),'02. Controlo'!H71,0) -> 0 | F42: =+IF(AND(F$7>='02. Controlo'!$G$50,'04-Aux. Calculos'!F$7<='02. Controlo'!$P$50),'02. Controlo'!I71,0) -> 0 | G42: =+IF(AND(G$7>='02. Controlo'!$G$50,'04-Aux. Calculos'!G$7<='02. Controlo'!$P$50),'02. Controlo'!J71,0) -> 0 | H42: =+IF(AND(H$7>='02. Controlo'!$G$50,'04-Aux. Calculos'!H$7<='02. Controlo'!$P$50),'02. Controlo'!K71,0) -> 0 | I42: =+IF(AND(I$7>='02. Controlo'!$G$50,'04-Aux. Calculos'!I$7<='02. Controlo'!$P$50),'02. Controlo'!L71,0) -> 0 | J42: =+IF(AND(J$7>='02. Controlo'!$G$50,'04-Aux. Calculos'!J$7<='02. Controlo'!$P$50),'02. Controlo'!M71,0) -> 0 | K42: =+IF(AND(K$7>='02. Controlo'!$G$50,'04-Aux. Calculos'!K$7<='02. Controlo'!$P$50),'02. Controlo'!N71,0) -> 0 | ... AG42: =+IF(AND(AG$7>='02. Controlo'!$G$50,'04-Aux. Calculos'!AG$7<='02. Controlo'!$P$50),'02. Controlo'!AJ71,0) -> 0
B44: Saídas
B45: 1 | D45: =+IF(AND(D$7>='02. Controlo'!$G$85,'04-Aux. Calculos'!D$7<='02. Controlo'!$P$85),HLOOKUP(D$7,'02. Controlo'!$G$85:$P$106,$B23+2),0) -> 0 | E45: =+IF(AND(E$7>='02. Controlo'!$G$85,'04-Aux. Calculos'!E$7<='02. Controlo'!$P$85),HLOOKUP(E$7,'02. Controlo'!$G$85:$P$106,$B23+2),0) -> 0 | F45: =+IF(AND(F$7>='02. Controlo'!$G$85,'04-Aux. Calculos'!F$7<='02. Controlo'!$P$85),HLOOKUP(F$7,'02. Controlo'!$G$85:$P$106,$B23+2),0) -> 0 | G45: =+IF(AND(G$7>='02. Controlo'!$G$85,'04-Aux. Calculos'!G$7<='02. Controlo'!$P$85),HLOOKUP(G$7,'02. Controlo'!$G$85:$P$106,$B23+2),0) -> 0 | H45: =+IF(AND(H$7>='02. Controlo'!$G$85,'04-Aux. Calculos'!H$7<='02. Controlo'!$P$85),HLOOKUP(H$7,'02. Controlo'!$G$85:$P$106,$B23+2),0) -> 0 | I45: =+IF(AND(I$7>='02. Controlo'!$G$85,'04-Aux. Calculos'!I$7<='02. Controlo'!$P$85),HLOOKUP(I$7,'02. Controlo'!$G$85:$P$106,$B23+2),0) -> 0 | J45: =+IF(AND(J$7>='02. Controlo'!$G$85,'04-Aux. Calculos'!J$7<='02. Controlo'!$P$85),HLOOKUP(J$7,'02. Controlo'!$G$85:$P$106,$B23+2),0) -> 1 | K45: =+IF(AND(K$7>='02. Controlo'!$G$85,'04-Aux. Calculos'!K$7<='02. Controlo'!$P$85),HLOOKUP(K$7,'02. Controlo'!$G$85:$P$106,$B23+2),0) -> 0 | ... AG45: =+IF(AND(AG$7>='02. Controlo'!$G$85,'04-Aux. Calculos'!AG$7<='02. Controlo'!$P$85),HLOOKUP(AG$7,'02. Controlo'!$G$85:$P$106,$B23+2),0) -> 0
B46: 2 | D46: =+IF(AND(D$7>='02. Controlo'!$G$85,'04-Aux. Calculos'!D$7<='02. Controlo'!$P$85),HLOOKUP(D$7,'02. Controlo'!$G$85:$P$106,$B24+2),0) -> 0 | E46: =+IF(AND(E$7>='02. Controlo'!$G$85,'04-Aux. Calculos'!E$7<='02. Controlo'!$P$85),HLOOKUP(E$7,'02. Controlo'!$G$85:$P$106,$B24+2),0) -> 0 | F46: =+IF(AND(F$7>='02. Controlo'!$G$85,'04-Aux. Calculos'!F$7<='02. Controlo'!$P$85),HLOOKUP(F$7,'02. Controlo'!$G$85:$P$106,$B24+2),0) -> 0 | G46: =+IF(AND(G$7>='02. Controlo'!$G$85,'04-Aux. Calculos'!G$7<='02. Controlo'!$P$85),HLOOKUP(G$7,'02. Controlo'!$G$85:$P$106,$B24+2),0) -> 0 | H46: =+IF(AND(H$7>='02. Controlo'!$G$85,'04-Aux. Calculos'!H$7<='02. Controlo'!$P$85),HLOOKUP(H$7,'02. Controlo'!$G$85:$P$106,$B24+2),0) -> 0 | I46: =+IF(AND(I$7>='02. Controlo'!$G$85,'04-Aux. Calculos'!I$7<='02. Controlo'!$P$85),HLOOKUP(I$7,'02. Controlo'!$G$85:$P$106,$B24+2),0) -> 0 | J46: =+IF(AND(J$7>='02. Controlo'!$G$85,'04-Aux. Calculos'!J$7<='02. Controlo'!$P$85),HLOOKUP(J$7,'02. Controlo'!$G$85:$P$106,$B24+2),0) -> 0 | K46: =+IF(AND(K$7>='02. Controlo'!$G$85,'04-Aux. Calculos'!K$7<='02. Controlo'!$P$85),HLOOKUP(K$7,'02. Controlo'!$G$85:$P$106,$B24+2),0) -> 1 | ... AG46: =+IF(AND(AG$7>='02. Controlo'!$G$85,'04-Aux. Calculos'!AG$7<='02. Controlo'!$P$85),HLOOKUP(AG$7,'02. Controlo'!$G$85:$P$106,$B24+2),0) -> 0
B47: 3 | D47: =+IF(AND(D$7>='02. Controlo'!$G$85,'04-Aux. Calculos'!D$7<='02. Controlo'!$P$85),HLOOKUP(D$7,'02. Controlo'!$G$85:$P$106,$B25+2),0) -> 0 | E47: =+IF(AND(E$7>='02. Controlo'!$G$85,'04-Aux. Calculos'!E$7<='02. Controlo'!$P$85),HLOOKUP(E$7,'02. Controlo'!$G$85:$P$106,$B25+2),0) -> 0 | F47: =+IF(AND(F$7>='02. Controlo'!$G$85,'04-Aux. Calculos'!F$7<='02. Controlo'!$P$85),HLOOKUP(F$7,'02. Controlo'!$G$85:$P$106,$B25+2),0) -> 0 | G47: =+IF(AND(G$7>='02. Controlo'!$G$85,'04-Aux. Calculos'!G$7<='02. Controlo'!$P$85),HLOOKUP(G$7,'02. Controlo'!$G$85:$P$106,$B25+2),0) -> 0 | H47: =+IF(AND(H$7>='02. Controlo'!$G$85,'04-Aux. Calculos'!H$7<='02. Controlo'!$P$85),HLOOKUP(H$7,'02. Controlo'!$G$85:$P$106,$B25+2),0) -> 0 | I47: =+IF(AND(I$7>='02. Controlo'!$G$85,'04-Aux. Calculos'!I$7<='02. Controlo'!$P$85),HLOOKUP(I$7,'02. Controlo'!$G$85:$P$106,$B25+2),0) -> 0 | J47: =+IF(AND(J$7>='02. Controlo'!$G$85,'04-Aux. Calculos'!J$7<='02. Controlo'!$P$85),HLOOKUP(J$7,'02. Controlo'!$G$85:$P$106,$B25+2),0) -> 0 | K47: =+IF(AND(K$7>='02. Controlo'!$G$85,'04-Aux. Calculos'!K$7<='02. Controlo'!$P$85),HLOOKUP(K$7,'02. Controlo'!$G$85:$P$106,$B25+2),0) -> 1 | ... AG47: =+IF(AND(AG$7>='02. Controlo'!$G$85,'04-Aux. Calculos'!AG$7<='02. Controlo'!$P$85),HLOOKUP(AG$7,'02. Controlo'!$G$85:$P$106,$B25+2),0) -> 0
B48: 4 | D48: =+IF(AND(D$7>='02. Controlo'!$G$85,'04-Aux. Calculos'!D$7<='02. Controlo'!$P$85),HLOOKUP(D$7,'02. Controlo'!$G$85:$P$106,$B26+2),0) -> 0 | E48: =+IF(AND(E$7>='02. Controlo'!$G$85,'04-Aux. Calculos'!E$7<='02. Controlo'!$P$85),HLOOKUP(E$7,'02. Controlo'!$G$85:$P$106,$B26+2),0) -> 0 | F48: =+IF(AND(F$7>='02. Controlo'!$G$85,'04-Aux. Calculos'!F$7<='02. Controlo'!$P$85),HLOOKUP(F$7,'02. Controlo'!$G$85:$P$106,$B26+2),0) -> 0 | G48: =+IF(AND(G$7>='02. Controlo'!$G$85,'04-Aux. Calculos'!G$7<='02. Controlo'!$P$85),HLOOKUP(G$7,'02. Controlo'!$G$85:$P$106,$B26+2),0) -> 0 | H48: =+IF(AND(H$7>='02. Controlo'!$G$85,'04-Aux. Calculos'!H$7<='02. Controlo'!$P$85),HLOOKUP(H$7,'02. Controlo'!$G$85:$P$106,$B26+2),0) -> 0 | I48: =+IF(AND(I$7>='02. Controlo'!$G$85,'04-Aux. Calculos'!I$7<='02. Controlo'!$P$85),HLOOKUP(I$7,'02. Controlo'!$G$85:$P$106,$B26+2),0) -> 0 | J48: =+IF(AND(J$7>='02. Controlo'!$G$85,'04-Aux. Calculos'!J$7<='02. Controlo'!$P$85),HLOOKUP(J$7,'02. Controlo'!$G$85:$P$106,$B26+2),0) -> 1 | K48: =+IF(AND(K$7>='02. Controlo'!$G$85,'04-Aux. Calculos'!K$7<='02. Controlo'!$P$85),HLOOKUP(K$7,'02. Controlo'!$G$85:$P$106,$B26+2),0) -> 0 | ... AG48: =+IF(AND(AG$7>='02. Controlo'!$G$85,'04-Aux. Calculos'!AG$7<='02. Controlo'!$P$85),HLOOKUP(AG$7,'02. Controlo'!$G$85:$P$106,$B26+2),0) -> 0
B49: 5 | D49: =+IF(AND(D$7>='02. Controlo'!$G$85,'04-Aux. Calculos'!D$7<='02. Controlo'!$P$85),HLOOKUP(D$7,'02. Controlo'!$G$85:$P$106,$B27+2),0) -> 0 | E49: =+IF(AND(E$7>='02. Controlo'!$G$85,'04-Aux. Calculos'!E$7<='02. Controlo'!$P$85),HLOOKUP(E$7,'02. Controlo'!$G$85:$P$106,$B27+2),0) -> 0 | F49: =+IF(AND(F$7>='02. Controlo'!$G$85,'04-Aux. Calculos'!F$7<='02. Controlo'!$P$85),HLOOKUP(F$7,'02. Controlo'!$G$85:$P$106,$B27+2),0) -> 0 | G49: =+IF(AND(G$7>='02. Controlo'!$G$85,'04-Aux. Calculos'!G$7<='02. Controlo'!$P$85),HLOOKUP(G$7,'02. Controlo'!$G$85:$P$106,$B27+2),0) -> 0 | H49: =+IF(AND(H$7>='02. Controlo'!$G$85,'04-Aux. Calculos'!H$7<='02. Controlo'!$P$85),HLOOKUP(H$7,'02. Controlo'!$G$85:$P$106,$B27+2),0) -> 0 | I49: =+IF(AND(I$7>='02. Controlo'!$G$85,'04-Aux. Calculos'!I$7<='02. Controlo'!$P$85),HLOOKUP(I$7,'02. Controlo'!$G$85:$P$106,$B27+2),0) -> 0 | J49: =+IF(AND(J$7>='02. Controlo'!$G$85,'04-Aux. Calculos'!J$7<='02. Controlo'!$P$85),HLOOKUP(J$7,'02. Controlo'!$G$85:$P$106,$B27+2),0) -> 0 | K49: =+IF(AND(K$7>='02. Controlo'!$G$85,'04-Aux. Calculos'!K$7<='02. Controlo'!$P$85),HLOOKUP(K$7,'02. Controlo'!$G$85:$P$106,$B27+2),0) -> 0 | ... AG49: =+IF(AND(AG$7>='02. Controlo'!$G$85,'04-Aux. Calculos'!AG$7<='02. Controlo'!$P$85),HLOOKUP(AG$7,'02. Controlo'!$G$85:$P$106,$B27+2),0) -> 0
B50: 6 | D50: =+IF(AND(D$7>='02. Controlo'!$G$85,'04-Aux. Calculos'!D$7<='02. Controlo'!$P$85),HLOOKUP(D$7,'02. Controlo'!$G$85:$P$106,$B28+2),0) -> 0 | E50: =+IF(AND(E$7>='02. Controlo'!$G$85,'04-Aux. Calculos'!E$7<='02. Controlo'!$P$85),HLOOKUP(E$7,'02. Controlo'!$G$85:$P$106,$B28+2),0) -> 0 | F50: =+IF(AND(F$7>='02. Controlo'!$G$85,'04-Aux. Calculos'!F$7<='02. Controlo'!$P$85),HLOOKUP(F$7,'02. Controlo'!$G$85:$P$106,$B28+2),0) -> 0 | G50: =+IF(AND(G$7>='02. Controlo'!$G$85,'04-Aux. Calculos'!G$7<='02. Controlo'!$P$85),HLOOKUP(G$7,'02. Controlo'!$G$85:$P$106,$B28+2),0) -> 0 | H50: =+IF(AND(H$7>='02. Controlo'!$G$85,'04-Aux. Calculos'!H$7<='02. Controlo'!$P$85),HLOOKUP(H$7,'02. Controlo'!$G$85:$P$106,$B28+2),0) -> 0 | I50: =+IF(AND(I$7>='02. Controlo'!$G$85,'04-Aux. Calculos'!I$7<='02. Controlo'!$P$85),HLOOKUP(I$7,'02. Controlo'!$G$85:$P$106,$B28+2),0) -> 0 | J50: =+IF(AND(J$7>='02. Controlo'!$G$85,'04-Aux. Calculos'!J$7<='02. Controlo'!$P$85),HLOOKUP(J$7,'02. Controlo'!$G$85:$P$106,$B28+2),0) -> 0 | K50: =+IF(AND(K$7>='02. Controlo'!$G$85,'04-Aux. Calculos'!K$7<='02. Controlo'!$P$85),HLOOKUP(K$7,'02. Controlo'!$G$85:$P$106,$B28+2),0) -> 0 | ... AG50: =+IF(AND(AG$7>='02. Controlo'!$G$85,'04-Aux. Calculos'!AG$7<='02. Controlo'!$P$85),HLOOKUP(AG$7,'02. Controlo'!$G$85:$P$106,$B28+2),0) -> 0
B51: 7 | D51: =+IF(AND(D$7>='02. Controlo'!$G$85,'04-Aux. Calculos'!D$7<='02. Controlo'!$P$85),HLOOKUP(D$7,'02. Controlo'!$G$85:$P$106,$B29+2),0) -> 0 | E51: =+IF(AND(E$7>='02. Controlo'!$G$85,'04-Aux. Calculos'!E$7<='02. Controlo'!$P$85),HLOOKUP(E$7,'02. Controlo'!$G$85:$P$106,$B29+2),0) -> 0 | F51: =+IF(AND(F$7>='02. Controlo'!$G$85,'04-Aux. Calculos'!F$7<='02. Controlo'!$P$85),HLOOKUP(F$7,'02. Controlo'!$G$85:$P$106,$B29+2),0) -> 0 | G51: =+IF(AND(G$7>='02. Controlo'!$G$85,'04-Aux. Calculos'!G$7<='02. Controlo'!$P$85),HLOOKUP(G$7,'02. Controlo'!$G$85:$P$106,$B29+2),0) -> 0 | H51: =+IF(AND(H$7>='02. Controlo'!$G$85,'04-Aux. Calculos'!H$7<='02. Controlo'!$P$85),HLOOKUP(H$7,'02. Controlo'!$G$85:$P$106,$B29+2),0) -> 0 | I51: =+IF(AND(I$7>='02. Controlo'!$G$85,'04-Aux. Calculos'!I$7<='02. Controlo'!$P$85),HLOOKUP(I$7,'02. Controlo'!$G$85:$P$106,$B29+2),0) -> 0 | J51: =+IF(AND(J$7>='02. Controlo'!$G$85,'04-Aux. Calculos'!J$7<='02. Controlo'!$P$85),HLOOKUP(J$7,'02. Controlo'!$G$85:$P$106,$B29+2),0) -> 0 | K51: =+IF(AND(K$7>='02. Controlo'!$G$85,'04-Aux. Calculos'!K$7<='02. Controlo'!$P$85),HLOOKUP(K$7,'02. Controlo'!$G$85:$P$106,$B29+2),0) -> 1 | ... AG51: =+IF(AND(AG$7>='02. Controlo'!$G$85,'04-Aux. Calculos'!AG$7<='02. Controlo'!$P$85),HLOOKUP(AG$7,'02. Controlo'!$G$85:$P$106,$B29+2),0) -> 0
B52: 8 | D52: =+IF(AND(D$7>='02. Controlo'!$G$85,'04-Aux. Calculos'!D$7<='02. Controlo'!$P$85),HLOOKUP(D$7,'02. Controlo'!$G$85:$P$106,$B30+2),0) -> 0 | E52: =+IF(AND(E$7>='02. Controlo'!$G$85,'04-Aux. Calculos'!E$7<='02. Controlo'!$P$85),HLOOKUP(E$7,'02. Controlo'!$G$85:$P$106,$B30+2),0) -> 0 | F52: =+IF(AND(F$7>='02. Controlo'!$G$85,'04-Aux. Calculos'!F$7<='02. Controlo'!$P$85),HLOOKUP(F$7,'02. Controlo'!$G$85:$P$106,$B30+2),0) -> 0 | G52: =+IF(AND(G$7>='02. Controlo'!$G$85,'04-Aux. Calculos'!G$7<='02. Controlo'!$P$85),HLOOKUP(G$7,'02. Controlo'!$G$85:$P$106,$B30+2),0) -> 0 | H52: =+IF(AND(H$7>='02. Controlo'!$G$85,'04-Aux. Calculos'!H$7<='02. Controlo'!$P$85),HLOOKUP(H$7,'02. Controlo'!$G$85:$P$106,$B30+2),0) -> 0 | I52: =+IF(AND(I$7>='02. Controlo'!$G$85,'04-Aux. Calculos'!I$7<='02. Controlo'!$P$85),HLOOKUP(I$7,'02. Controlo'!$G$85:$P$106,$B30+2),0) -> 0 | J52: =+IF(AND(J$7>='02. Controlo'!$G$85,'04-Aux. Calculos'!J$7<='02. Controlo'!$P$85),HLOOKUP(J$7,'02. Controlo'!$G$85:$P$106,$B30+2),0) -> 1 | K52: =+IF(AND(K$7>='02. Controlo'!$G$85,'04-Aux. Calculos'!K$7<='02. Controlo'!$P$85),HLOOKUP(K$7,'02. Controlo'!$G$85:$P$106,$B30+2),0) -> 0 | ... AG52: =+IF(AND(AG$7>='02. Controlo'!$G$85,'04-Aux. Calculos'!AG$7<='02. Controlo'!$P$85),HLOOKUP(AG$7,'02. Controlo'!$G$85:$P$106,$B30+2),0) -> 0
B53: 9 | D53: =+IF(AND(D$7>='02. Controlo'!$G$85,'04-Aux. Calculos'!D$7<='02. Controlo'!$P$85),HLOOKUP(D$7,'02. Controlo'!$G$85:$P$106,$B31+2),0) -> 0 | E53: =+IF(AND(E$7>='02. Controlo'!$G$85,'04-Aux. Calculos'!E$7<='02. Controlo'!$P$85),HLOOKUP(E$7,'02. Controlo'!$G$85:$P$106,$B31+2),0) -> 0 | F53: =+IF(AND(F$7>='02. Controlo'!$G$85,'04-Aux. Calculos'!F$7<='02. Controlo'!$P$85),HLOOKUP(F$7,'02. Controlo'!$G$85:$P$106,$B31+2),0) -> 0 | G53: =+IF(AND(G$7>='02. Controlo'!$G$85,'04-Aux. Calculos'!G$7<='02. Controlo'!$P$85),HLOOKUP(G$7,'02. Controlo'!$G$85:$P$106,$B31+2),0) -> 0 | H53: =+IF(AND(H$7>='02. Controlo'!$G$85,'04-Aux. Calculos'!H$7<='02. Controlo'!$P$85),HLOOKUP(H$7,'02. Controlo'!$G$85:$P$106,$B31+2),0) -> 0 | I53: =+IF(AND(I$7>='02. Controlo'!$G$85,'04-Aux. Calculos'!I$7<='02. Controlo'!$P$85),HLOOKUP(I$7,'02. Controlo'!$G$85:$P$106,$B31+2),0) -> 0 | J53: =+IF(AND(J$7>='02. Controlo'!$G$85,'04-Aux. Calculos'!J$7<='02. Controlo'!$P$85),HLOOKUP(J$7,'02. Controlo'!$G$85:$P$106,$B31+2),0) -> 0 | K53: =+IF(AND(K$7>='02. Controlo'!$G$85,'04-Aux. Calculos'!K$7<='02. Controlo'!$P$85),HLOOKUP(K$7,'02. Controlo'!$G$85:$P$106,$B31+2),0) -> 1 | ... AG53: =+IF(AND(AG$7>='02. Controlo'!$G$85,'04-Aux. Calculos'!AG$7<='02. Controlo'!$P$85),HLOOKUP(AG$7,'02. Controlo'!$G$85:$P$106,$B31+2),0) -> 0
B54: 10 | D54: =+IF(AND(D$7>='02. Controlo'!$G$85,'04-Aux. Calculos'!D$7<='02. Controlo'!$P$85),HLOOKUP(D$7,'02. Controlo'!$G$85:$P$106,$B32+2),0) -> 0 | E54: =+IF(AND(E$7>='02. Controlo'!$G$85,'04-Aux. Calculos'!E$7<='02. Controlo'!$P$85),HLOOKUP(E$7,'02. Controlo'!$G$85:$P$106,$B32+2),0) -> 0 | F54: =+IF(AND(F$7>='02. Controlo'!$G$85,'04-Aux. Calculos'!F$7<='02. Controlo'!$P$85),HLOOKUP(F$7,'02. Controlo'!$G$85:$P$106,$B32+2),0) -> 0 | G54: =+IF(AND(G$7>='02. Controlo'!$G$85,'04-Aux. Calculos'!G$7<='02. Controlo'!$P$85),HLOOKUP(G$7,'02. Controlo'!$G$85:$P$106,$B32+2),0) -> 0 | H54: =+IF(AND(H$7>='02. Controlo'!$G$85,'04-Aux. Calculos'!H$7<='02. Controlo'!$P$85),HLOOKUP(H$7,'02. Controlo'!$G$85:$P$106,$B32+2),0) -> 0 | I54: =+IF(AND(I$7>='02. Controlo'!$G$85,'04-Aux. Calculos'!I$7<='02. Controlo'!$P$85),HLOOKUP(I$7,'02. Controlo'!$G$85:$P$106,$B32+2),0) -> 0 | J54: =+IF(AND(J$7>='02. Controlo'!$G$85,'04-Aux. Calculos'!J$7<='02. Controlo'!$P$85),HLOOKUP(J$7,'02. Controlo'!$G$85:$P$106,$B32+2),0) -> 0 | K54: =+IF(AND(K$7>='02. Controlo'!$G$85,'04-Aux. Calculos'!K$7<='02. Controlo'!$P$85),HLOOKUP(K$7,'02. Controlo'!$G$85:$P$106,$B32+2),0) -> 0 | ... AG54: =+IF(AND(AG$7>='02. Controlo'!$G$85,'04-Aux. Calculos'!AG$7<='02. Controlo'!$P$85),HLOOKUP(AG$7,'02. Controlo'!$G$85:$P$106,$B32+2),0) -> 0
B55: 11 | D55: =+IF(AND(D$7>='02. Controlo'!$G$85,'04-Aux. Calculos'!D$7<='02. Controlo'!$P$85),HLOOKUP(D$7,'02. Controlo'!$G$85:$P$106,$B33+2),0) -> 0 | E55: =+IF(AND(E$7>='02. Controlo'!$G$85,'04-Aux. Calculos'!E$7<='02. Controlo'!$P$85),HLOOKUP(E$7,'02. Controlo'!$G$85:$P$106,$B33+2),0) -> 0 | F55: =+IF(AND(F$7>='02. Controlo'!$G$85,'04-Aux. Calculos'!F$7<='02. Controlo'!$P$85),HLOOKUP(F$7,'02. Controlo'!$G$85:$P$106,$B33+2),0) -> 0 | G55: =+IF(AND(G$7>='02. Controlo'!$G$85,'04-Aux. Calculos'!G$7<='02. Controlo'!$P$85),HLOOKUP(G$7,'02. Controlo'!$G$85:$P$106,$B33+2),0) -> 0 | H55: =+IF(AND(H$7>='02. Controlo'!$G$85,'04-Aux. Calculos'!H$7<='02. Controlo'!$P$85),HLOOKUP(H$7,'02. Controlo'!$G$85:$P$106,$B33+2),0) -> 0 | I55: =+IF(AND(I$7>='02. Controlo'!$G$85,'04-Aux. Calculos'!I$7<='02. Controlo'!$P$85),HLOOKUP(I$7,'02. Controlo'!$G$85:$P$106,$B33+2),0) -> 0 | J55: =+IF(AND(J$7>='02. Controlo'!$G$85,'04-Aux. Calculos'!J$7<='02. Controlo'!$P$85),HLOOKUP(J$7,'02. Controlo'!$G$85:$P$106,$B33+2),0) -> 0 | K55: =+IF(AND(K$7>='02. Controlo'!$G$85,'04-Aux. Calculos'!K$7<='02. Controlo'!$P$85),HLOOKUP(K$7,'02. Controlo'!$G$85:$P$106,$B33+2),0) -> 0 | ... AG55: =+IF(AND(AG$7>='02. Controlo'!$G$85,'04-Aux. Calculos'!AG$7<='02. Controlo'!$P$85),HLOOKUP(AG$7,'02. Controlo'!$G$85:$P$106,$B33+2),0) -> 0
B56: 12 | D56: =+IF(AND(D$7>='02. Controlo'!$G$85,'04-Aux. Calculos'!D$7<='02. Controlo'!$P$85),HLOOKUP(D$7,'02. Controlo'!$G$85:$P$106,$B34+2),0) -> 0 | E56: =+IF(AND(E$7>='02. Controlo'!$G$85,'04-Aux. Calculos'!E$7<='02. Controlo'!$P$85),HLOOKUP(E$7,'02. Controlo'!$G$85:$P$106,$B34+2),0) -> 0 | F56: =+IF(AND(F$7>='02. Controlo'!$G$85,'04-Aux. Calculos'!F$7<='02. Controlo'!$P$85),HLOOKUP(F$7,'02. Controlo'!$G$85:$P$106,$B34+2),0) -> 0 | G56: =+IF(AND(G$7>='02. Controlo'!$G$85,'04-Aux. Calculos'!G$7<='02. Controlo'!$P$85),HLOOKUP(G$7,'02. Controlo'!$G$85:$P$106,$B34+2),0) -> 0 | H56: =+IF(AND(H$7>='02. Controlo'!$G$85,'04-Aux. Calculos'!H$7<='02. Controlo'!$P$85),HLOOKUP(H$7,'02. Controlo'!$G$85:$P$106,$B34+2),0) -> 0 | I56: =+IF(AND(I$7>='02. Controlo'!$G$85,'04-Aux. Calculos'!I$7<='02. Controlo'!$P$85),HLOOKUP(I$7,'02. Controlo'!$G$85:$P$106,$B34+2),0) -> 0 | J56: =+IF(AND(J$7>='02. Controlo'!$G$85,'04-Aux. Calculos'!J$7<='02. Controlo'!$P$85),HLOOKUP(J$7,'02. Controlo'!$G$85:$P$106,$B34+2),0) -> 0 | K56: =+IF(AND(K$7>='02. Controlo'!$G$85,'04-Aux. Calculos'!K$7<='02. Controlo'!$P$85),HLOOKUP(K$7,'02. Controlo'!$G$85:$P$106,$B34+2),0) -> 1 | ... AG56: =+IF(AND(AG$7>='02. Controlo'!$G$85,'04-Aux. Calculos'!AG$7<='02. Controlo'!$P$85),HLOOKUP(AG$7,'02. Controlo'!$G$85:$P$106,$B34+2),0) -> 0
... B64: 20 | D64: =+IF(AND(D$7>='02. Controlo'!$G$85,'04-Aux. Calculos'!D$7<='02. Controlo'!$P$85),HLOOKUP(D$7,'02. Controlo'!$G$85:$P$106,$B42+2),0) -> 0 | E64: =+IF(AND(E$7>='02. Controlo'!$G$85,'04-Aux. Calculos'!E$7<='02. Controlo'!$P$85),HLOOKUP(E$7,'02. Controlo'!$G$85:$P$106,$B42+2),0) -> 0 | F64: =+IF(AND(F$7>='02. Controlo'!$G$85,'04-Aux. Calculos'!F$7<='02. Controlo'!$P$85),HLOOKUP(F$7,'02. Controlo'!$G$85:$P$106,$B42+2),0) -> 0 | G64: =+IF(AND(G$7>='02. Controlo'!$G$85,'04-Aux. Calculos'!G$7<='02. Controlo'!$P$85),HLOOKUP(G$7,'02. Controlo'!$G$85:$P$106,$B42+2),0) -> 0 | H64: =+IF(AND(H$7>='02. Controlo'!$G$85,'04-Aux. Calculos'!H$7<='02. Controlo'!$P$85),HLOOKUP(H$7,'02. Controlo'!$G$85:$P$106,$B42+2),0) -> 0 | I64: =+IF(AND(I$7>='02. Controlo'!$G$85,'04-Aux. Calculos'!I$7<='02. Controlo'!$P$85),HLOOKUP(I$7,'02. Controlo'!$G$85:$P$106,$B42+2),0) -> 0 | J64: =+IF(AND(J$7>='02. Controlo'!$G$85,'04-Aux. Calculos'!J$7<='02. Controlo'!$P$85),HLOOKUP(J$7,'02. Controlo'!$G$85:$P$106,$B42+2),0) -> 0 | K64: =+IF(AND(K$7>='02. Controlo'!$G$85,'04-Aux. Calculos'!K$7<='02. Controlo'!$P$85),HLOOKUP(K$7,'02. Controlo'!$G$85:$P$106,$B42+2),0) -> 0 | ... AG64: =+IF(AND(AG$7>='02. Controlo'!$G$85,'04-Aux. Calculos'!AG$7<='02. Controlo'!$P$85),HLOOKUP(AG$7,'02. Controlo'!$G$85:$P$106,$B42+2),0) -> 0
B66: Carteira
B67: 1 | D67: =+C67+D23-D45 -> 0 | E67: =+D67+E23-E45 -> 1 | F67: =+E67+F23-F45 -> 1 | G67: =+F67+G23-G45 -> 1 | H67: =+G67+H23-H45 -> 1 | I67: =+H67+I23-I45 -> 1 | J67: =+I67+J23-J45 -> 0 | K67: =+J67+K23-K45 -> 0 | ... AG67: =+AF67+AG23-AG45 -> 0
B68: 2 | D68: =+C68+D24-D46 -> 0 | E68: =+D68+E24-E46 -> 1 | F68: =+E68+F24-F46 -> 1 | G68: =+F68+G24-G46 -> 1 | H68: =+G68+H24-H46 -> 1 | I68: =+H68+I24-I46 -> 1 | J68: =+I68+J24-J46 -> 1 | K68: =+J68+K24-K46 -> 0 | ... AG68: =+AF68+AG24-AG46 -> 0
B69: 3 | D69: =+C69+D25-D47 -> 0 | E69: =+D69+E25-E47 -> 0 | F69: =+E69+F25-F47 -> 1 | G69: =+F69+G25-G47 -> 1 | H69: =+G69+H25-H47 -> 1 | I69: =+H69+I25-I47 -> 1 | J69: =+I69+J25-J47 -> 1 | K69: =+J69+K25-K47 -> 0 | ... AG69: =+AF69+AG25-AG47 -> 0
B70: 4 | D70: =+C70+D26-D48 -> 1 | E70: =+D70+E26-E48 -> 1 | F70: =+E70+F26-F48 -> 1 | G70: =+F70+G26-G48 -> 1 | H70: =+G70+H26-H48 -> 1 | I70: =+H70+I26-I48 -> 1 | J70: =+I70+J26-J48 -> 0 | K70: =+J70+K26-K48 -> 0 | ... AG70: =+AF70+AG26-AG48 -> 0
B71: 5 | D71: =+C71+D27-D49 -> 0 | E71: =+D71+E27-E49 -> 0 | F71: =+E71+F27-F49 -> 1 | G71: =+F71+G27-G49 -> 1 | H71: =+G71+H27-H49 -> 1 | I71: =+H71+I27-I49 -> 1 | J71: =+I71+J27-J49 -> 1 | K71: =+J71+K27-K49 -> 1 | ... AG71: =+AF71+AG27-AG49 -> 0
B72: 6 | D72: =+C72+D28-D50 -> 0 | E72: =+D72+E28-E50 -> 1 | F72: =+E72+F28-F50 -> 1 | G72: =+F72+G28-G50 -> 1 | H72: =+G72+H28-H50 -> 1 | I72: =+H72+I28-I50 -> 1 | J72: =+I72+J28-J50 -> 1 | K72: =+J72+K28-K50 -> 1 | ... AG72: =+AF72+AG28-AG50 -> 0
B73: 7 | D73: =+C73+D29-D51 -> 0 | E73: =+D73+E29-E51 -> 0 | F73: =+E73+F29-F51 -> 1 | G73: =+F73+G29-G51 -> 1 | H73: =+G73+H29-H51 -> 1 | I73: =+H73+I29-I51 -> 1 | J73: =+I73+J29-J51 -> 1 | K73: =+J73+K29-K51 -> 0 | ... AG73: =+AF73+AG29-AG51 -> 0
B74: 8 | D74: =+C74+D30-D52 -> 0 | E74: =+D74+E30-E52 -> 0 | F74: =+E74+F30-F52 -> 0 | G74: =+F74+G30-G52 -> 1 | H74: =+G74+H30-H52 -> 1 | I74: =+H74+I30-I52 -> 1 | J74: =+I74+J30-J52 -> 0 | K74: =+J74+K30-K52 -> 0 | ... AG74: =+AF74+AG30-AG52 -> 0
B75: 9 | D75: =+C75+D31-D53 -> 0 | E75: =+D75+E31-E53 -> 0 | F75: =+E75+F31-F53 -> 1 | G75: =+F75+G31-G53 -> 1 | H75: =+G75+H31-H53 -> 1 | I75: =+H75+I31-I53 -> 1 | J75: =+I75+J31-J53 -> 1 | K75: =+J75+K31-K53 -> 0 | ... AG75: =+AF75+AG31-AG53 -> 0
B76: 10 | D76: =+C76+D32-D54 -> 1 | E76: =+D76+E32-E54 -> 1 | F76: =+E76+F32-F54 -> 1 | G76: =+F76+G32-G54 -> 1 | H76: =+G76+H32-H54 -> 1 | I76: =+H76+I32-I54 -> 1 | J76: =+I76+J32-J54 -> 1 | K76: =+J76+K32-K54 -> 1 | ... AG76: =+AF76+AG32-AG54 -> 0
B77: 11 | D77: =+C77+D33-D55 -> 0 | E77: =+D77+E33-E55 -> 1 | F77: =+E77+F33-F55 -> 1 | G77: =+F77+G33-G55 -> 1 | H77: =+G77+H33-H55 -> 1 | I77: =+H77+I33-I55 -> 1 | J77: =+I77+J33-J55 -> 1 | K77: =+J77+K33-K55 -> 1 | ... AG77: =+AF77+AG33-AG55 -> 0
B78: 12 | D78: =+C78+D34-D56 -> 1 | E78: =+D78+E34-E56 -> 1 | F78: =+E78+F34-F56 -> 1 | G78: =+F78+G34-G56 -> 1 | H78: =+G78+H34-H56 -> 1 | I78: =+H78+I34-I56 -> 1 | J78: =+I78+J34-J56 -> 1 | K78: =+J78+K34-K56 -> 0 | ... AG78: =+AF78+AG34-AG56 -> 0
... B86: 20 | D86: =+C86+D42-D64 -> 0 | E86: =+D86+E42-E64 -> 0 | F86: =+E86+F42-F64 -> 0 | G86: =+F86+G42-G64 -> 0 | H86: =+G86+H42-H64 -> 0 | I86: =+H86+I42-I64 -> 0 | J86: =+I86+J42-J64 -> 0 | K86: =+J86+K42-K64 -> 0 | ... AG86: =+AF86+AG42-AG64 -> 0
A89: CASH FLOWS INVESTIMENTO
A91: >> | B91: Investimento
B93: Preço aquisição por unidade monetária | D93: =+D7 -> 1 | E93: =+E7 -> 2 | F93: =+F7 -> 3 | G93: =+G7 -> 4 | H93: =+H7 -> 5 | I93: =+I7 -> 6 | J93: =+J7 -> 7 | K93: =+K7 -> 8 | ... AG93: =+AG7 -> 30
B94: 1 | D94: =IF('02. Controlo'!$C52=0,0,-CHOOSE('02. Controlo'!$C52,'04-Aux. Projectos'!D$21,'04-Aux. Projectos'!D$38,'04-Aux. Projectos'!D$55,'04-Aux. Projectos'!D$72)) -> -0.3 | E94: =IF('02. Controlo'!$C52=0,0,-CHOOSE('02. Controlo'!$C52,'04-Aux. Projectos'!E$21,'04-Aux. Projectos'!E$38,'04-Aux. Projectos'!E$55,'04-Aux. Projectos'!E$72)) -> -0.73756667 | F94: =IF('02. Controlo'!$C52=0,0,-CHOOSE('02. Controlo'!$C52,'04-Aux. Projectos'!F$21,'04-Aux. Projectos'!F$38,'04-Aux. Projectos'!F$55,'04-Aux. Projectos'!F$72)) -> -1.1299264 | G94: =IF('02. Controlo'!$C52=0,0,-CHOOSE('02. Controlo'!$C52,'04-Aux. Projectos'!G$21,'04-Aux. Projectos'!G$38,'04-Aux. Projectos'!G$55,'04-Aux. Projectos'!G$72)) -> -1.2714183 | H94: =IF('02. Controlo'!$C52=0,0,-CHOOSE('02. Controlo'!$C52,'04-Aux. Projectos'!H$21,'04-Aux. Projectos'!H$38,'04-Aux. Projectos'!H$55,'04-Aux. Projectos'!H$72)) -> -1.6410816 | I94: =IF('02. Controlo'!$C52=0,0,-CHOOSE('02. Controlo'!$C52,'04-Aux. Projectos'!I$21,'04-Aux. Projectos'!I$38,'04-Aux. Projectos'!I$55,'04-Aux. Projectos'!I$72)) -> -1.8301706 | J94: =IF('02. Controlo'!$C52=0,0,-CHOOSE('02. Controlo'!$C52,'04-Aux. Projectos'!J$21,'04-Aux. Projectos'!J$38,'04-Aux. Projectos'!J$55,'04-Aux. Projectos'!J$72)) -> -2.0228652 | K94: =IF('02. Controlo'!$C52=0,0,-CHOOSE('02. Controlo'!$C52,'04-Aux. Projectos'!K$21,'04-Aux. Projectos'!K$38,'04-Aux. Projectos'!K$55,'04-Aux. Projectos'!K$72)) -> -2.2377624 | ... AG94: =IF('02. Controlo'!$C52=0,0,-CHOOSE('02. Controlo'!$C52,'04-Aux. Projectos'!AG$21,'04-Aux. Projectos'!AG$38,'04-Aux. Projectos'!AG$55,'04-Aux. Projectos'!AG$72)) -> 0
B95: =+B94+1 -> 2 | D95: =IF('02. Controlo'!$C53=0,0,-CHOOSE('02. Controlo'!$C53,'04-Aux. Projectos'!D$21,'04-Aux. Projectos'!D$38,'04-Aux. Projectos'!D$55,'04-Aux. Projectos'!D$72)) -> -0.3 | E95: =IF('02. Controlo'!$C53=0,0,-CHOOSE('02. Controlo'!$C53,'04-Aux. Projectos'!E$21,'04-Aux. Projectos'!E$38,'04-Aux. Projectos'!E$55,'04-Aux. Projectos'!E$72)) -> -0.73756667 | F95: =IF('02. Controlo'!$C53=0,0,-CHOOSE('02. Controlo'!$C53,'04-Aux. Projectos'!F$21,'04-Aux. Projectos'!F$38,'04-Aux. Projectos'!F$55,'04-Aux. Projectos'!F$72)) -> -1.1299264 | G95: =IF('02. Controlo'!$C53=0,0,-CHOOSE('02. Controlo'!$C53,'04-Aux. Projectos'!G$21,'04-Aux. Projectos'!G$38,'04-Aux. Projectos'!G$55,'04-Aux. Projectos'!G$72)) -> -1.2714183 | H95: =IF('02. Controlo'!$C53=0,0,-CHOOSE('02. Controlo'!$C53,'04-Aux. Projectos'!H$21,'04-Aux. Projectos'!H$38,'04-Aux. Projectos'!H$55,'04-Aux. Projectos'!H$72)) -> -1.6410816 | I95: =IF('02. Controlo'!$C53=0,0,-CHOOSE('02. Controlo'!$C53,'04-Aux. Projectos'!I$21,'04-Aux. Projectos'!I$38,'04-Aux. Projectos'!I$55,'04-Aux. Projectos'!I$72)) -> -1.8301706 | J95: =IF('02. Controlo'!$C53=0,0,-CHOOSE('02. Controlo'!$C53,'04-Aux. Projectos'!J$21,'04-Aux. Projectos'!J$38,'04-Aux. Projectos'!J$55,'04-Aux. Projectos'!J$72)) -> -2.0228652 | K95: =IF('02. Controlo'!$C53=0,0,-CHOOSE('02. Controlo'!$C53,'04-Aux. Projectos'!K$21,'04-Aux. Projectos'!K$38,'04-Aux. Projectos'!K$55,'04-Aux. Projectos'!K$72)) -> -2.2377624 | ... AG95: =IF('02. Controlo'!$C53=0,0,-CHOOSE('02. Controlo'!$C53,'04-Aux. Projectos'!AG$21,'04-Aux. Projectos'!AG$38,'04-Aux. Projectos'!AG$55,'04-Aux. Projectos'!AG$72)) -> 0
B96: =+B95+1 -> 3 | D96: =IF('02. Controlo'!$C54=0,0,-CHOOSE('02. Controlo'!$C54,'04-Aux. Projectos'!D$21,'04-Aux. Projectos'!D$38,'04-Aux. Projectos'!D$55,'04-Aux. Projectos'!D$72)) -> -0.3 | E96: =IF('02. Controlo'!$C54=0,0,-CHOOSE('02. Controlo'!$C54,'04-Aux. Projectos'!E$21,'04-Aux. Projectos'!E$38,'04-Aux. Projectos'!E$55,'04-Aux. Projectos'!E$72)) -> -0.74122629 | F96: =IF('02. Controlo'!$C54=0,0,-CHOOSE('02. Controlo'!$C54,'04-Aux. Projectos'!F$21,'04-Aux. Projectos'!F$38,'04-Aux. Projectos'!F$55,'04-Aux. Projectos'!F$72)) -> -1.1430863 | G96: =IF('02. Controlo'!$C54=0,0,-CHOOSE('02. Controlo'!$C54,'04-Aux. Projectos'!G$21,'04-Aux. Projectos'!G$38,'04-Aux. Projectos'!G$55,'04-Aux. Projectos'!G$72)) -> -1.3001704 | H96: =IF('02. Controlo'!$C54=0,0,-CHOOSE('02. Controlo'!$C54,'04-Aux. Projectos'!H$21,'04-Aux. Projectos'!H$38,'04-Aux. Projectos'!H$55,'04-Aux. Projectos'!H$72)) -> -1.6881563 | I96: =IF('02. Controlo'!$C54=0,0,-CHOOSE('02. Controlo'!$C54,'04-Aux. Projectos'!I$21,'04-Aux. Projectos'!I$38,'04-Aux. Projectos'!I$55,'04-Aux. Projectos'!I$72)) -> -1.9032628 | J96: =IF('02. Controlo'!$C54=0,0,-CHOOSE('02. Controlo'!$C54,'04-Aux. Projectos'!J$21,'04-Aux. Projectos'!J$38,'04-Aux. Projectos'!J$55,'04-Aux. Projectos'!J$72)) -> -2.1236783 | K96: =IF('02. Controlo'!$C54=0,0,-CHOOSE('02. Controlo'!$C54,'04-Aux. Projectos'!K$21,'04-Aux. Projectos'!K$38,'04-Aux. Projectos'!K$55,'04-Aux. Projectos'!K$72)) -> -2.3721794 | ... AG96: =IF('02. Controlo'!$C54=0,0,-CHOOSE('02. Controlo'!$C54,'04-Aux. Projectos'!AG$21,'04-Aux. Projectos'!AG$38,'04-Aux. Projectos'!AG$55,'04-Aux. Projectos'!AG$72)) -> 0
B97: =+B96+1 -> 4 | D97: =IF('02. Controlo'!$C55=0,0,-CHOOSE('02. Controlo'!$C55,'04-Aux. Projectos'!D$21,'04-Aux. Projectos'!D$38,'04-Aux. Projectos'!D$55,'04-Aux. Projectos'!D$72)) -> -0.3 | E97: =IF('02. Controlo'!$C55=0,0,-CHOOSE('02. Controlo'!$C55,'04-Aux. Projectos'!E$21,'04-Aux. Projectos'!E$38,'04-Aux. Projectos'!E$55,'04-Aux. Projectos'!E$72)) -> -0.74211597 | F97: =IF('02. Controlo'!$C55=0,0,-CHOOSE('02. Controlo'!$C55,'04-Aux. Projectos'!F$21,'04-Aux. Projectos'!F$38,'04-Aux. Projectos'!F$55,'04-Aux. Projectos'!F$72)) -> -1.1462991 | G97: =IF('02. Controlo'!$C55=0,0,-CHOOSE('02. Controlo'!$C55,'04-Aux. Projectos'!G$21,'04-Aux. Projectos'!G$38,'04-Aux. Projectos'!G$55,'04-Aux. Projectos'!G$72)) -> -1.3072241 | H97: =IF('02. Controlo'!$C55=0,0,-CHOOSE('02. Controlo'!$C55,'04-Aux. Projectos'!H$21,'04-Aux. Projectos'!H$38,'04-Aux. Projectos'!H$55,'04-Aux. Projectos'!H$72)) -> -1.6997613 | I97: =IF('02. Controlo'!$C55=0,0,-CHOOSE('02. Controlo'!$C55,'04-Aux. Projectos'!I$21,'04-Aux. Projectos'!I$38,'04-Aux. Projectos'!I$55,'04-Aux. Projectos'!I$72)) -> -1.9213874 | J97: =IF('02. Controlo'!$C55=0,0,-CHOOSE('02. Controlo'!$C55,'04-Aux. Projectos'!J$21,'04-Aux. Projectos'!J$38,'04-Aux. Projectos'!J$55,'04-Aux. Projectos'!J$72)) -> -2.148758 | K97: =IF('02. Controlo'!$C55=0,0,-CHOOSE('02. Controlo'!$C55,'04-Aux. Projectos'!K$21,'04-Aux. Projectos'!K$38,'04-Aux. Projectos'!K$55,'04-Aux. Projectos'!K$72)) -> -2.4057746 | ... AG97: =IF('02. Controlo'!$C55=0,0,-CHOOSE('02. Controlo'!$C55,'04-Aux. Projectos'!AG$21,'04-Aux. Projectos'!AG$38,'04-Aux. Projectos'!AG$55,'04-Aux. Projectos'!AG$72)) -> 0
B98: =+B97+1 -> 5 | D98: =IF('02. Controlo'!$C56=0,0,-CHOOSE('02. Controlo'!$C56,'04-Aux. Projectos'!D$21,'04-Aux. Projectos'!D$38,'04-Aux. Projectos'!D$55,'04-Aux. Projectos'!D$72)) -> -0.3 | E98: =IF('02. Controlo'!$C56=0,0,-CHOOSE('02. Controlo'!$C56,'04-Aux. Projectos'!E$21,'04-Aux. Projectos'!E$38,'04-Aux. Projectos'!E$55,'04-Aux. Projectos'!E$72)) -> -0.74492934 | F98: =IF('02. Controlo'!$C56=0,0,-CHOOSE('02. Controlo'!$C56,'04-Aux. Projectos'!F$21,'04-Aux. Projectos'!F$38,'04-Aux. Projectos'!F$55,'04-Aux. Projectos'!F$72)) -> -1.1564933 | G98: =IF('02. Controlo'!$C56=0,0,-CHOOSE('02. Controlo'!$C56,'04-Aux. Projectos'!G$21,'04-Aux. Projectos'!G$38,'04-Aux. Projectos'!G$55,'04-Aux. Projectos'!G$72)) -> -1.3296949 | H98: =IF('02. Controlo'!$C56=0,0,-CHOOSE('02. Controlo'!$C56,'04-Aux. Projectos'!H$21,'04-Aux. Projectos'!H$38,'04-Aux. Projectos'!H$55,'04-Aux. Projectos'!H$72)) -> -1.7368827 | I98: =IF('02. Controlo'!$C56=0,0,-CHOOSE('02. Controlo'!$C56,'04-Aux. Projectos'!I$21,'04-Aux. Projectos'!I$38,'04-Aux. Projectos'!I$55,'04-Aux. Projectos'!I$72)) -> -1.9796372 | J98: =IF('02. Controlo'!$C56=0,0,-CHOOSE('02. Controlo'!$C56,'04-Aux. Projectos'!J$21,'04-Aux. Projectos'!J$38,'04-Aux. Projectos'!J$55,'04-Aux. Projectos'!J$72)) -> -2.2295611 | K98: =IF('02. Controlo'!$C56=0,0,-CHOOSE('02. Controlo'!$C56,'04-Aux. Projectos'!K$21,'04-Aux. Projectos'!K$38,'04-Aux. Projectos'!K$55,'04-Aux. Projectos'!K$72)) -> -2.5144155 | ... AG98: =IF('02. Controlo'!$C56=0,0,-CHOOSE('02. Controlo'!$C56,'04-Aux. Projectos'!AG$21,'04-Aux. Projectos'!AG$38,'04-Aux. Projectos'!AG$55,'04-Aux. Projectos'!AG$72)) -> 0
B99: =+B98+1 -> 6 | D99: =IF('02. Controlo'!$C57=0,0,-CHOOSE('02. Controlo'!$C57,'04-Aux. Projectos'!D$21,'04-Aux. Projectos'!D$38,'04-Aux. Projectos'!D$55,'04-Aux. Projectos'!D$72)) -> -0.3 | E99: =IF('02. Controlo'!$C57=0,0,-CHOOSE('02. Controlo'!$C57,'04-Aux. Projectos'!E$21,'04-Aux. Projectos'!E$38,'04-Aux. Projectos'!E$55,'04-Aux. Projectos'!E$72)) -> -0.74122629 | F99: =IF('02. Controlo'!$C57=0,0,-CHOOSE('02. Controlo'!$C57,'04-Aux. Projectos'!F$21,'04-Aux. Projectos'!F$38,'04-Aux. Projectos'!F$55,'04-Aux. Projectos'!F$72)) -> -1.1430863 | G99: =IF('02. Controlo'!$C57=0,0,-CHOOSE('02. Controlo'!$C57,'04-Aux. Projectos'!G$21,'04-Aux. Projectos'!G$38,'04-Aux. Projectos'!G$55,'04-Aux. Projectos'!G$72)) -> -1.3001704 | H99: =IF('02. Controlo'!$C57=0,0,-CHOOSE('02. Controlo'!$C57,'04-Aux. Projectos'!H$21,'04-Aux. Projectos'!H$38,'04-Aux. Projectos'!H$55,'04-Aux. Projectos'!H$72)) -> -1.6881563 | I99: =IF('02. Controlo'!$C57=0,0,-CHOOSE('02. Controlo'!$C57,'04-Aux. Projectos'!I$21,'04-Aux. Projectos'!I$38,'04-Aux. Projectos'!I$55,'04-Aux. Projectos'!I$72)) -> -1.9032628 | J99: =IF('02. Controlo'!$C57=0,0,-CHOOSE('02. Controlo'!$C57,'04-Aux. Projectos'!J$21,'04-Aux. Projectos'!J$38,'04-Aux. Projectos'!J$55,'04-Aux. Projectos'!J$72)) -> -2.1236783 | K99: =IF('02. Controlo'!$C57=0,0,-CHOOSE('02. Controlo'!$C57,'04-Aux. Projectos'!K$21,'04-Aux. Projectos'!K$38,'04-Aux. Projectos'!K$55,'04-Aux. Projectos'!K$72)) -> -2.3721794 | ... AG99: =IF('02. Controlo'!$C57=0,0,-CHOOSE('02. Controlo'!$C57,'04-Aux. Projectos'!AG$21,'04-Aux. Projectos'!AG$38,'04-Aux. Projectos'!AG$55,'04-Aux. Projectos'!AG$72)) -> 0
B100: =+B99+1 -> 7 | D100: =IF('02. Controlo'!$C58=0,0,-CHOOSE('02. Controlo'!$C58,'04-Aux. Projectos'!D$21,'04-Aux. Projectos'!D$38,'04-Aux. Projectos'!D$55,'04-Aux. Projectos'!D$72)) -> -0.3 | E100: =IF('02. Controlo'!$C58=0,0,-CHOOSE('02. Controlo'!$C58,'04-Aux. Projectos'!E$21,'04-Aux. Projectos'!E$38,'04-Aux. Projectos'!E$55,'04-Aux. Projectos'!E$72)) -> -0.74122629 | F100: =IF('02. Controlo'!$C58=0,0,-CHOOSE('02. Controlo'!$C58,'04-Aux. Projectos'!F$21,'04-Aux. Projectos'!F$38,'04-Aux. Projectos'!F$55,'04-Aux. Projectos'!F$72)) -> -1.1430863 | G100: =IF('02. Controlo'!$C58=0,0,-CHOOSE('02. Controlo'!$C58,'04-Aux. Projectos'!G$21,'04-Aux. Projectos'!G$38,'04-Aux. Projectos'!G$55,'04-Aux. Projectos'!G$72)) -> -1.3001704 | H100: =IF('02. Controlo'!$C58=0,0,-CHOOSE('02. Controlo'!$C58,'04-Aux. Projectos'!H$21,'04-Aux. Projectos'!H$38,'04-Aux. Projectos'!H$55,'04-Aux. Projectos'!H$72)) -> -1.6881563 | I100: =IF('02. Controlo'!$C58=0,0,-CHOOSE('02. Controlo'!$C58,'04-Aux. Projectos'!I$21,'04-Aux. Projectos'!I$38,'04-Aux. Projectos'!I$55,'04-Aux. Projectos'!I$72)) -> -1.9032628 | J100: =IF('02. Controlo'!$C58=0,0,-CHOOSE('02. Controlo'!$C58,'04-Aux. Projectos'!J$21,'04-Aux. Projectos'!J$38,'04-Aux. Projectos'!J$55,'04-Aux. Projectos'!J$72)) -> -2.1236783 | K100: =IF('02. Controlo'!$C58=0,0,-CHOOSE('02. Controlo'!$C58,'04-Aux. Projectos'!K$21,'04-Aux. Projectos'!K$38,'04-Aux. Projectos'!K$55,'04-Aux. Projectos'!K$72)) -> -2.3721794 | ... AG100: =IF('02. Controlo'!$C58=0,0,-CHOOSE('02. Controlo'!$C58,'04-Aux. Projectos'!AG$21,'04-Aux. Projectos'!AG$38,'04-Aux. Projectos'!AG$55,'04-Aux. Projectos'!AG$72)) -> 0
B101: =+B100+1 -> 8 | D101: =IF('02. Controlo'!$C59=0,0,-CHOOSE('02. Controlo'!$C59,'04-Aux. Projectos'!D$21,'04-Aux. Projectos'!D$38,'04-Aux. Projectos'!D$55,'04-Aux. Projectos'!D$72)) -> -0.3 | E101: =IF('02. Controlo'!$C59=0,0,-CHOOSE('02. Controlo'!$C59,'04-Aux. Projectos'!E$21,'04-Aux. Projectos'!E$38,'04-Aux. Projectos'!E$55,'04-Aux. Projectos'!E$72)) -> -0.74492934 | F101: =IF('02. Controlo'!$C59=0,0,-CHOOSE('02. Controlo'!$C59,'04-Aux. Projectos'!F$21,'04-Aux. Projectos'!F$38,'04-Aux. Projectos'!F$55,'04-Aux. Projectos'!F$72)) -> -1.1564933 | G101: =IF('02. Controlo'!$C59=0,0,-CHOOSE('02. Controlo'!$C59,'04-Aux. Projectos'!G$21,'04-Aux. Projectos'!G$38,'04-Aux. Projectos'!G$55,'04-Aux. Projectos'!G$72)) -> -1.3296949 | H101: =IF('02. Controlo'!$C59=0,0,-CHOOSE('02. Controlo'!$C59,'04-Aux. Projectos'!H$21,'04-Aux. Projectos'!H$38,'04-Aux. Projectos'!H$55,'04-Aux. Projectos'!H$72)) -> -1.7368827 | I101: =IF('02. Controlo'!$C59=0,0,-CHOOSE('02. Controlo'!$C59,'04-Aux. Projectos'!I$21,'04-Aux. Projectos'!I$38,'04-Aux. Projectos'!I$55,'04-Aux. Projectos'!I$72)) -> -1.9796372 | J101: =IF('02. Controlo'!$C59=0,0,-CHOOSE('02. Controlo'!$C59,'04-Aux. Projectos'!J$21,'04-Aux. Projectos'!J$38,'04-Aux. Projectos'!J$55,'04-Aux. Projectos'!J$72)) -> -2.2295611 | K101: =IF('02. Controlo'!$C59=0,0,-CHOOSE('02. Controlo'!$C59,'04-Aux. Projectos'!K$21,'04-Aux. Projectos'!K$38,'04-Aux. Projectos'!K$55,'04-Aux. Projectos'!K$72)) -> -2.5144155 | ... AG101: =IF('02. Controlo'!$C59=0,0,-CHOOSE('02. Controlo'!$C59,'04-Aux. Projectos'!AG$21,'04-Aux. Projectos'!AG$38,'04-Aux. Projectos'!AG$55,'04-Aux. Projectos'!AG$72)) -> 0
B102: =+B101+1 -> 9 | D102: =IF('02. Controlo'!$C60=0,0,-CHOOSE('02. Controlo'!$C60,'04-Aux. Projectos'!D$21,'04-Aux. Projectos'!D$38,'04-Aux. Projectos'!D$55,'04-Aux. Projectos'!D$72)) -> -0.3 | E102: =IF('02. Controlo'!$C60=0,0,-CHOOSE('02. Controlo'!$C60,'04-Aux. Projectos'!E$21,'04-Aux. Projectos'!E$38,'04-Aux. Projectos'!E$55,'04-Aux. Projectos'!E$72)) -> -0.74492934 | F102: =IF('02. Controlo'!$C60=0,0,-CHOOSE('02. Controlo'!$C60,'04-Aux. Projectos'!F$21,'04-Aux. Projectos'!F$38,'04-Aux. Projectos'!F$55,'04-Aux. Projectos'!F$72)) -> -1.1564933 | G102: =IF('02. Controlo'!$C60=0,0,-CHOOSE('02. Controlo'!$C60,'04-Aux. Projectos'!G$21,'04-Aux. Projectos'!G$38,'04-Aux. Projectos'!G$55,'04-Aux. Projectos'!G$72)) -> -1.3296949 | H102: =IF('02. Controlo'!$C60=0,0,-CHOOSE('02. Controlo'!$C60,'04-Aux. Projectos'!H$21,'04-Aux. Projectos'!H$38,'04-Aux. Projectos'!H$55,'04-Aux. Projectos'!H$72)) -> -1.7368827 | I102: =IF('02. Controlo'!$C60=0,0,-CHOOSE('02. Controlo'!$C60,'04-Aux. Projectos'!I$21,'04-Aux. Projectos'!I$38,'04-Aux. Projectos'!I$55,'04-Aux. Projectos'!I$72)) -> -1.9796372 | J102: =IF('02. Controlo'!$C60=0,0,-CHOOSE('02. Controlo'!$C60,'04-Aux. Projectos'!J$21,'04-Aux. Projectos'!J$38,'04-Aux. Projectos'!J$55,'04-Aux. Projectos'!J$72)) -> -2.2295611 | K102: =IF('02. Controlo'!$C60=0,0,-CHOOSE('02. Controlo'!$C60,'04-Aux. Projectos'!K$21,'04-Aux. Projectos'!K$38,'04-Aux. Projectos'!K$55,'04-Aux. Projectos'!K$72)) -> -2.5144155 | ... AG102: =IF('02. Controlo'!$C60=0,0,-CHOOSE('02. Controlo'!$C60,'04-Aux. Projectos'!AG$21,'04-Aux. Projectos'!AG$38,'04-Aux. Projectos'!AG$55,'04-Aux. Projectos'!AG$72)) -> 0
B103: =+B102+1 -> 10 | D103: =IF('02. Controlo'!$C61=0,0,-CHOOSE('02. Controlo'!$C61,'04-Aux. Projectos'!D$21,'04-Aux. Projectos'!D$38,'04-Aux. Projectos'!D$55,'04-Aux. Projectos'!D$72)) -> -0.3 | E103: =IF('02. Controlo'!$C61=0,0,-CHOOSE('02. Controlo'!$C61,'04-Aux. Projectos'!E$21,'04-Aux. Projectos'!E$38,'04-Aux. Projectos'!E$55,'04-Aux. Projectos'!E$72)) -> -0.73756667 | F103: =IF('02. Controlo'!$C61=0,0,-CHOOSE('02. Controlo'!$C61,'04-Aux. Projectos'!F$21,'04-Aux. Projectos'!F$38,'04-Aux. Projectos'!F$55,'04-Aux. Projectos'!F$72)) -> -1.1299264 | G103: =IF('02. Controlo'!$C61=0,0,-CHOOSE('02. Controlo'!$C61,'04-Aux. Projectos'!G$21,'04-Aux. Projectos'!G$38,'04-Aux. Projectos'!G$55,'04-Aux. Projectos'!G$72)) -> -1.2714183 | H103: =IF('02. Controlo'!$C61=0,0,-CHOOSE('02. Controlo'!$C61,'04-Aux. Projectos'!H$21,'04-Aux. Projectos'!H$38,'04-Aux. Projectos'!H$55,'04-Aux. Projectos'!H$72)) -> -1.6410816 | I103: =IF('02. Controlo'!$C61=0,0,-CHOOSE('02. Controlo'!$C61,'04-Aux. Projectos'!I$21,'04-Aux. Projectos'!I$38,'04-Aux. Projectos'!I$55,'04-Aux. Projectos'!I$72)) -> -1.8301706 | J103: =IF('02. Controlo'!$C61=0,0,-CHOOSE('02. Controlo'!$C61,'04-Aux. Projectos'!J$21,'04-Aux. Projectos'!J$38,'04-Aux. Projectos'!J$55,'04-Aux. Projectos'!J$72)) -> -2.0228652 | K103: =IF('02. Controlo'!$C61=0,0,-CHOOSE('02. Controlo'!$C61,'04-Aux. Projectos'!K$21,'04-Aux. Projectos'!K$38,'04-Aux. Projectos'!K$55,'04-Aux. Projectos'!K$72)) -> -2.2377624 | ... AG103: =IF('02. Controlo'!$C61=0,0,-CHOOSE('02. Controlo'!$C61,'04-Aux. Projectos'!AG$21,'04-Aux. Projectos'!AG$38,'04-Aux. Projectos'!AG$55,'04-Aux. Projectos'!AG$72)) -> 0
B104: =+B103+1 -> 11 | D104: =IF('02. Controlo'!$C62=0,0,-CHOOSE('02. Controlo'!$C62,'04-Aux. Projectos'!D$21,'04-Aux. Projectos'!D$38,'04-Aux. Projectos'!D$55,'04-Aux. Projectos'!D$72)) -> -0.3 | E104: =IF('02. Controlo'!$C62=0,0,-CHOOSE('02. Controlo'!$C62,'04-Aux. Projectos'!E$21,'04-Aux. Projectos'!E$38,'04-Aux. Projectos'!E$55,'04-Aux. Projectos'!E$72)) -> -0.74122629 | F104: =IF('02. Controlo'!$C62=0,0,-CHOOSE('02. Controlo'!$C62,'04-Aux. Projectos'!F$21,'04-Aux. Projectos'!F$38,'04-Aux. Projectos'!F$55,'04-Aux. Projectos'!F$72)) -> -1.1430863 | G104: =IF('02. Controlo'!$C62=0,0,-CHOOSE('02. Controlo'!$C62,'04-Aux. Projectos'!G$21,'04-Aux. Projectos'!G$38,'04-Aux. Projectos'!G$55,'04-Aux. Projectos'!G$72)) -> -1.3001704 | H104: =IF('02. Controlo'!$C62=0,0,-CHOOSE('02. Controlo'!$C62,'04-Aux. Projectos'!H$21,'04-Aux. Projectos'!H$38,'04-Aux. Projectos'!H$55,'04-Aux. Projectos'!H$72)) -> -1.6881563 | I104: =IF('02. Controlo'!$C62=0,0,-CHOOSE('02. Controlo'!$C62,'04-Aux. Projectos'!I$21,'04-Aux. Projectos'!I$38,'04-Aux. Projectos'!I$55,'04-Aux. Projectos'!I$72)) -> -1.9032628 | J104: =IF('02. Controlo'!$C62=0,0,-CHOOSE('02. Controlo'!$C62,'04-Aux. Projectos'!J$21,'04-Aux. Projectos'!J$38,'04-Aux. Projectos'!J$55,'04-Aux. Projectos'!J$72)) -> -2.1236783 | K104: =IF('02. Controlo'!$C62=0,0,-CHOOSE('02. Controlo'!$C62,'04-Aux. Projectos'!K$21,'04-Aux. Projectos'!K$38,'04-Aux. Projectos'!K$55,'04-Aux. Projectos'!K$72)) -> -2.3721794 | ... AG104: =IF('02. Controlo'!$C62=0,0,-CHOOSE('02. Controlo'!$C62,'04-Aux. Projectos'!AG$21,'04-Aux. Projectos'!AG$38,'04-Aux. Projectos'!AG$55,'04-Aux. Projectos'!AG$72)) -> 0
B105: =+B104+1 -> 12 | D105: =IF('02. Controlo'!$C63=0,0,-CHOOSE('02. Controlo'!$C63,'04-Aux. Projectos'!D$21,'04-Aux. Projectos'!D$38,'04-Aux. Projectos'!D$55,'04-Aux. Projectos'!D$72)) -> -0.3 | E105: =IF('02. Controlo'!$C63=0,0,-CHOOSE('02. Controlo'!$C63,'04-Aux. Projectos'!E$21,'04-Aux. Projectos'!E$38,'04-Aux. Projectos'!E$55,'04-Aux. Projectos'!E$72)) -> -0.73756667 | F105: =IF('02. Controlo'!$C63=0,0,-CHOOSE('02. Controlo'!$C63,'04-Aux. Projectos'!F$21,'04-Aux. Projectos'!F$38,'04-Aux. Projectos'!F$55,'04-Aux. Projectos'!F$72)) -> -1.1299264 | G105: =IF('02. Controlo'!$C63=0,0,-CHOOSE('02. Controlo'!$C63,'04-Aux. Projectos'!G$21,'04-Aux. Projectos'!G$38,'04-Aux. Projectos'!G$55,'04-Aux. Projectos'!G$72)) -> -1.2714183 | H105: =IF('02. Controlo'!$C63=0,0,-CHOOSE('02. Controlo'!$C63,'04-Aux. Projectos'!H$21,'04-Aux. Projectos'!H$38,'04-Aux. Projectos'!H$55,'04-Aux. Projectos'!H$72)) -> -1.6410816 | I105: =IF('02. Controlo'!$C63=0,0,-CHOOSE('02. Controlo'!$C63,'04-Aux. Projectos'!I$21,'04-Aux. Projectos'!I$38,'04-Aux. Projectos'!I$55,'04-Aux. Projectos'!I$72)) -> -1.8301706 | J105: =IF('02. Controlo'!$C63=0,0,-CHOOSE('02. Controlo'!$C63,'04-Aux. Projectos'!J$21,'04-Aux. Projectos'!J$38,'04-Aux. Projectos'!J$55,'04-Aux. Projectos'!J$72)) -> -2.0228652 | K105: =IF('02. Controlo'!$C63=0,0,-CHOOSE('02. Controlo'!$C63,'04-Aux. Projectos'!K$21,'04-Aux. Projectos'!K$38,'04-Aux. Projectos'!K$55,'04-Aux. Projectos'!K$72)) -> -2.2377624 | ... AG105: =IF('02. Controlo'!$C63=0,0,-CHOOSE('02. Controlo'!$C63,'04-Aux. Projectos'!AG$21,'04-Aux. Projectos'!AG$38,'04-Aux. Projectos'!AG$55,'04-Aux. Projectos'!AG$72)) -> 0
B106: =+B105+1 -> 13 | D106: =IF('02. Controlo'!$C64=0,0,-CHOOSE('02. Controlo'!$C64,'04-Aux. Projectos'!D$21,'04-Aux. Projectos'!D$38,'04-Aux. Projectos'!D$55,'04-Aux. Projectos'!D$72)) -> -0.3 | E106: =IF('02. Controlo'!$C64=0,0,-CHOOSE('02. Controlo'!$C64,'04-Aux. Projectos'!E$21,'04-Aux. Projectos'!E$38,'04-Aux. Projectos'!E$55,'04-Aux. Projectos'!E$72)) -> -0.73756667 | F106: =IF('02. Controlo'!$C64=0,0,-CHOOSE('02. Controlo'!$C64,'04-Aux. Projectos'!F$21,'04-Aux. Projectos'!F$38,'04-Aux. Projectos'!F$55,'04-Aux. Projectos'!F$72)) -> -1.1299264 | G106: =IF('02. Controlo'!$C64=0,0,-CHOOSE('02. Controlo'!$C64,'04-Aux. Projectos'!G$21,'04-Aux. Projectos'!G$38,'04-Aux. Projectos'!G$55,'04-Aux. Projectos'!G$72)) -> -1.2714183 | H106: =IF('02. Controlo'!$C64=0,0,-CHOOSE('02. Controlo'!$C64,'04-Aux. Projectos'!H$21,'04-Aux. Projectos'!H$38,'04-Aux. Projectos'!H$55,'04-Aux. Projectos'!H$72)) -> -1.6410816 | I106: =IF('02. Controlo'!$C64=0,0,-CHOOSE('02. Controlo'!$C64,'04-Aux. Projectos'!I$21,'04-Aux. Projectos'!I$38,'04-Aux. Projectos'!I$55,'04-Aux. Projectos'!I$72)) -> -1.8301706 | J106: =IF('02. Controlo'!$C64=0,0,-CHOOSE('02. Controlo'!$C64,'04-Aux. Projectos'!J$21,'04-Aux. Projectos'!J$38,'04-Aux. Projectos'!J$55,'04-Aux. Projectos'!J$72)) -> -2.0228652 | K106: =IF('02. Controlo'!$C64=0,0,-CHOOSE('02. Controlo'!$C64,'04-Aux. Projectos'!K$21,'04-Aux. Projectos'!K$38,'04-Aux. Projectos'!K$55,'04-Aux. Projectos'!K$72)) -> -2.2377624 | ... AG106: =IF('02. Controlo'!$C64=0,0,-CHOOSE('02. Controlo'!$C64,'04-Aux. Projectos'!AG$21,'04-Aux. Projectos'!AG$38,'04-Aux. Projectos'!AG$55,'04-Aux. Projectos'!AG$72)) -> 0
... B113: =+B112+1 -> 20 | D113: =IF('02. Controlo'!$C71=0,0,-CHOOSE('02. Controlo'!$C71,'04-Aux. Projectos'!D$21,'04-Aux. Projectos'!D$38,'04-Aux. Projectos'!D$55,'04-Aux. Projectos'!D$72)) -> 0 | E113: =IF('02. Controlo'!$C71=0,0,-CHOOSE('02. Controlo'!$C71,'04-Aux. Projectos'!E$21,'04-Aux. Projectos'!E$38,'04-Aux. Projectos'!E$55,'04-Aux. Projectos'!E$72)) -> 0 | F113: =IF('02. Controlo'!$C71=0,0,-CHOOSE('02. Controlo'!$C71,'04-Aux. Projectos'!F$21,'04-Aux. Projectos'!F$38,'04-Aux. Projectos'!F$55,'04-Aux. Projectos'!F$72)) -> 0 | G113: =IF('02. Controlo'!$C71=0,0,-CHOOSE('02. Controlo'!$C71,'04-Aux. Projectos'!G$21,'04-Aux. Projectos'!G$38,'04-Aux. Projectos'!G$55,'04-Aux. Projectos'!G$72)) -> 0 | H113: =IF('02. Controlo'!$C71=0,0,-CHOOSE('02. Controlo'!$C71,'04-Aux. Projectos'!H$21,'04-Aux. Projectos'!H$38,'04-Aux. Projectos'!H$55,'04-Aux. Projectos'!H$72)) -> 0 | I113: =IF('02. Controlo'!$C71=0,0,-CHOOSE('02. Controlo'!$C71,'04-Aux. Projectos'!I$21,'04-Aux. Projectos'!I$38,'04-Aux. Projectos'!I$55,'04-Aux. Projectos'!I$72)) -> 0 | J113: =IF('02. Controlo'!$C71=0,0,-CHOOSE('02. Controlo'!$C71,'04-Aux. Projectos'!J$21,'04-Aux. Projectos'!J$38,'04-Aux. Projectos'!J$55,'04-Aux. Projectos'!J$72)) -> 0 | K113: =IF('02. Controlo'!$C71=0,0,-CHOOSE('02. Controlo'!$C71,'04-Aux. Projectos'!K$21,'04-Aux. Projectos'!K$38,'04-Aux. Projectos'!K$55,'04-Aux. Projectos'!K$72)) -> 0 | ... AG113: =IF('02. Controlo'!$C71=0,0,-CHOOSE('02. Controlo'!$C71,'04-Aux. Projectos'!AG$21,'04-Aux. Projectos'!AG$38,'04-Aux. Projectos'!AG$55,'04-Aux. Projectos'!AG$72)) -> 0
B115: Desembolsos subsequentes por unidade monetária | D115: =+D7 -> 1 | E115: =+E7 -> 2 | F115: =+F7 -> 3 | G115: =+G7 -> 4 | H115: =+H7 -> 5 | I115: =+I7 -> 6 | J115: =+J7 -> 7 | K115: =+K7 -> 8 | ... AG115: =+AG7 -> 30
B116: 1 | D116: =+IF('02. Controlo'!$C55=0,0,CHOOSE('02. Controlo'!$C55,'04-Aux. Projectos'!D$11,'04-Aux. Projectos'!D$28,'04-Aux. Projectos'!D$45,'04-Aux. Projectos'!D$62)) -> -0.3 | E116: =+IF('02. Controlo'!$C55=0,0,CHOOSE('02. Controlo'!$C55,'04-Aux. Projectos'!E$11,'04-Aux. Projectos'!E$28,'04-Aux. Projectos'!E$45,'04-Aux. Projectos'!E$62)) -> -0.4 | F116: =+IF('02. Controlo'!$C55=0,0,CHOOSE('02. Controlo'!$C55,'04-Aux. Projectos'!F$11,'04-Aux. Projectos'!F$28,'04-Aux. Projectos'!F$45,'04-Aux. Projectos'!F$62)) -> -0.3 | G116: =+IF('02. Controlo'!$C55=0,0,CHOOSE('02. Controlo'!$C55,'04-Aux. Projectos'!G$11,'04-Aux. Projectos'!G$28,'04-Aux. Projectos'!G$45,'04-Aux. Projectos'!G$62)) -> 0 | H116: =+IF('02. Controlo'!$C55=0,0,CHOOSE('02. Controlo'!$C55,'04-Aux. Projectos'!H$11,'04-Aux. Projectos'!H$28,'04-Aux. Projectos'!H$45,'04-Aux. Projectos'!H$62)) -> 0 | I116: =+IF('02. Controlo'!$C55=0,0,CHOOSE('02. Controlo'!$C55,'04-Aux. Projectos'!I$11,'04-Aux. Projectos'!I$28,'04-Aux. Projectos'!I$45,'04-Aux. Projectos'!I$62)) -> 0 | J116: =+IF('02. Controlo'!$C55=0,0,CHOOSE('02. Controlo'!$C55,'04-Aux. Projectos'!J$11,'04-Aux. Projectos'!J$28,'04-Aux. Projectos'!J$45,'04-Aux. Projectos'!J$62)) -> 0 | K116: =+IF('02. Controlo'!$C55=0,0,CHOOSE('02. Controlo'!$C55,'04-Aux. Projectos'!K$11,'04-Aux. Projectos'!K$28,'04-Aux. Projectos'!K$45,'04-Aux. Projectos'!K$62)) -> 0 | ... AG116: =+IF('02. Controlo'!$C55=0,0,CHOOSE('02. Controlo'!$C55,'04-Aux. Projectos'!AG$11,'04-Aux. Projectos'!AG$28,'04-Aux. Projectos'!AG$45,'04-Aux. Projectos'!AG$62)) -> 0
B117: =+B116+1 -> 2 | D117: =+IF('02. Controlo'!$C56=0,0,CHOOSE('02. Controlo'!$C56,'04-Aux. Projectos'!D$11,'04-Aux. Projectos'!D$28,'04-Aux. Projectos'!D$45,'04-Aux. Projectos'!D$62)) -> -0.3 | E117: =+IF('02. Controlo'!$C56=0,0,CHOOSE('02. Controlo'!$C56,'04-Aux. Projectos'!E$11,'04-Aux. Projectos'!E$28,'04-Aux. Projectos'!E$45,'04-Aux. Projectos'!E$62)) -> -0.4 | F117: =+IF('02. Controlo'!$C56=0,0,CHOOSE('02. Controlo'!$C56,'04-Aux. Projectos'!F$11,'04-Aux. Projectos'!F$28,'04-Aux. Projectos'!F$45,'04-Aux. Projectos'!F$62)) -> -0.3 | G117: =+IF('02. Controlo'!$C56=0,0,CHOOSE('02. Controlo'!$C56,'04-Aux. Projectos'!G$11,'04-Aux. Projectos'!G$28,'04-Aux. Projectos'!G$45,'04-Aux. Projectos'!G$62)) -> 0 | H117: =+IF('02. Controlo'!$C56=0,0,CHOOSE('02. Controlo'!$C56,'04-Aux. Projectos'!H$11,'04-Aux. Projectos'!H$28,'04-Aux. Projectos'!H$45,'04-Aux. Projectos'!H$62)) -> 0 | I117: =+IF('02. Controlo'!$C56=0,0,CHOOSE('02. Controlo'!$C56,'04-Aux. Projectos'!I$11,'04-Aux. Projectos'!I$28,'04-Aux. Projectos'!I$45,'04-Aux. Projectos'!I$62)) -> 0 | J117: =+IF('02. Controlo'!$C56=0,0,CHOOSE('02. Controlo'!$C56,'04-Aux. Projectos'!J$11,'04-Aux. Projectos'!J$28,'04-Aux. Projectos'!J$45,'04-Aux. Projectos'!J$62)) -> 0 | K117: =+IF('02. Controlo'!$C56=0,0,CHOOSE('02. Controlo'!$C56,'04-Aux. Projectos'!K$11,'04-Aux. Projectos'!K$28,'04-Aux. Projectos'!K$45,'04-Aux. Projectos'!K$62)) -> 0 | ... AG117: =+IF('02. Controlo'!$C56=0,0,CHOOSE('02. Controlo'!$C56,'04-Aux. Projectos'!AG$11,'04-Aux. Projectos'!AG$28,'04-Aux. Projectos'!AG$45,'04-Aux. Projectos'!AG$62)) -> 0
B118: =+B117+1 -> 3 | D118: =+IF('02. Controlo'!$C57=0,0,CHOOSE('02. Controlo'!$C57,'04-Aux. Projectos'!D$11,'04-Aux. Projectos'!D$28,'04-Aux. Projectos'!D$45,'04-Aux. Projectos'!D$62)) -> -0.3 | E118: =+IF('02. Controlo'!$C57=0,0,CHOOSE('02. Controlo'!$C57,'04-Aux. Projectos'!E$11,'04-Aux. Projectos'!E$28,'04-Aux. Projectos'!E$45,'04-Aux. Projectos'!E$62)) -> -0.4 | F118: =+IF('02. Controlo'!$C57=0,0,CHOOSE('02. Controlo'!$C57,'04-Aux. Projectos'!F$11,'04-Aux. Projectos'!F$28,'04-Aux. Projectos'!F$45,'04-Aux. Projectos'!F$62)) -> -0.3 | G118: =+IF('02. Controlo'!$C57=0,0,CHOOSE('02. Controlo'!$C57,'04-Aux. Projectos'!G$11,'04-Aux. Projectos'!G$28,'04-Aux. Projectos'!G$45,'04-Aux. Projectos'!G$62)) -> 0 | H118: =+IF('02. Controlo'!$C57=0,0,CHOOSE('02. Controlo'!$C57,'04-Aux. Projectos'!H$11,'04-Aux. Projectos'!H$28,'04-Aux. Projectos'!H$45,'04-Aux. Projectos'!H$62)) -> 0 | I118: =+IF('02. Controlo'!$C57=0,0,CHOOSE('02. Controlo'!$C57,'04-Aux. Projectos'!I$11,'04-Aux. Projectos'!I$28,'04-Aux. Projectos'!I$45,'04-Aux. Projectos'!I$62)) -> 0 | J118: =+IF('02. Controlo'!$C57=0,0,CHOOSE('02. Controlo'!$C57,'04-Aux. Projectos'!J$11,'04-Aux. Projectos'!J$28,'04-Aux. Projectos'!J$45,'04-Aux. Projectos'!J$62)) -> 0 | K118: =+IF('02. Controlo'!$C57=0,0,CHOOSE('02. Controlo'!$C57,'04-Aux. Projectos'!K$11,'04-Aux. Projectos'!K$28,'04-Aux. Projectos'!K$45,'04-Aux. Projectos'!K$62)) -> 0 | ... AG118: =+IF('02. Controlo'!$C57=0,0,CHOOSE('02. Controlo'!$C57,'04-Aux. Projectos'!AG$11,'04-Aux. Projectos'!AG$28,'04-Aux. Projectos'!AG$45,'04-Aux. Projectos'!AG$62)) -> 0
B119: =+B118+1 -> 4 | D119: =+IF('02. Controlo'!$C58=0,0,CHOOSE('02. Controlo'!$C58,'04-Aux. Projectos'!D$11,'04-Aux. Projectos'!D$28,'04-Aux. Projectos'!D$45,'04-Aux. Projectos'!D$62)) -> -0.3 | E119: =+IF('02. Controlo'!$C58=0,0,CHOOSE('02. Controlo'!$C58,'04-Aux. Projectos'!E$11,'04-Aux. Projectos'!E$28,'04-Aux. Projectos'!E$45,'04-Aux. Projectos'!E$62)) -> -0.4 | F119: =+IF('02. Controlo'!$C58=0,0,CHOOSE('02. Controlo'!$C58,'04-Aux. Projectos'!F$11,'04-Aux. Projectos'!F$28,'04-Aux. Projectos'!F$45,'04-Aux. Projectos'!F$62)) -> -0.3 | G119: =+IF('02. Controlo'!$C58=0,0,CHOOSE('02. Controlo'!$C58,'04-Aux. Projectos'!G$11,'04-Aux. Projectos'!G$28,'04-Aux. Projectos'!G$45,'04-Aux. Projectos'!G$62)) -> 0 | H119: =+IF('02. Controlo'!$C58=0,0,CHOOSE('02. Controlo'!$C58,'04-Aux. Projectos'!H$11,'04-Aux. Projectos'!H$28,'04-Aux. Projectos'!H$45,'04-Aux. Projectos'!H$62)) -> 0 | I119: =+IF('02. Controlo'!$C58=0,0,CHOOSE('02. Controlo'!$C58,'04-Aux. Projectos'!I$11,'04-Aux. Projectos'!I$28,'04-Aux. Projectos'!I$45,'04-Aux. Projectos'!I$62)) -> 0 | J119: =+IF('02. Controlo'!$C58=0,0,CHOOSE('02. Controlo'!$C58,'04-Aux. Projectos'!J$11,'04-Aux. Projectos'!J$28,'04-Aux. Projectos'!J$45,'04-Aux. Projectos'!J$62)) -> 0 | K119: =+IF('02. Controlo'!$C58=0,0,CHOOSE('02. Controlo'!$C58,'04-Aux. Projectos'!K$11,'04-Aux. Projectos'!K$28,'04-Aux. Projectos'!K$45,'04-Aux. Projectos'!K$62)) -> 0 | ... AG119: =+IF('02. Controlo'!$C58=0,0,CHOOSE('02. Controlo'!$C58,'04-Aux. Projectos'!AG$11,'04-Aux. Projectos'!AG$28,'04-Aux. Projectos'!AG$45,'04-Aux. Projectos'!AG$62)) -> 0
B120: =+B119+1 -> 5 | D120: =+IF('02. Controlo'!$C59=0,0,CHOOSE('02. Controlo'!$C59,'04-Aux. Projectos'!D$11,'04-Aux. Projectos'!D$28,'04-Aux. Projectos'!D$45,'04-Aux. Projectos'!D$62)) -> -0.3 | E120: =+IF('02. Controlo'!$C59=0,0,CHOOSE('02. Controlo'!$C59,'04-Aux. Projectos'!E$11,'04-Aux. Projectos'!E$28,'04-Aux. Projectos'!E$45,'04-Aux. Projectos'!E$62)) -> -0.4 | F120: =+IF('02. Controlo'!$C59=0,0,CHOOSE('02. Controlo'!$C59,'04-Aux. Projectos'!F$11,'04-Aux. Projectos'!F$28,'04-Aux. Projectos'!F$45,'04-Aux. Projectos'!F$62)) -> -0.3 | G120: =+IF('02. Controlo'!$C59=0,0,CHOOSE('02. Controlo'!$C59,'04-Aux. Projectos'!G$11,'04-Aux. Projectos'!G$28,'04-Aux. Projectos'!G$45,'04-Aux. Projectos'!G$62)) -> 0 | H120: =+IF('02. Controlo'!$C59=0,0,CHOOSE('02. Controlo'!$C59,'04-Aux. Projectos'!H$11,'04-Aux. Projectos'!H$28,'04-Aux. Projectos'!H$45,'04-Aux. Projectos'!H$62)) -> 0 | I120: =+IF('02. Controlo'!$C59=0,0,CHOOSE('02. Controlo'!$C59,'04-Aux. Projectos'!I$11,'04-Aux. Projectos'!I$28,'04-Aux. Projectos'!I$45,'04-Aux. Projectos'!I$62)) -> 0 | J120: =+IF('02. Controlo'!$C59=0,0,CHOOSE('02. Controlo'!$C59,'04-Aux. Projectos'!J$11,'04-Aux. Projectos'!J$28,'04-Aux. Projectos'!J$45,'04-Aux. Projectos'!J$62)) -> 0 | K120: =+IF('02. Controlo'!$C59=0,0,CHOOSE('02. Controlo'!$C59,'04-Aux. Projectos'!K$11,'04-Aux. Projectos'!K$28,'04-Aux. Projectos'!K$45,'04-Aux. Projectos'!K$62)) -> 0 | ... AG120: =+IF('02. Controlo'!$C59=0,0,CHOOSE('02. Controlo'!$C59,'04-Aux. Projectos'!AG$11,'04-Aux. Projectos'!AG$28,'04-Aux. Projectos'!AG$45,'04-Aux. Projectos'!AG$62)) -> 0
B121: =+B120+1 -> 6 | D121: =+IF('02. Controlo'!$C60=0,0,CHOOSE('02. Controlo'!$C60,'04-Aux. Projectos'!D$11,'04-Aux. Projectos'!D$28,'04-Aux. Projectos'!D$45,'04-Aux. Projectos'!D$62)) -> -0.3 | E121: =+IF('02. Controlo'!$C60=0,0,CHOOSE('02. Controlo'!$C60,'04-Aux. Projectos'!E$11,'04-Aux. Projectos'!E$28,'04-Aux. Projectos'!E$45,'04-Aux. Projectos'!E$62)) -> -0.4 | F121: =+IF('02. Controlo'!$C60=0,0,CHOOSE('02. Controlo'!$C60,'04-Aux. Projectos'!F$11,'04-Aux. Projectos'!F$28,'04-Aux. Projectos'!F$45,'04-Aux. Projectos'!F$62)) -> -0.3 | G121: =+IF('02. Controlo'!$C60=0,0,CHOOSE('02. Controlo'!$C60,'04-Aux. Projectos'!G$11,'04-Aux. Projectos'!G$28,'04-Aux. Projectos'!G$45,'04-Aux. Projectos'!G$62)) -> 0 | H121: =+IF('02. Controlo'!$C60=0,0,CHOOSE('02. Controlo'!$C60,'04-Aux. Projectos'!H$11,'04-Aux. Projectos'!H$28,'04-Aux. Projectos'!H$45,'04-Aux. Projectos'!H$62)) -> 0 | I121: =+IF('02. Controlo'!$C60=0,0,CHOOSE('02. Controlo'!$C60,'04-Aux. Projectos'!I$11,'04-Aux. Projectos'!I$28,'04-Aux. Projectos'!I$45,'04-Aux. Projectos'!I$62)) -> 0 | J121: =+IF('02. Controlo'!$C60=0,0,CHOOSE('02. Controlo'!$C60,'04-Aux. Projectos'!J$11,'04-Aux. Projectos'!J$28,'04-Aux. Projectos'!J$45,'04-Aux. Projectos'!J$62)) -> 0 | K121: =+IF('02. Controlo'!$C60=0,0,CHOOSE('02. Controlo'!$C60,'04-Aux. Projectos'!K$11,'04-Aux. Projectos'!K$28,'04-Aux. Projectos'!K$45,'04-Aux. Projectos'!K$62)) -> 0 | ... AG121: =+IF('02. Controlo'!$C60=0,0,CHOOSE('02. Controlo'!$C60,'04-Aux. Projectos'!AG$11,'04-Aux. Projectos'!AG$28,'04-Aux. Projectos'!AG$45,'04-Aux. Projectos'!AG$62)) -> 0
B122: =+B121+1 -> 7 | D122: =+IF('02. Controlo'!$C61=0,0,CHOOSE('02. Controlo'!$C61,'04-Aux. Projectos'!D$11,'04-Aux. Projectos'!D$28,'04-Aux. Projectos'!D$45,'04-Aux. Projectos'!D$62)) -> -0.3 | E122: =+IF('02. Controlo'!$C61=0,0,CHOOSE('02. Controlo'!$C61,'04-Aux. Projectos'!E$11,'04-Aux. Projectos'!E$28,'04-Aux. Projectos'!E$45,'04-Aux. Projectos'!E$62)) -> -0.4 | F122: =+IF('02. Controlo'!$C61=0,0,CHOOSE('02. Controlo'!$C61,'04-Aux. Projectos'!F$11,'04-Aux. Projectos'!F$28,'04-Aux. Projectos'!F$45,'04-Aux. Projectos'!F$62)) -> -0.3 | G122: =+IF('02. Controlo'!$C61=0,0,CHOOSE('02. Controlo'!$C61,'04-Aux. Projectos'!G$11,'04-Aux. Projectos'!G$28,'04-Aux. Projectos'!G$45,'04-Aux. Projectos'!G$62)) -> 0 | H122: =+IF('02. Controlo'!$C61=0,0,CHOOSE('02. Controlo'!$C61,'04-Aux. Projectos'!H$11,'04-Aux. Projectos'!H$28,'04-Aux. Projectos'!H$45,'04-Aux. Projectos'!H$62)) -> 0 | I122: =+IF('02. Controlo'!$C61=0,0,CHOOSE('02. Controlo'!$C61,'04-Aux. Projectos'!I$11,'04-Aux. Projectos'!I$28,'04-Aux. Projectos'!I$45,'04-Aux. Projectos'!I$62)) -> 0 | J122: =+IF('02. Controlo'!$C61=0,0,CHOOSE('02. Controlo'!$C61,'04-Aux. Projectos'!J$11,'04-Aux. Projectos'!J$28,'04-Aux. Projectos'!J$45,'04-Aux. Projectos'!J$62)) -> 0 | K122: =+IF('02. Controlo'!$C61=0,0,CHOOSE('02. Controlo'!$C61,'04-Aux. Projectos'!K$11,'04-Aux. Projectos'!K$28,'04-Aux. Projectos'!K$45,'04-Aux. Projectos'!K$62)) -> 0 | ... AG122: =+IF('02. Controlo'!$C61=0,0,CHOOSE('02. Controlo'!$C61,'04-Aux. Projectos'!AG$11,'04-Aux. Projectos'!AG$28,'04-Aux. Projectos'!AG$45,'04-Aux. Projectos'!AG$62)) -> 0
B123: =+B122+1 -> 8 | D123: =+IF('02. Controlo'!$C62=0,0,CHOOSE('02. Controlo'!$C62,'04-Aux. Projectos'!D$11,'04-Aux. Projectos'!D$28,'04-Aux. Projectos'!D$45,'04-Aux. Projectos'!D$62)) -> -0.3 | E123: =+IF('02. Controlo'!$C62=0,0,CHOOSE('02. Controlo'!$C62,'04-Aux. Projectos'!E$11,'04-Aux. Projectos'!E$28,'04-Aux. Projectos'!E$45,'04-Aux. Projectos'!E$62)) -> -0.4 | F123: =+IF('02. Controlo'!$C62=0,0,CHOOSE('02. Controlo'!$C62,'04-Aux. Projectos'!F$11,'04-Aux. Projectos'!F$28,'04-Aux. Projectos'!F$45,'04-Aux. Projectos'!F$62)) -> -0.3 | G123: =+IF('02. Controlo'!$C62=0,0,CHOOSE('02. Controlo'!$C62,'04-Aux. Projectos'!G$11,'04-Aux. Projectos'!G$28,'04-Aux. Projectos'!G$45,'04-Aux. Projectos'!G$62)) -> 0 | H123: =+IF('02. Controlo'!$C62=0,0,CHOOSE('02. Controlo'!$C62,'04-Aux. Projectos'!H$11,'04-Aux. Projectos'!H$28,'04-Aux. Projectos'!H$45,'04-Aux. Projectos'!H$62)) -> 0 | I123: =+IF('02. Controlo'!$C62=0,0,CHOOSE('02. Controlo'!$C62,'04-Aux. Projectos'!I$11,'04-Aux. Projectos'!I$28,'04-Aux. Projectos'!I$45,'04-Aux. Projectos'!I$62)) -> 0 | J123: =+IF('02. Controlo'!$C62=0,0,CHOOSE('02. Controlo'!$C62,'04-Aux. Projectos'!J$11,'04-Aux. Projectos'!J$28,'04-Aux. Projectos'!J$45,'04-Aux. Projectos'!J$62)) -> 0 | K123: =+IF('02. Controlo'!$C62=0,0,CHOOSE('02. Controlo'!$C62,'04-Aux. Projectos'!K$11,'04-Aux. Projectos'!K$28,'04-Aux. Projectos'!K$45,'04-Aux. Projectos'!K$62)) -> 0 | ... AG123: =+IF('02. Controlo'!$C62=0,0,CHOOSE('02. Controlo'!$C62,'04-Aux. Projectos'!AG$11,'04-Aux. Projectos'!AG$28,'04-Aux. Projectos'!AG$45,'04-Aux. Projectos'!AG$62)) -> 0
B124: =+B123+1 -> 9 | D124: =+IF('02. Controlo'!$C63=0,0,CHOOSE('02. Controlo'!$C63,'04-Aux. Projectos'!D$11,'04-Aux. Projectos'!D$28,'04-Aux. Projectos'!D$45,'04-Aux. Projectos'!D$62)) -> -0.3 | E124: =+IF('02. Controlo'!$C63=0,0,CHOOSE('02. Controlo'!$C63,'04-Aux. Projectos'!E$11,'04-Aux. Projectos'!E$28,'04-Aux. Projectos'!E$45,'04-Aux. Projectos'!E$62)) -> -0.4 | F124: =+IF('02. Controlo'!$C63=0,0,CHOOSE('02. Controlo'!$C63,'04-Aux. Projectos'!F$11,'04-Aux. Projectos'!F$28,'04-Aux. Projectos'!F$45,'04-Aux. Projectos'!F$62)) -> -0.3 | G124: =+IF('02. Controlo'!$C63=0,0,CHOOSE('02. Controlo'!$C63,'04-Aux. Projectos'!G$11,'04-Aux. Projectos'!G$28,'04-Aux. Projectos'!G$45,'04-Aux. Projectos'!G$62)) -> 0 | H124: =+IF('02. Controlo'!$C63=0,0,CHOOSE('02. Controlo'!$C63,'04-Aux. Projectos'!H$11,'04-Aux. Projectos'!H$28,'04-Aux. Projectos'!H$45,'04-Aux. Projectos'!H$62)) -> 0 | I124: =+IF('02. Controlo'!$C63=0,0,CHOOSE('02. Controlo'!$C63,'04-Aux. Projectos'!I$11,'04-Aux. Projectos'!I$28,'04-Aux. Projectos'!I$45,'04-Aux. Projectos'!I$62)) -> 0 | J124: =+IF('02. Controlo'!$C63=0,0,CHOOSE('02. Controlo'!$C63,'04-Aux. Projectos'!J$11,'04-Aux. Projectos'!J$28,'04-Aux. Projectos'!J$45,'04-Aux. Projectos'!J$62)) -> 0 | K124: =+IF('02. Controlo'!$C63=0,0,CHOOSE('02. Controlo'!$C63,'04-Aux. Projectos'!K$11,'04-Aux. Projectos'!K$28,'04-Aux. Projectos'!K$45,'04-Aux. Projectos'!K$62)) -> 0 | ... AG124: =+IF('02. Controlo'!$C63=0,0,CHOOSE('02. Controlo'!$C63,'04-Aux. Projectos'!AG$11,'04-Aux. Projectos'!AG$28,'04-Aux. Projectos'!AG$45,'04-Aux. Projectos'!AG$62)) -> 0
B125: =+B124+1 -> 10 | D125: =+IF('02. Controlo'!$C64=0,0,CHOOSE('02. Controlo'!$C64,'04-Aux. Projectos'!D$11,'04-Aux. Projectos'!D$28,'04-Aux. Projectos'!D$45,'04-Aux. Projectos'!D$62)) -> -0.3 | E125: =+IF('02. Controlo'!$C64=0,0,CHOOSE('02. Controlo'!$C64,'04-Aux. Projectos'!E$11,'04-Aux. Projectos'!E$28,'04-Aux. Projectos'!E$45,'04-Aux. Projectos'!E$62)) -> -0.4 | F125: =+IF('02. Controlo'!$C64=0,0,CHOOSE('02. Controlo'!$C64,'04-Aux. Projectos'!F$11,'04-Aux. Projectos'!F$28,'04-Aux. Projectos'!F$45,'04-Aux. Projectos'!F$62)) -> -0.3 | G125: =+IF('02. Controlo'!$C64=0,0,CHOOSE('02. Controlo'!$C64,'04-Aux. Projectos'!G$11,'04-Aux. Projectos'!G$28,'04-Aux. Projectos'!G$45,'04-Aux. Projectos'!G$62)) -> 0 | H125: =+IF('02. Controlo'!$C64=0,0,CHOOSE('02. Controlo'!$C64,'04-Aux. Projectos'!H$11,'04-Aux. Projectos'!H$28,'04-Aux. Projectos'!H$45,'04-Aux. Projectos'!H$62)) -> 0 | I125: =+IF('02. Controlo'!$C64=0,0,CHOOSE('02. Controlo'!$C64,'04-Aux. Projectos'!I$11,'04-Aux. Projectos'!I$28,'04-Aux. Projectos'!I$45,'04-Aux. Projectos'!I$62)) -> 0 | J125: =+IF('02. Controlo'!$C64=0,0,CHOOSE('02. Controlo'!$C64,'04-Aux. Projectos'!J$11,'04-Aux. Projectos'!J$28,'04-Aux. Projectos'!J$45,'04-Aux. Projectos'!J$62)) -> 0 | K125: =+IF('02. Controlo'!$C64=0,0,CHOOSE('02. Controlo'!$C64,'04-Aux. Projectos'!K$11,'04-Aux. Projectos'!K$28,'04-Aux. Projectos'!K$45,'04-Aux. Projectos'!K$62)) -> 0 | ... AG125: =+IF('02. Controlo'!$C64=0,0,CHOOSE('02. Controlo'!$C64,'04-Aux. Projectos'!AG$11,'04-Aux. Projectos'!AG$28,'04-Aux. Projectos'!AG$45,'04-Aux. Projectos'!AG$62)) -> 0
B126: =+B125+1 -> 11 | D126: =+IF('02. Controlo'!$C65=0,0,CHOOSE('02. Controlo'!$C65,'04-Aux. Projectos'!D$11,'04-Aux. Projectos'!D$28,'04-Aux. Projectos'!D$45,'04-Aux. Projectos'!D$62)) -> -0.3 | E126: =+IF('02. Controlo'!$C65=0,0,CHOOSE('02. Controlo'!$C65,'04-Aux. Projectos'!E$11,'04-Aux. Projectos'!E$28,'04-Aux. Projectos'!E$45,'04-Aux. Projectos'!E$62)) -> -0.4 | F126: =+IF('02. Controlo'!$C65=0,0,CHOOSE('02. Controlo'!$C65,'04-Aux. Projectos'!F$11,'04-Aux. Projectos'!F$28,'04-Aux. Projectos'!F$45,'04-Aux. Projectos'!F$62)) -> -0.3 | G126: =+IF('02. Controlo'!$C65=0,0,CHOOSE('02. Controlo'!$C65,'04-Aux. Projectos'!G$11,'04-Aux. Projectos'!G$28,'04-Aux. Projectos'!G$45,'04-Aux. Projectos'!G$62)) -> 0 | H126: =+IF('02. Controlo'!$C65=0,0,CHOOSE('02. Controlo'!$C65,'04-Aux. Projectos'!H$11,'04-Aux. Projectos'!H$28,'04-Aux. Projectos'!H$45,'04-Aux. Projectos'!H$62)) -> 0 | I126: =+IF('02. Controlo'!$C65=0,0,CHOOSE('02. Controlo'!$C65,'04-Aux. Projectos'!I$11,'04-Aux. Projectos'!I$28,'04-Aux. Projectos'!I$45,'04-Aux. Projectos'!I$62)) -> 0 | J126: =+IF('02. Controlo'!$C65=0,0,CHOOSE('02. Controlo'!$C65,'04-Aux. Projectos'!J$11,'04-Aux. Projectos'!J$28,'04-Aux. Projectos'!J$45,'04-Aux. Projectos'!J$62)) -> 0 | K126: =+IF('02. Controlo'!$C65=0,0,CHOOSE('02. Controlo'!$C65,'04-Aux. Projectos'!K$11,'04-Aux. Projectos'!K$28,'04-Aux. Projectos'!K$45,'04-Aux. Projectos'!K$62)) -> 0 | ... AG126: =+IF('02. Controlo'!$C65=0,0,CHOOSE('02. Controlo'!$C65,'04-Aux. Projectos'!AG$11,'04-Aux. Projectos'!AG$28,'04-Aux. Projectos'!AG$45,'04-Aux. Projectos'!AG$62)) -> 0
B127: =+B126+1 -> 12 | D127: =+IF('02. Controlo'!$C66=0,0,CHOOSE('02. Controlo'!$C66,'04-Aux. Projectos'!D$11,'04-Aux. Projectos'!D$28,'04-Aux. Projectos'!D$45,'04-Aux. Projectos'!D$62)) -> 0 | E127: =+IF('02. Controlo'!$C66=0,0,CHOOSE('02. Controlo'!$C66,'04-Aux. Projectos'!E$11,'04-Aux. Projectos'!E$28,'04-Aux. Projectos'!E$45,'04-Aux. Projectos'!E$62)) -> 0 | F127: =+IF('02. Controlo'!$C66=0,0,CHOOSE('02. Controlo'!$C66,'04-Aux. Projectos'!F$11,'04-Aux. Projectos'!F$28,'04-Aux. Projectos'!F$45,'04-Aux. Projectos'!F$62)) -> 0 | G127: =+IF('02. Controlo'!$C66=0,0,CHOOSE('02. Controlo'!$C66,'04-Aux. Projectos'!G$11,'04-Aux. Projectos'!G$28,'04-Aux. Projectos'!G$45,'04-Aux. Projectos'!G$62)) -> 0 | H127: =+IF('02. Controlo'!$C66=0,0,CHOOSE('02. Controlo'!$C66,'04-Aux. Projectos'!H$11,'04-Aux. Projectos'!H$28,'04-Aux. Projectos'!H$45,'04-Aux. Projectos'!H$62)) -> 0 | I127: =+IF('02. Controlo'!$C66=0,0,CHOOSE('02. Controlo'!$C66,'04-Aux. Projectos'!I$11,'04-Aux. Projectos'!I$28,'04-Aux. Projectos'!I$45,'04-Aux. Projectos'!I$62)) -> 0 | J127: =+IF('02. Controlo'!$C66=0,0,CHOOSE('02. Controlo'!$C66,'04-Aux. Projectos'!J$11,'04-Aux. Projectos'!J$28,'04-Aux. Projectos'!J$45,'04-Aux. Projectos'!J$62)) -> 0 | K127: =+IF('02. Controlo'!$C66=0,0,CHOOSE('02. Controlo'!$C66,'04-Aux. Projectos'!K$11,'04-Aux. Projectos'!K$28,'04-Aux. Projectos'!K$45,'04-Aux. Projectos'!K$62)) -> 0 | ... AG127: =+IF('02. Controlo'!$C66=0,0,CHOOSE('02. Controlo'!$C66,'04-Aux. Projectos'!AG$11,'04-Aux. Projectos'!AG$28,'04-Aux. Projectos'!AG$45,'04-Aux. Projectos'!AG$62)) -> 0
B128: =+B127+1 -> 13 | D128: =+IF('02. Controlo'!$C67=0,0,CHOOSE('02. Controlo'!$C67,'04-Aux. Projectos'!D$11,'04-Aux. Projectos'!D$28,'04-Aux. Projectos'!D$45,'04-Aux. Projectos'!D$62)) -> 0 | E128: =+IF('02. Controlo'!$C67=0,0,CHOOSE('02. Controlo'!$C67,'04-Aux. Projectos'!E$11,'04-Aux. Projectos'!E$28,'04-Aux. Projectos'!E$45,'04-Aux. Projectos'!E$62)) -> 0 | F128: =+IF('02. Controlo'!$C67=0,0,CHOOSE('02. Controlo'!$C67,'04-Aux. Projectos'!F$11,'04-Aux. Projectos'!F$28,'04-Aux. Projectos'!F$45,'04-Aux. Projectos'!F$62)) -> 0 | G128: =+IF('02. Controlo'!$C67=0,0,CHOOSE('02. Controlo'!$C67,'04-Aux. Projectos'!G$11,'04-Aux. Projectos'!G$28,'04-Aux. Projectos'!G$45,'04-Aux. Projectos'!G$62)) -> 0 | H128: =+IF('02. Controlo'!$C67=0,0,CHOOSE('02. Controlo'!$C67,'04-Aux. Projectos'!H$11,'04-Aux. Projectos'!H$28,'04-Aux. Projectos'!H$45,'04-Aux. Projectos'!H$62)) -> 0 | I128: =+IF('02. Controlo'!$C67=0,0,CHOOSE('02. Controlo'!$C67,'04-Aux. Projectos'!I$11,'04-Aux. Projectos'!I$28,'04-Aux. Projectos'!I$45,'04-Aux. Projectos'!I$62)) -> 0 | J128: =+IF('02. Controlo'!$C67=0,0,CHOOSE('02. Controlo'!$C67,'04-Aux. Projectos'!J$11,'04-Aux. Projectos'!J$28,'04-Aux. Projectos'!J$45,'04-Aux. Projectos'!J$62)) -> 0 | K128: =+IF('02. Controlo'!$C67=0,0,CHOOSE('02. Controlo'!$C67,'04-Aux. Projectos'!K$11,'04-Aux. Projectos'!K$28,'04-Aux. Projectos'!K$45,'04-Aux. Projectos'!K$62)) -> 0 | ... AG128: =+IF('02. Controlo'!$C67=0,0,CHOOSE('02. Controlo'!$C67,'04-Aux. Projectos'!AG$11,'04-Aux. Projectos'!AG$28,'04-Aux. Projectos'!AG$45,'04-Aux. Projectos'!AG$62)) -> 0
... B133: =+B132+1 -> 18 | D133: =+IF('02. Controlo'!$C72=0,0,CHOOSE('02. Controlo'!$C72,'04-Aux. Projectos'!D$11,'04-Aux. Projectos'!D$28,'04-Aux. Projectos'!D$45,'04-Aux. Projectos'!D$62)) -> 0 | E133: =+IF('02. Controlo'!$C72=0,0,CHOOSE('02. Controlo'!$C72,'04-Aux. Projectos'!E$11,'04-Aux. Projectos'!E$28,'04-Aux. Projectos'!E$45,'04-Aux. Projectos'!E$62)) -> 0 | F133: =+IF('02. Controlo'!$C72=0,0,CHOOSE('02. Controlo'!$C72,'04-Aux. Projectos'!F$11,'04-Aux. Projectos'!F$28,'04-Aux. Projectos'!F$45,'04-Aux. Projectos'!F$62)) -> 0 | G133: =+IF('02. Controlo'!$C72=0,0,CHOOSE('02. Controlo'!$C72,'04-Aux. Projectos'!G$11,'04-Aux. Projectos'!G$28,'04-Aux. Projectos'!G$45,'04-Aux. Projectos'!G$62)) -> 0 | H133: =+IF('02. Controlo'!$C72=0,0,CHOOSE('02. Controlo'!$C72,'04-Aux. Projectos'!H$11,'04-Aux. Projectos'!H$28,'04-Aux. Projectos'!H$45,'04-Aux. Projectos'!H$62)) -> 0 | I133: =+IF('02. Controlo'!$C72=0,0,CHOOSE('02. Controlo'!$C72,'04-Aux. Projectos'!I$11,'04-Aux. Projectos'!I$28,'04-Aux. Projectos'!I$45,'04-Aux. Projectos'!I$62)) -> 0 | J133: =+IF('02. Controlo'!$C72=0,0,CHOOSE('02. Controlo'!$C72,'04-Aux. Projectos'!J$11,'04-Aux. Projectos'!J$28,'04-Aux. Projectos'!J$45,'04-Aux. Projectos'!J$62)) -> 0 | K133: =+IF('02. Controlo'!$C72=0,0,CHOOSE('02. Controlo'!$C72,'04-Aux. Projectos'!K$11,'04-Aux. Projectos'!K$28,'04-Aux. Projectos'!K$45,'04-Aux. Projectos'!K$62)) -> 0 | ... AG133: =+IF('02. Controlo'!$C72=0,0,CHOOSE('02. Controlo'!$C72,'04-Aux. Projectos'!AG$11,'04-Aux. Projectos'!AG$28,'04-Aux. Projectos'!AG$45,'04-Aux. Projectos'!AG$62)) -> 0
B134: =+B133+1 -> 19 | D134: =+IF('02. Controlo'!$C74=0,0,CHOOSE('02. Controlo'!$C74,'04-Aux. Projectos'!D$11,'04-Aux. Projectos'!D$28,'04-Aux. Projectos'!D$45,'04-Aux. Projectos'!D$62)) -> 0 | E134: =+IF('02. Controlo'!$C74=0,0,CHOOSE('02. Controlo'!$C74,'04-Aux. Projectos'!E$11,'04-Aux. Projectos'!E$28,'04-Aux. Projectos'!E$45,'04-Aux. Projectos'!E$62)) -> 0 | F134: =+IF('02. Controlo'!$C74=0,0,CHOOSE('02. Controlo'!$C74,'04-Aux. Projectos'!F$11,'04-Aux. Projectos'!F$28,'04-Aux. Projectos'!F$45,'04-Aux. Projectos'!F$62)) -> 0 | G134: =+IF('02. Controlo'!$C74=0,0,CHOOSE('02. Controlo'!$C74,'04-Aux. Projectos'!G$11,'04-Aux. Projectos'!G$28,'04-Aux. Projectos'!G$45,'04-Aux. Projectos'!G$62)) -> 0 | H134: =+IF('02. Controlo'!$C74=0,0,CHOOSE('02. Controlo'!$C74,'04-Aux. Projectos'!H$11,'04-Aux. Projectos'!H$28,'04-Aux. Projectos'!H$45,'04-Aux. Projectos'!H$62)) -> 0 | I134: =+IF('02. Controlo'!$C74=0,0,CHOOSE('02. Controlo'!$C74,'04-Aux. Projectos'!I$11,'04-Aux. Projectos'!I$28,'04-Aux. Projectos'!I$45,'04-Aux. Projectos'!I$62)) -> 0 | J134: =+IF('02. Controlo'!$C74=0,0,CHOOSE('02. Controlo'!$C74,'04-Aux. Projectos'!J$11,'04-Aux. Projectos'!J$28,'04-Aux. Projectos'!J$45,'04-Aux. Projectos'!J$62)) -> 0 | K134: =+IF('02. Controlo'!$C74=0,0,CHOOSE('02. Controlo'!$C74,'04-Aux. Projectos'!K$11,'04-Aux. Projectos'!K$28,'04-Aux. Projectos'!K$45,'04-Aux. Projectos'!K$62)) -> 0 | ... AG134: =+IF('02. Controlo'!$C74=0,0,CHOOSE('02. Controlo'!$C74,'04-Aux. Projectos'!AG$11,'04-Aux. Projectos'!AG$28,'04-Aux. Projectos'!AG$45,'04-Aux. Projectos'!AG$62)) -> 0
B135: =+B134+1 -> 20 | D135: =+IF('02. Controlo'!$C75=0,0,CHOOSE('02. Controlo'!$C75,'04-Aux. Projectos'!D$11,'04-Aux. Projectos'!D$28,'04-Aux. Projectos'!D$45,'04-Aux. Projectos'!D$62)) -> 0 | E135: =+IF('02. Controlo'!$C75=0,0,CHOOSE('02. Controlo'!$C75,'04-Aux. Projectos'!E$11,'04-Aux. Projectos'!E$28,'04-Aux. Projectos'!E$45,'04-Aux. Projectos'!E$62)) -> 0 | F135: =+IF('02. Controlo'!$C75=0,0,CHOOSE('02. Controlo'!$C75,'04-Aux. Projectos'!F$11,'04-Aux. Projectos'!F$28,'04-Aux. Projectos'!F$45,'04-Aux. Projectos'!F$62)) -> 0 | G135: =+IF('02. Controlo'!$C75=0,0,CHOOSE('02. Controlo'!$C75,'04-Aux. Projectos'!G$11,'04-Aux. Projectos'!G$28,'04-Aux. Projectos'!G$45,'04-Aux. Projectos'!G$62)) -> 0 | H135: =+IF('02. Controlo'!$C75=0,0,CHOOSE('02. Controlo'!$C75,'04-Aux. Projectos'!H$11,'04-Aux. Projectos'!H$28,'04-Aux. Projectos'!H$45,'04-Aux. Projectos'!H$62)) -> 0 | I135: =+IF('02. Controlo'!$C75=0,0,CHOOSE('02. Controlo'!$C75,'04-Aux. Projectos'!I$11,'04-Aux. Projectos'!I$28,'04-Aux. Projectos'!I$45,'04-Aux. Projectos'!I$62)) -> 0 | J135: =+IF('02. Controlo'!$C75=0,0,CHOOSE('02. Controlo'!$C75,'04-Aux. Projectos'!J$11,'04-Aux. Projectos'!J$28,'04-Aux. Projectos'!J$45,'04-Aux. Projectos'!J$62)) -> 0 | K135: =+IF('02. Controlo'!$C75=0,0,CHOOSE('02. Controlo'!$C75,'04-Aux. Projectos'!K$11,'04-Aux. Projectos'!K$28,'04-Aux. Projectos'!K$45,'04-Aux. Projectos'!K$62)) -> 0 | ... AG135: =+IF('02. Controlo'!$C75=0,0,CHOOSE('02. Controlo'!$C75,'04-Aux. Projectos'!AG$11,'04-Aux. Projectos'!AG$28,'04-Aux. Projectos'!AG$45,'04-Aux. Projectos'!AG$62)) -> 0
B137: Casf Flow de projecto | D137: =+D7 -> 1 | E137: =+E7 -> 2 | F137: =+F7 -> 3 | G137: =+G7 -> 4 | H137: =+H7 -> 5 | I137: =+I7 -> 6 | J137: =+J7 -> 7 | K137: =+K7 -> 8 | ... AG137: =+AG7 -> 30
B138: 1 | D138: =+IF(D$7<'02. Controlo'!$D52,0,IF(D$7='02. Controlo'!$D52,D94,D116))*'02. Controlo'!$F52 -> 0 | E138: =+IF(E$7<'02. Controlo'!$D52,0,IF(E$7='02. Controlo'!$D52,E94,E116))*'02. Controlo'!$F52 -> 0 | F138: =+IF(F$7<'02. Controlo'!$D52,0,IF(F$7='02. Controlo'!$D52,F94,F116))*'02. Controlo'!$F52 -> 0 | G138: =+IF(G$7<'02. Controlo'!$D52,0,IF(G$7='02. Controlo'!$D52,G94,G116))*'02. Controlo'!$F52 -> -63570.916 | H138: =+IF(H$7<'02. Controlo'!$D52,0,IF(H$7='02. Controlo'!$D52,H94,H116))*'02. Controlo'!$F52 -> 0 | I138: =+IF(I$7<'02. Controlo'!$D52,0,IF(I$7='02. Controlo'!$D52,I94,I116))*'02. Controlo'!$F52 -> 0 | J138: =+IF(J$7<'02. Controlo'!$D52,0,IF(J$7='02. Controlo'!$D52,J94,J116))*'02. Controlo'!$F52 -> 0 | K138: =+IF(K$7<'02. Controlo'!$D52,0,IF(K$7='02. Controlo'!$D52,K94,K116))*'02. Controlo'!$F52 -> 0 | ... AG138: =+IF(AG$7<'02. Controlo'!$D52,0,IF(AG$7='02. Controlo'!$D52,AG94,AG116))*'02. Controlo'!$F52 -> 0
B139: =+B138+1 -> 2 | D139: =+IF(D$7<'02. Controlo'!$D53,0,IF(D$7='02. Controlo'!$D53,D95,D117))*'02. Controlo'!$F53 -> 0 | E139: =+IF(E$7<'02. Controlo'!$D53,0,IF(E$7='02. Controlo'!$D53,E95,E117))*'02. Controlo'!$F53 -> -44254 | F139: =+IF(F$7<'02. Controlo'!$D53,0,IF(F$7='02. Controlo'!$D53,F95,F117))*'02. Controlo'!$F53 -> -18000 | G139: =+IF(G$7<'02. Controlo'!$D53,0,IF(G$7='02. Controlo'!$D53,G95,G117))*'02. Controlo'!$F53 -> 0 | H139: =+IF(H$7<'02. Controlo'!$D53,0,IF(H$7='02. Controlo'!$D53,H95,H117))*'02. Controlo'!$F53 -> 0 | I139: =+IF(I$7<'02. Controlo'!$D53,0,IF(I$7='02. Controlo'!$D53,I95,I117))*'02. Controlo'!$F53 -> 0 | J139: =+IF(J$7<'02. Controlo'!$D53,0,IF(J$7='02. Controlo'!$D53,J95,J117))*'02. Controlo'!$F53 -> 0 | K139: =+IF(K$7<'02. Controlo'!$D53,0,IF(K$7='02. Controlo'!$D53,K95,K117))*'02. Controlo'!$F53 -> 0 | ... AG139: =+IF(AG$7<'02. Controlo'!$D53,0,IF(AG$7='02. Controlo'!$D53,AG95,AG117))*'02. Controlo'!$F53 -> 0
B140: =+B139+1 -> 3 | D140: =+IF(D$7<'02. Controlo'!$D54,0,IF(D$7='02. Controlo'!$D54,D96,D118))*'02. Controlo'!$F54 -> -10500 | E140: =+IF(E$7<'02. Controlo'!$D54,0,IF(E$7='02. Controlo'!$D54,E96,E118))*'02. Controlo'!$F54 -> -14000 | F140: =+IF(F$7<'02. Controlo'!$D54,0,IF(F$7='02. Controlo'!$D54,F96,F118))*'02. Controlo'!$F54 -> -10500 | G140: =+IF(G$7<'02. Controlo'!$D54,0,IF(G$7='02. Controlo'!$D54,G96,G118))*'02. Controlo'!$F54 -> 0 | H140: =+IF(H$7<'02. Controlo'!$D54,0,IF(H$7='02. Controlo'!$D54,H96,H118))*'02. Controlo'!$F54 -> 0 | I140: =+IF(I$7<'02. Controlo'!$D54,0,IF(I$7='02. Controlo'!$D54,I96,I118))*'02. Controlo'!$F54 -> 0 | J140: =+IF(J$7<'02. Controlo'!$D54,0,IF(J$7='02. Controlo'!$D54,J96,J118))*'02. Controlo'!$F54 -> 0 | K140: =+IF(K$7<'02. Controlo'!$D54,0,IF(K$7='02. Controlo'!$D54,K96,K118))*'02. Controlo'!$F54 -> 0 | ... AG140: =+IF(AG$7<'02. Controlo'!$D54,0,IF(AG$7='02. Controlo'!$D54,AG96,AG118))*'02. Controlo'!$F54 -> 0
B141: =+B140+1 -> 4 | D141: =+IF(D$7<'02. Controlo'!$D55,0,IF(D$7='02. Controlo'!$D55,D97,D119))*'02. Controlo'!$F55 -> 0 | E141: =+IF(E$7<'02. Controlo'!$D55,0,IF(E$7='02. Controlo'!$D55,E97,E119))*'02. Controlo'!$F55 -> 0 | F141: =+IF(F$7<'02. Controlo'!$D55,0,IF(F$7='02. Controlo'!$D55,F97,F119))*'02. Controlo'!$F55 -> 0 | G141: =+IF(G$7<'02. Controlo'!$D55,0,IF(G$7='02. Controlo'!$D55,G97,G119))*'02. Controlo'!$F55 -> 0 | H141: =+IF(H$7<'02. Controlo'!$D55,0,IF(H$7='02. Controlo'!$D55,H97,H119))*'02. Controlo'!$F55 -> -50992.839 | I141: =+IF(I$7<'02. Controlo'!$D55,0,IF(I$7='02. Controlo'!$D55,I97,I119))*'02. Controlo'!$F55 -> 0 | J141: =+IF(J$7<'02. Controlo'!$D55,0,IF(J$7='02. Controlo'!$D55,J97,J119))*'02. Controlo'!$F55 -> 0 | K141: =+IF(K$7<'02. Controlo'!$D55,0,IF(K$7='02. Controlo'!$D55,K97,K119))*'02. Controlo'!$F55 -> 0 | ... AG141: =+IF(AG$7<'02. Controlo'!$D55,0,IF(AG$7='02. Controlo'!$D55,AG97,AG119))*'02. Controlo'!$F55 -> 0
B142: =+B141+1 -> 5 | D142: =+IF(D$7<'02. Controlo'!$D56,0,IF(D$7='02. Controlo'!$D56,D98,D120))*'02. Controlo'!$F56 -> 0 | E142: =+IF(E$7<'02. Controlo'!$D56,0,IF(E$7='02. Controlo'!$D56,E98,E120))*'02. Controlo'!$F56 -> -37246.467 | F142: =+IF(F$7<'02. Controlo'!$D56,0,IF(F$7='02. Controlo'!$D56,F98,F120))*'02. Controlo'!$F56 -> -15000 | G142: =+IF(G$7<'02. Controlo'!$D56,0,IF(G$7='02. Controlo'!$D56,G98,G120))*'02. Controlo'!$F56 -> 0 | H142: =+IF(H$7<'02. Controlo'!$D56,0,IF(H$7='02. Controlo'!$D56,H98,H120))*'02. Controlo'!$F56 -> 0 | I142: =+IF(I$7<'02. Controlo'!$D56,0,IF(I$7='02. Controlo'!$D56,I98,I120))*'02. Controlo'!$F56 -> 0 | J142: =+IF(J$7<'02. Controlo'!$D56,0,IF(J$7='02. Controlo'!$D56,J98,J120))*'02. Controlo'!$F56 -> 0 | K142: =+IF(K$7<'02. Controlo'!$D56,0,IF(K$7='02. Controlo'!$D56,K98,K120))*'02. Controlo'!$F56 -> 0 | ... AG142: =+IF(AG$7<'02. Controlo'!$D56,0,IF(AG$7='02. Controlo'!$D56,AG98,AG120))*'02. Controlo'!$F56 -> 0
B143: =+B142+1 -> 6 | D143: =+IF(D$7<'02. Controlo'!$D57,0,IF(D$7='02. Controlo'!$D57,D99,D121))*'02. Controlo'!$F57 -> -13500 | E143: =+IF(E$7<'02. Controlo'!$D57,0,IF(E$7='02. Controlo'!$D57,E99,E121))*'02. Controlo'!$F57 -> -18000 | F143: =+IF(F$7<'02. Controlo'!$D57,0,IF(F$7='02. Controlo'!$D57,F99,F121))*'02. Controlo'!$F57 -> -13500 | G143: =+IF(G$7<'02. Controlo'!$D57,0,IF(G$7='02. Controlo'!$D57,G99,G121))*'02. Controlo'!$F57 -> 0 | H143: =+IF(H$7<'02. Controlo'!$D57,0,IF(H$7='02. Controlo'!$D57,H99,H121))*'02. Controlo'!$F57 -> 0 | I143: =+IF(I$7<'02. Controlo'!$D57,0,IF(I$7='02. Controlo'!$D57,I99,I121))*'02. Controlo'!$F57 -> 0 | J143: =+IF(J$7<'02. Controlo'!$D57,0,IF(J$7='02. Controlo'!$D57,J99,J121))*'02. Controlo'!$F57 -> 0 | K143: =+IF(K$7<'02. Controlo'!$D57,0,IF(K$7='02. Controlo'!$D57,K99,K121))*'02. Controlo'!$F57 -> 0 | ... AG143: =+IF(AG$7<'02. Controlo'!$D57,0,IF(AG$7='02. Controlo'!$D57,AG99,AG121))*'02. Controlo'!$F57 -> 0
B144: =+B143+1 -> 7 | D144: =+IF(D$7<'02. Controlo'!$D58,0,IF(D$7='02. Controlo'!$D58,D100,D122))*'02. Controlo'!$F58 -> -9000 | E144: =+IF(E$7<'02. Controlo'!$D58,0,IF(E$7='02. Controlo'!$D58,E100,E122))*'02. Controlo'!$F58 -> -12000 | F144: =+IF(F$7<'02. Controlo'!$D58,0,IF(F$7='02. Controlo'!$D58,F100,F122))*'02. Controlo'!$F58 -> -9000 | G144: =+IF(G$7<'02. Controlo'!$D58,0,IF(G$7='02. Controlo'!$D58,G100,G122))*'02. Controlo'!$F58 -> 0 | H144: =+IF(H$7<'02. Controlo'!$D58,0,IF(H$7='02. Controlo'!$D58,H100,H122))*'02. Controlo'!$F58 -> 0 | I144: =+IF(I$7<'02. Controlo'!$D58,0,IF(I$7='02. Controlo'!$D58,I100,I122))*'02. Controlo'!$F58 -> 0 | J144: =+IF(J$7<'02. Controlo'!$D58,0,IF(J$7='02. Controlo'!$D58,J100,J122))*'02. Controlo'!$F58 -> 0 | K144: =+IF(K$7<'02. Controlo'!$D58,0,IF(K$7='02. Controlo'!$D58,K100,K122))*'02. Controlo'!$F58 -> 0 | ... AG144: =+IF(AG$7<'02. Controlo'!$D58,0,IF(AG$7='02. Controlo'!$D58,AG100,AG122))*'02. Controlo'!$F58 -> 0
B145: =+B144+1 -> 8 | D145: =+IF(D$7<'02. Controlo'!$D59,0,IF(D$7='02. Controlo'!$D59,D101,D123))*'02. Controlo'!$F59 -> 0 | E145: =+IF(E$7<'02. Controlo'!$D59,0,IF(E$7='02. Controlo'!$D59,E101,E123))*'02. Controlo'!$F59 -> 0 | F145: =+IF(F$7<'02. Controlo'!$D59,0,IF(F$7='02. Controlo'!$D59,F101,F123))*'02. Controlo'!$F59 -> 0 | G145: =+IF(G$7<'02. Controlo'!$D59,0,IF(G$7='02. Controlo'!$D59,G101,G123))*'02. Controlo'!$F59 -> 0 | H145: =+IF(H$7<'02. Controlo'!$D59,0,IF(H$7='02. Controlo'!$D59,H101,H123))*'02. Controlo'!$F59 -> 0 | I145: =+IF(I$7<'02. Controlo'!$D59,0,IF(I$7='02. Controlo'!$D59,I101,I123))*'02. Controlo'!$F59 -> 0 | J145: =+IF(J$7<'02. Controlo'!$D59,0,IF(J$7='02. Controlo'!$D59,J101,J123))*'02. Controlo'!$F59 -> 0 | K145: =+IF(K$7<'02. Controlo'!$D59,0,IF(K$7='02. Controlo'!$D59,K101,K123))*'02. Controlo'!$F59 -> -125720.78 | ... AG145: =+IF(AG$7<'02. Controlo'!$D59,0,IF(AG$7='02. Controlo'!$D59,AG101,AG123))*'02. Controlo'!$F59 -> 0
B146: =+B145+1 -> 9 | D146: =+IF(D$7<'02. Controlo'!$D60,0,IF(D$7='02. Controlo'!$D60,D102,D124))*'02. Controlo'!$F60 -> 0 | E146: =+IF(E$7<'02. Controlo'!$D60,0,IF(E$7='02. Controlo'!$D60,E102,E124))*'02. Controlo'!$F60 -> 0 | F146: =+IF(F$7<'02. Controlo'!$D60,0,IF(F$7='02. Controlo'!$D60,F102,F124))*'02. Controlo'!$F60 -> 0 | G146: =+IF(G$7<'02. Controlo'!$D60,0,IF(G$7='02. Controlo'!$D60,G102,G124))*'02. Controlo'!$F60 -> 0 | H146: =+IF(H$7<'02. Controlo'!$D60,0,IF(H$7='02. Controlo'!$D60,H102,H124))*'02. Controlo'!$F60 -> 0 | I146: =+IF(I$7<'02. Controlo'!$D60,0,IF(I$7='02. Controlo'!$D60,I102,I124))*'02. Controlo'!$F60 -> 0 | J146: =+IF(J$7<'02. Controlo'!$D60,0,IF(J$7='02. Controlo'!$D60,J102,J124))*'02. Controlo'!$F60 -> 0 | K146: =+IF(K$7<'02. Controlo'!$D60,0,IF(K$7='02. Controlo'!$D60,K102,K124))*'02. Controlo'!$F60 -> -150864.93 | ... AG146: =+IF(AG$7<'02. Controlo'!$D60,0,IF(AG$7='02. Controlo'!$D60,AG102,AG124))*'02. Controlo'!$F60 -> 0
B147: =+B146+1 -> 10 | D147: =+IF(D$7<'02. Controlo'!$D61,0,IF(D$7='02. Controlo'!$D61,D103,D125))*'02. Controlo'!$F61 -> 0 | E147: =+IF(E$7<'02. Controlo'!$D61,0,IF(E$7='02. Controlo'!$D61,E103,E125))*'02. Controlo'!$F61 -> 0 | F147: =+IF(F$7<'02. Controlo'!$D61,0,IF(F$7='02. Controlo'!$D61,F103,F125))*'02. Controlo'!$F61 -> 0 | G147: =+IF(G$7<'02. Controlo'!$D61,0,IF(G$7='02. Controlo'!$D61,G103,G125))*'02. Controlo'!$F61 -> 0 | H147: =+IF(H$7<'02. Controlo'!$D61,0,IF(H$7='02. Controlo'!$D61,H103,H125))*'02. Controlo'!$F61 -> 0 | I147: =+IF(I$7<'02. Controlo'!$D61,0,IF(I$7='02. Controlo'!$D61,I103,I125))*'02. Controlo'!$F61 -> 0 | J147: =+IF(J$7<'02. Controlo'!$D61,0,IF(J$7='02. Controlo'!$D61,J103,J125))*'02. Controlo'!$F61 -> 0 | K147: =+IF(K$7<'02. Controlo'!$D61,0,IF(K$7='02. Controlo'!$D61,K103,K125))*'02. Controlo'!$F61 -> 0 | ... AG147: =+IF(AG$7<'02. Controlo'!$D61,0,IF(AG$7='02. Controlo'!$D61,AG103,AG125))*'02. Controlo'!$F61 -> 0
...
